Workbook
Name AC_ARR: #REF!
Name AC_ARR: #REF!
Name AC_ARR: #REF!
Name bi_rate_wd: #REF!
Name bi_rate_wd: #REF!
Name bi_rate_wd: #REF!
Name bi_rate_we: #REF!
Name bi_rate_we: #REF!
Name bi_rate_we: #REF!
Name bi_ratio_wd: #REF!
Name bi_ratio_wd: #REF!
Name bi_ratio_wd: #REF!
Name bi_ratio_we: #REF!
Name bi_ratio_we: #REF!
Name bi_ratio_we: #REF!
Name BI_WD: #REF!
Name BI_WD: #REF!
Name BI_WD: #REF!
Name BI_WE: #REF!
Name BI_WE: #REF!
Name BI_WE: #REF!
Name Decimals: [2]Setup!$B$6
Name inventory: #REF!
Name inventory: #REF!
Name inventory: #REF!
Name Li_rate_wD: #REF!
Name Li_rate_wD: #REF!
Name Li_rate_wD: #REF!
Name li_rate_we: #REF!
Name li_rate_we: #REF!
Name li_rate_we: #REF!
Name num_pax: #REF!
Name num_pax: #REF!
Name num_pax: #REF!
Name rate_wd: #REF!
Name rate_wd: #REF!
Name rate_wd: #REF!
Name rate_we: #REF!
Name rate_we: #REF!
Name rate_we: #REF!

Sheet Sheet1
AB3: JHC : 06/04/2018
D4: Code Hôtel : A5T2 | H4: Nom Hôtel : Hotel Mercure Paris Gennevilliers (F) | U4: Devise : EURO
AB6: Utilisateur : HA5T2AT
C7: Code ERP : 81866.HA5T2 | H7: Marque : Mercure
K11: Analyse des ventes par produit (hors taxe)
I14: Journée du 05/04/2018 | M14: Cumul mois | Q14: Cumul Année | W14: Cumul mois Année-1 | AD14: Cumul Année-1
B15: Produit | I15: CA | J15: Qte | L15: PM | M15: CA | N15: Qte | O15: PM | Q15: CA | R15: Qte | S15: PM | W15: CA | Y15: Qte | AC15: PM | AD15: CA | AE15: Qte | AG15: PM
B16: Hébergement
B17: Chambres
B18: D2C - Chambre 2 lits double | M18: 669.44 | N18: 9 | O18: 74.38 | Q18: 669.44 | R18: 9 | S18: 74.38
B19: DBB - Chambre Privilège lit double | I19: 356.12 | J19: 6 | L19: 59.35 | M19: 3321.7 | N19: 38 | O19: 87.41 | Q19: 3448.98 | R19: 40 | S19: 86.22
B20: DBC - Chambre Double | I20: 1108.69 | J20: 17 | L20: 65.22 | M20: 5180.01 | N20: 68 | O20: 76.18 | Q20: 5459.19 | R20: 72 | S20: 75.82
B21: DSC - Chambre 1 lit Double et 1 lit simple | I21: 211.46 | J21: 2 | L21: 105.73 | M21: 755.1 | N21: 9 | O21: 83.9 | Q21: 871.46 | R21: 10 | S21: 87.15
B22: SAD - Jr Suite 1 Db bec + Sofa | I22: 99.68 | J22: 1 | L22: 99.68 | M22: 515.4 | N22: 5 | O22: 103.08 | Q22: 515.4 | R22: 5 | S22: 103.08
B23: TWC - Chambre 2 lits simples | I23: 1137.45 | J23: 20 | L23: 56.87 | M23: 2722.99 | N23: 48 | O23: 56.73 | Q23: 2722.99 | R23: 48 | S23: 56.73
B24: Total Chambres | I24: 2913.4 | J24: 46 | L24: 63.334783 | M24: 13164.64 | N24: 177 | O24: 74.376497 | Q24: 13687.46 | R24: 184 | S24: 74.38837 | AC24: 0 | AG24: 0
B25: Autre CA
B26: APN - Supplément animal | M26: 9.09 | O26: 9.09 | Q26: 9.09 | S26: 9.09
B27: ARE - Régul Chambre | M27: -44.55 | Q27: -44.55
B28: Total Autre CA | L28: 0 | M28: -35.46 | O28: 0 | Q28: -35.46 | S28: 0 | AC28: 0 | AG28: 0
B29: Total Hébergement | I29: 2913.4 | J29: 46 | L29: 63.334783 | M29: 13129.18 | N29: 177 | O29: 74.176158 | Q29: 13652 | R29: 184 | S29: 74.195652 | AC29: 0 | AG29: 0
B30: Petits Déjeuners
B31: PDJ Restaurant 1
B32: PDJ - Petit Déjeuner | I32: 208.61 | J32: 20 | L32: 10.43 | M32: 664.48 | N32: 61 | O32: 10.89 | Q32: 710.84 | R32: 65 | S32: 10.94
B33: PDG - Petit Déjeuner Groupe | I33: 305.46 | J33: 56 | L33: 5.45 | M33: 490.91 | N33: 90 | O33: 5.45 | Q33: 490.91 | R33: 90 | S33: 5.45
B34: Total PDJ Restaurant 1 | I34: 514.07 | J34: 76 | L34: 6.7640789 | M34: 1155.39 | N34: 151 | O34: 7.6515894 | Q34: 1201.75 | R34: 155 | S34: 7.7532258 | AC34: 0 | AG34: 0
B35: Total Petits Déjeuners | I35: 514.07 | J35: 76 | L35: 6.7640789 | M35: 1155.39 | N35: 151 | O35: 7.6515894 | Q35: 1201.75 | R35: 155 | S35: 7.7532258 | AC35: 0 | AG35: 0
B36: Restaurants et Banquets
B37: Restaurant 1 Midi
B38: RMX - Restaurant Midi [N] | I38: 285.18 | J38: 9 | L38: 31.69 | M38: 804.08 | N38: 42 | O38: 19.14 | Q38: 804.08 | R38: 42 | S38: 19.14
B39: RMXA - Restaurant Midi [BA] | I39: 20.17 | M39: 106.68 | Q39: 106.68
B40: RMXB - Restaurant Midi [BS] | I40: 20 | M40: 55.45 | Q40: 55.45
B41: Total Restaurant 1 Midi | I41: 325.35 | J41: 9 | L41: 36.15 | M41: 966.21 | N41: 42 | O41: 23.005 | Q41: 966.21 | R41: 42 | S41: 23.005 | AC41: 0 | AG41: 0
B42: Restaurant 1 Soir
B43: RSH - Restaurant Soir [N] | I43: 186.91 | J43: 9 | L43: 20.77 | M43: 1222.52 | N43: 59 | O43: 20.72 | Q43: 1222.52 | R43: 59 | S43: 20.72
B44: RS1 - Restaurant Soir
B45: RSHA - Restaurant Soir [BA] | I45: 107.25 | M45: 357.42 | Q45: 357.42
B46: RSHB - Restaurant Soir [BS] | I46: 20 | M46: 68.19 | Q46: 68.19
B47: Total Restaurant 1 Soir | I47: 314.16 | J47: 9 | L47: 34.906667 | M47: 1648.13 | N47: 59 | O47: 27.934407 | Q47: 1648.13 | R47: 59 | S47: 27.934407 | AC47: 0 | AG47: 0
B48: Room Service Midi
B49: ROSE - Room Service [N]
B50: ROSB - Room Service [BS]
B51: ROSA - Room Service [BA]
B52: Total Room Service Midi | L52: 0 | O52: 0 | S52: 0 | AC52: 0 | AG52: 0
B53: Banquet Midi
B54: RJE - Journée Etude [N]
B55: RJEA - Journée Etude [BA]
B56: RJEB - Journée Etude [BS]
B57: RSU - Sur Mersure [N]
B58: RSUA - Sur Mersure [BA]
B59: RSUB - Sur Mersure [BS]
B60: Total Banquet Midi | L60: 0 | O60: 0 | S60: 0 | AC60: 0 | AG60: 0
B61: Banquet Soir
B62: RLC - Cocktail [N] | I62: 136.36 | J62: 20 | L62: 6.82 | M62: 136.36 | N62: 20 | O62: 6.82 | Q62: 136.36 | R62: 20 | S62: 6.82
B63: RLCA - Cocktail [BA] | I63: 375 | M63: 375 | Q63: 375
B64: RLCB - Cocktail [BS]
B65: RSS - Séminaire Résidentiel [N]
B66: RSSB - Séminaire Résidentiel [BS]
B67: RSSA - Séminaire Résidentiel [BA]
B68: GTS - Groupe Loisir [N]
B69: GTSA - Groupe Loisir [BA]
B70: GTSB - Groupe Loisir [BS]
B71: Total Banquet Soir | I71: 511.36 | J71: 20 | L71: 25.568 | M71: 511.36 | N71: 20 | O71: 25.568 | Q71: 511.36 | R71: 20 | S71: 25.568 | AC71: 0 | AG71: 0
B72: Banquet Cocktail
B73: RPA - Pause [N]
B74: Total Banquet Cocktail | L74: 0 | O74: 0 | S74: 0 | AC74: 0 | AG74: 0
B75: Total Restaurants et Banquets | I75: 1150.87 | J75: 38 | L75: 30.286053 | M75: 3125.7 | N75: 121 | O75: 25.832231 | Q75: 3125.7 | R75: 121 | S75: 25.832231 | AC75: 0 | AG75: 0
B76: Bar
B77: Bar 1 Soir
B78: BS - Bar Soir [N] | I78: 12.55 | M78: 22.55 | Q78: 22.55
B79: BSOA - Bar Soir [BA] | M79: 21.67 | Q79: 21.67
B80: BSOB - Bar Soir [BS]
B81: Total Bar 1 Soir | I81: 12.55 | L81: 0 | M81: 44.22 | O81: 0 | Q81: 44.22 | S81: 0 | AC81: 0 | AG81: 0
B82: Total Bar | I82: 12.55 | L82: 0 | M82: 44.22 | O82: 0 | Q82: 44.22 | S82: 0 | AC82: 0 | AG82: 0
B83: Location de Salle
B84: Location de Salle
B85: LOS - Location salle | I85: 166.67 | M85: 250 | Q85: 250
B86: Total Location de Salle | I86: 166.67 | L86: 0 | M86: 250 | O86: 0 | Q86: 250 | S86: 0 | AC86: 0 | AG86: 0
B87: Total Location de Salle | I87: 166.67 | L87: 0 | M87: 250 | O87: 0 | Q87: 250 | S87: 0 | AC87: 0 | AG87: 0
B88: Ventes Diverses
B89: Divers Autres
B90: AFF - Affranchissement
B91: BAG - Bagages
B92: Total Divers Autres | L92: 0 | O92: 0 | S92: 0 | AC92: 0 | AG92: 0
B93: Boutique
B94: BOU - Boutique [20%]
B95: BOUR - Boutique [10%]
B96: Total Boutique | L96: 0 | O96: 0 | S96: 0 | AC96: 0 | AG96: 0
B97: Total Ventes Diverses | L97: 0 | O97: 0 | S97: 0 | AC97: 0 | AG97: 0
B98: Hors C.A.
B99: Taxes
B100: TXS - Taxe de Séjour | I100: 108 | J100: 72 | L100: 1.5 | M100: 402 | N100: 268 | O100: 1.5 | Q100: 418.5 | R100: 279 | S100: 1.5
B101: TPT - Taxe Départementale | I101: 10.8 | M101: 40.2 | Q101: 41.85
B102: Total Taxes | I102: 118.8 | J102: 72 | L102: 1.65 | M102: 442.2 | N102: 268 | O102: 1.65 | Q102: 460.35 | R102: 279 | S102: 1.65 | AC102: 0 | AG102: 0
B103: Total Hors C.A. | I103: 118.8 | J103: 72 | L103: 1.65 | M103: 442.2 | N103: 268 | O103: 1.65 | Q103: 460.35 | R103: 279 | S103: 1.65 | AC103: 0 | AG103: 0
B104: Total | I104: 4876.36 | J104: 232 | M104: 18146.69 | N104: 717 | Q104: 18734.02 | R104: 739

Sheet Hébergement
H1: MANAGER FLASH | N1: RESERVATION STATISTIC / RATE CATEGORY
D2: BUDGET | H2: REEL
C4: Date | D4: PM TTC | E4: PM HT | F4: TO | G4: Nombre de chambre louées | H4: CA TOTAL HEBERGEMENT TTC | I4: CA TOTAL HEBERGEMENT HT | J4: PM HT | K4: TO | L4: PM TTC | M4: Nombre de chambre louées | N4: =+[1]Données!F32 -> 0 | O4: =+[1]Données!F33 -> 0 | P4: =+[1]Données!F34 -> 0 | Q4: =+[1]Données!F35 -> 0 | R4: =+[1]Données!F36 -> 0 | S4: =+[1]Données!F37 -> 0 | T4: Ok ? | U4: CA Heb HT Cumul
A6: =IF(MONTH(C6)=MONTH(TODAY()),1,0) -> 0 | B6: =IF(A6=0,0,IF(C6<TODAY(),MONTH($C6),0)) -> 0 | C6: =DATE([1]Données!H8,1,1) -> 43101 | D6: =VLOOKUP($C6,'[1]Résumé date'!$D$8:$H$387,'[1]Résumé date'!E$6,FALSE) -> 0 | E6: =VLOOKUP($C6,'[1]Résumé date'!$D$8:$H$387,'[1]Résumé date'!F$6,FALSE) -> 0 | F6: =VLOOKUP($C6,'[1]Résumé date'!$D$8:$H$387,'[1]Résumé date'!G$6,FALSE) -> 0 | G6: =VLOOKUP($C6,'[1]Résumé date'!$D$8:$H$387,'[1]Résumé date'!H$6,FALSE) -> 0 | I6: =(H6)/1.1 -> 0 | J6: =L6*(1+[1]Données!$K$15) -> 0 | K6: =+M6/[1]Données!$H$14 -> 0 | T6: =IF(M6=0,"",+IF(SUM(N6:S6)=M6,"OK","ATTENTION")) | U6: =SUM($H$6:H6) -> 0
A7: =IF(MONTH(C7)=MONTH(TODAY()),1,0) -> 0 | B7: =IF(A7=0,0,IF(C7<TODAY(),MONTH($C7),0)) -> 0 | C7: =C6+1 -> 43102 | D7: =VLOOKUP($C7,'[1]Résumé date'!$D$8:$H$387,'[1]Résumé date'!E$6,FALSE) -> 0 | E7: =VLOOKUP($C7,'[1]Résumé date'!$D$8:$H$387,'[1]Résumé date'!F$6,FALSE) -> 0 | F7: =VLOOKUP($C7,'[1]Résumé date'!$D$8:$H$387,'[1]Résumé date'!G$6,FALSE) -> 0 | G7: =VLOOKUP($C7,'[1]Résumé date'!$D$8:$H$387,'[1]Résumé date'!H$6,FALSE) -> 0 | I7: =(H7)/1.1 -> 0 | J7: =L7*(1+[1]Données!$K$15) -> 0 | K7: =+M7/[1]Données!$H$14 -> 0 | T7: =IF(M7=0,"",+IF(SUM(N7:S7)=M7,"OK","ATTENTION")) | U7: =SUM($H$6:H7) -> 0
A8: =IF(MONTH(C8)=MONTH(TODAY()),1,0) -> 0 | B8: =IF(A8=0,0,IF(C8<TODAY(),MONTH($C8),0)) -> 0 | C8: =C7+1 -> 43103 | D8: =VLOOKUP($C8,'[1]Résumé date'!$D$8:$H$387,'[1]Résumé date'!E$6,FALSE) -> 0 | E8: =VLOOKUP($C8,'[1]Résumé date'!$D$8:$H$387,'[1]Résumé date'!F$6,FALSE) -> 0 | F8: =VLOOKUP($C8,'[1]Résumé date'!$D$8:$H$387,'[1]Résumé date'!G$6,FALSE) -> 0 | G8: =VLOOKUP($C8,'[1]Résumé date'!$D$8:$H$387,'[1]Résumé date'!H$6,FALSE) -> 0 | I8: =(H8)/1.1 -> 0 | J8: =L8*(1+[1]Données!$K$15) -> 0 | K8: =+M8/[1]Données!$H$14 -> 0 | T8: =IF(M8=0,"",+IF(SUM(N8:S8)=M8,"OK","ATTENTION")) | U8: =SUM($H$6:H8) -> 0
A9: =IF(MONTH(C9)=MONTH(TODAY()),1,0) -> 0 | B9: =IF(A9=0,0,IF(C9<TODAY(),MONTH($C9),0)) -> 0 | C9: =C8+1 -> 43104 | D9: =VLOOKUP($C9,'[1]Résumé date'!$D$8:$H$387,'[1]Résumé date'!E$6,FALSE) -> 0 | E9: =VLOOKUP($C9,'[1]Résumé date'!$D$8:$H$387,'[1]Résumé date'!F$6,FALSE) -> 0 | F9: =VLOOKUP($C9,'[1]Résumé date'!$D$8:$H$387,'[1]Résumé date'!G$6,FALSE) -> 0 | G9: =VLOOKUP($C9,'[1]Résumé date'!$D$8:$H$387,'[1]Résumé date'!H$6,FALSE) -> 0 | I9: =(H9)/1.1 -> 0 | J9: =L9*(1+[1]Données!$K$15) -> 0 | K9: =+M9/[1]Données!$H$14 -> 0 | T9: =IF(M9=0,"",+IF(SUM(N9:S9)=M9,"OK","ATTENTION")) | U9: =SUM($H$6:H9) -> 0
A10: =IF(MONTH(C10)=MONTH(TODAY()),1,0) -> 0 | B10: =IF(A10=0,0,IF(C10<TODAY(),MONTH($C10),0)) -> 0 | C10: =C9+1 -> 43105 | D10: =VLOOKUP($C10,'[1]Résumé date'!$D$8:$H$387,'[1]Résumé date'!E$6,FALSE) -> 0 | E10: =VLOOKUP($C10,'[1]Résumé date'!$D$8:$H$387,'[1]Résumé date'!F$6,FALSE) -> 0 | F10: =VLOOKUP($C10,'[1]Résumé date'!$D$8:$H$387,'[1]Résumé date'!G$6,FALSE) -> 0 | G10: =VLOOKUP($C10,'[1]Résumé date'!$D$8:$H$387,'[1]Résumé date'!H$6,FALSE) -> 0 | I10: =(H10)/1.1 -> 0 | J10: =L10*(1+[1]Données!$K$15) -> 0 | K10: =+M10/[1]Données!$H$14 -> 0 | T10: =IF(M10=0,"",+IF(SUM(N10:S10)=M10,"OK","ATTENTION")) | U10: =SUM($H$6:H10) -> 0
A11: =IF(MONTH(C11)=MONTH(TODAY()),1,0) -> 0 | B11: =IF(A11=0,0,IF(C11<TODAY(),MONTH($C11),0)) -> 0 | C11: =C10+1 -> 43106 | D11: =VLOOKUP($C11,'[1]Résumé date'!$D$8:$H$387,'[1]Résumé date'!E$6,FALSE) -> 0 | E11: =VLOOKUP($C11,'[1]Résumé date'!$D$8:$H$387,'[1]Résumé date'!F$6,FALSE) -> 0 | F11: =VLOOKUP($C11,'[1]Résumé date'!$D$8:$H$387,'[1]Résumé date'!G$6,FALSE) -> 0 | G11: =VLOOKUP($C11,'[1]Résumé date'!$D$8:$H$387,'[1]Résumé date'!H$6,FALSE) -> 0 | I11: =(H11)/1.1 -> 0 | J11: =L11*(1+[1]Données!$K$15) -> 0 | K11: =+M11/[1]Données!$H$14 -> 0 | T11: =IF(M11=0,"",+IF(SUM(N11:S11)=M11,"OK","ATTENTION")) | U11: =SUM($H$6:H11) -> 0
A12: =IF(MONTH(C12)=MONTH(TODAY()),1,0) -> 0 | B12: =IF(A12=0,0,IF(C12<TODAY(),MONTH($C12),0)) -> 0 | C12: =C11+1 -> 43107 | D12: =VLOOKUP($C12,'[1]Résumé date'!$D$8:$H$387,'[1]Résumé date'!E$6,FALSE) -> 0 | E12: =VLOOKUP($C12,'[1]Résumé date'!$D$8:$H$387,'[1]Résumé date'!F$6,FALSE) -> 0 | F12: =VLOOKUP($C12,'[1]Résumé date'!$D$8:$H$387,'[1]Résumé date'!G$6,FALSE) -> 0 | G12: =VLOOKUP($C12,'[1]Résumé date'!$D$8:$H$387,'[1]Résumé date'!H$6,FALSE) -> 0 | I12: =(H12)/1.1 -> 0 | J12: =L12*(1+[1]Données!$K$15) -> 0 | K12: =+M12/[1]Données!$H$14 -> 0 | T12: =IF(M12=0,"",+IF(SUM(N12:S12)=M12,"OK","ATTENTION")) | U12: =SUM($H$6:H12) -> 0
A13: =IF(MONTH(C13)=MONTH(TODAY()),1,0) -> 0 | B13: =IF(A13=0,0,IF(C13<TODAY(),MONTH($C13),0)) -> 0 | C13: =C12+1 -> 43108 | D13: =VLOOKUP($C13,'[1]Résumé date'!$D$8:$H$387,'[1]Résumé date'!E$6,FALSE) -> 0 | E13: =VLOOKUP($C13,'[1]Résumé date'!$D$8:$H$387,'[1]Résumé date'!F$6,FALSE) -> 0 | F13: =VLOOKUP($C13,'[1]Résumé date'!$D$8:$H$387,'[1]Résumé date'!G$6,FALSE) -> 0 | G13: =VLOOKUP($C13,'[1]Résumé date'!$D$8:$H$387,'[1]Résumé date'!H$6,FALSE) -> 0 | I13: =(H13)/1.1 -> 0 | J13: =L13*(1+[1]Données!$K$15) -> 0 | K13: =+M13/[1]Données!$H$14 -> 0 | T13: =IF(M13=0,"",+IF(SUM(N13:S13)=M13,"OK","ATTENTION")) | U13: =SUM($H$6:H13) -> 0
A14: =IF(MONTH(C14)=MONTH(TODAY()),1,0) -> 0 | B14: =IF(A14=0,0,IF(C14<TODAY(),MONTH($C14),0)) -> 0 | C14: =C13+1 -> 43109 | D14: =VLOOKUP($C14,'[1]Résumé date'!$D$8:$H$387,'[1]Résumé date'!E$6,FALSE) -> 0 | E14: =VLOOKUP($C14,'[1]Résumé date'!$D$8:$H$387,'[1]Résumé date'!F$6,FALSE) -> 0 | F14: =VLOOKUP($C14,'[1]Résumé date'!$D$8:$H$387,'[1]Résumé date'!G$6,FALSE) -> 0 | G14: =VLOOKUP($C14,'[1]Résumé date'!$D$8:$H$387,'[1]Résumé date'!H$6,FALSE) -> 0 | I14: =(H14)/1.1 -> 0 | J14: =L14*(1+[1]Données!$K$15) -> 0 | K14: =+M14/[1]Données!$H$14 -> 0 | T14: =IF(M14=0,"",+IF(SUM(N14:S14)=M14,"OK","ATTENTION")) | U14: =SUM($H$6:H14) -> 0
A15: =IF(MONTH(C15)=MONTH(TODAY()),1,0) -> 0 | B15: =IF(A15=0,0,IF(C15<TODAY(),MONTH($C15),0)) -> 0 | C15: =C14+1 -> 43110 | D15: =VLOOKUP($C15,'[1]Résumé date'!$D$8:$H$387,'[1]Résumé date'!E$6,FALSE) -> 0 | E15: =VLOOKUP($C15,'[1]Résumé date'!$D$8:$H$387,'[1]Résumé date'!F$6,FALSE) -> 0 | F15: =VLOOKUP($C15,'[1]Résumé date'!$D$8:$H$387,'[1]Résumé date'!G$6,FALSE) -> 0 | G15: =VLOOKUP($C15,'[1]Résumé date'!$D$8:$H$387,'[1]Résumé date'!H$6,FALSE) -> 0 | I15: =(H15)/1.1 -> 0 | J15: =L15*(1+[1]Données!$K$15) -> 0 | K15: =+M15/[1]Données!$H$14 -> 0 | T15: =IF(M15=0,"",+IF(SUM(N15:S15)=M15,"OK","ATTENTION")) | U15: =SUM($H$6:H15) -> 0
A16: =IF(MONTH(C16)=MONTH(TODAY()),1,0) -> 0 | B16: =IF(A16=0,0,IF(C16<TODAY(),MONTH($C16),0)) -> 0 | C16: =C15+1 -> 43111 | D16: =VLOOKUP($C16,'[1]Résumé date'!$D$8:$H$387,'[1]Résumé date'!E$6,FALSE) -> 0 | E16: =VLOOKUP($C16,'[1]Résumé date'!$D$8:$H$387,'[1]Résumé date'!F$6,FALSE) -> 0 | F16: =VLOOKUP($C16,'[1]Résumé date'!$D$8:$H$387,'[1]Résumé date'!G$6,FALSE) -> 0 | G16: =VLOOKUP($C16,'[1]Résumé date'!$D$8:$H$387,'[1]Résumé date'!H$6,FALSE) -> 0 | I16: =(H16)/1.1 -> 0 | J16: =L16*(1+[1]Données!$K$15) -> 0 | K16: =+M16/[1]Données!$H$14 -> 0 | T16: =IF(M16=0,"",+IF(SUM(N16:S16)=M16,"OK","ATTENTION")) | U16: =SUM($H$6:H16) -> 0
A17: =IF(MONTH(C17)=MONTH(TODAY()),1,0) -> 0 | B17: =IF(A17=0,0,IF(C17<TODAY(),MONTH($C17),0)) -> 0 | C17: =C16+1 -> 43112 | D17: =VLOOKUP($C17,'[1]Résumé date'!$D$8:$H$387,'[1]Résumé date'!E$6,FALSE) -> 0 | E17: =VLOOKUP($C17,'[1]Résumé date'!$D$8:$H$387,'[1]Résumé date'!F$6,FALSE) -> 0 | F17: =VLOOKUP($C17,'[1]Résumé date'!$D$8:$H$387,'[1]Résumé date'!G$6,FALSE) -> 0 | G17: =VLOOKUP($C17,'[1]Résumé date'!$D$8:$H$387,'[1]Résumé date'!H$6,FALSE) -> 0 | I17: =(H17)/1.1 -> 0 | J17: =L17*(1+[1]Données!$K$15) -> 0 | K17: =+M17/[1]Données!$H$14 -> 0 | T17: =IF(M17=0,"",+IF(SUM(N17:S17)=M17,"OK","ATTENTION")) | U17: =SUM($H$6:H17) -> 0
A18: =IF(MONTH(C18)=MONTH(TODAY()),1,0) -> 0 | B18: =IF(A18=0,0,IF(C18<TODAY(),MONTH($C18),0)) -> 0 | C18: =C17+1 -> 43113 | D18: =VLOOKUP($C18,'[1]Résumé date'!$D$8:$H$387,'[1]Résumé date'!E$6,FALSE) -> 0 | E18: =VLOOKUP($C18,'[1]Résumé date'!$D$8:$H$387,'[1]Résumé date'!F$6,FALSE) -> 0 | F18: =VLOOKUP($C18,'[1]Résumé date'!$D$8:$H$387,'[1]Résumé date'!G$6,FALSE) -> 0 | G18: =VLOOKUP($C18,'[1]Résumé date'!$D$8:$H$387,'[1]Résumé date'!H$6,FALSE) -> 0 | I18: =(H18)/1.1 -> 0 | J18: =L18*(1+[1]Données!$K$15) -> 0 | K18: =+M18/[1]Données!$H$14 -> 0 | T18: =IF(M18=0,"",+IF(SUM(N18:S18)=M18,"OK","ATTENTION")) | U18: =SUM($H$6:H18) -> 0
... A36: =IF(MONTH(C36)=MONTH(TODAY()),1,0) -> 0 | B36: =IF(A36=0,0,IF(C36<TODAY(),MONTH($C36),0)) -> 0 | C36: =C35+1 -> 43131 | D36: =VLOOKUP($C36,'[1]Résumé date'!$D$8:$H$387,'[1]Résumé date'!E$6,FALSE) -> 0 | E36: =VLOOKUP($C36,'[1]Résumé date'!$D$8:$H$387,'[1]Résumé date'!F$6,FALSE) -> 0 | F36: =VLOOKUP($C36,'[1]Résumé date'!$D$8:$H$387,'[1]Résumé date'!G$6,FALSE) -> 0 | G36: =VLOOKUP($C36,'[1]Résumé date'!$D$8:$H$387,'[1]Résumé date'!H$6,FALSE) -> 0 | I36: =(H36)/1.1 -> 0 | J36: =L36*(1+[1]Données!$K$15) -> 0 | K36: =+M36/[1]Données!$H$14 -> 0 | T36: =IF(M36=0,"",+IF(SUM(N36:S36)=M36,"OK","ATTENTION")) | U36: =SUM($H$6:H36) -> 0
A37: =IF(MONTH(C37)=MONTH(TODAY()),1,0) -> 0 | B37: =IF(A37=0,IF(C37<TODAY(),MONTH($C37),0),0) -> 2 | C37: =C36+1 -> 43132 | D37: =VLOOKUP($C37,'[1]Résumé date'!$D$8:$H$387,'[1]Résumé date'!E$6,FALSE) -> 0 | E37: =VLOOKUP($C37,'[1]Résumé date'!$D$8:$H$387,'[1]Résumé date'!F$6,FALSE) -> 0 | F37: =VLOOKUP($C37,'[1]Résumé date'!$D$8:$H$387,'[1]Résumé date'!G$6,FALSE) -> 0 | G37: =VLOOKUP($C37,'[1]Résumé date'!$D$8:$H$387,'[1]Résumé date'!H$6,FALSE) -> 0 | I37: =(H37)/1.1 -> 0 | J37: =L37*(1+[1]Données!$K$15) -> 0 | K37: =+M37/[1]Données!$H$14 -> 0 | T37: =IF(M37=0,"",+IF(SUM(N37:S37)=M37,"OK","ATTENTION")) | U37: =SUM($H$37:H37) -> 0
A38: =IF(MONTH(C38)=MONTH(TODAY()),1,0) -> 0 | B38: =IF(A38=0,IF(C38<TODAY(),MONTH($C38),0),0) -> 2 | C38: =C37+1 -> 43133 | D38: =VLOOKUP($C38,'[1]Résumé date'!$D$8:$H$387,'[1]Résumé date'!E$6,FALSE) -> 0 | E38: =VLOOKUP($C38,'[1]Résumé date'!$D$8:$H$387,'[1]Résumé date'!F$6,FALSE) -> 0 | F38: =VLOOKUP($C38,'[1]Résumé date'!$D$8:$H$387,'[1]Résumé date'!G$6,FALSE) -> 0 | G38: =VLOOKUP($C38,'[1]Résumé date'!$D$8:$H$387,'[1]Résumé date'!H$6,FALSE) -> 0 | I38: =(H38)/1.1 -> 0 | J38: =L38*(1+[1]Données!$K$15) -> 0 | K38: =+M38/[1]Données!$H$14 -> 0 | T38: =IF(M38=0,"",+IF(SUM(N38:S38)=M38,"OK","ATTENTION")) | U38: =SUM($H$37:H38) -> 0
A39: =IF(MONTH(C39)=MONTH(TODAY()),1,0) -> 0 | B39: =IF(A39=0,IF(C39<TODAY(),MONTH($C39),0),0) -> 2 | C39: =C38+1 -> 43134 | D39: =VLOOKUP($C39,'[1]Résumé date'!$D$8:$H$387,'[1]Résumé date'!E$6,FALSE) -> 0 | E39: =VLOOKUP($C39,'[1]Résumé date'!$D$8:$H$387,'[1]Résumé date'!F$6,FALSE) -> 0 | F39: =VLOOKUP($C39,'[1]Résumé date'!$D$8:$H$387,'[1]Résumé date'!G$6,FALSE) -> 0 | G39: =VLOOKUP($C39,'[1]Résumé date'!$D$8:$H$387,'[1]Résumé date'!H$6,FALSE) -> 0 | I39: =(H39)/1.1 -> 0 | J39: =L39*(1+[1]Données!$K$15) -> 0 | K39: =+M39/[1]Données!$H$14 -> 0 | T39: =IF(M39=0,"",+IF(SUM(N39:S39)=M39,"OK","ATTENTION")) | U39: =SUM($H$37:H39) -> 0
A40: =IF(MONTH(C40)=MONTH(TODAY()),1,0) -> 0 | B40: =IF(A40=0,IF(C40<TODAY(),MONTH($C40),0),0) -> 2 | C40: =C39+1 -> 43135 | D40: =VLOOKUP($C40,'[1]Résumé date'!$D$8:$H$387,'[1]Résumé date'!E$6,FALSE) -> 0 | E40: =VLOOKUP($C40,'[1]Résumé date'!$D$8:$H$387,'[1]Résumé date'!F$6,FALSE) -> 0 | F40: =VLOOKUP($C40,'[1]Résumé date'!$D$8:$H$387,'[1]Résumé date'!G$6,FALSE) -> 0 | G40: =VLOOKUP($C40,'[1]Résumé date'!$D$8:$H$387,'[1]Résumé date'!H$6,FALSE) -> 0 | I40: =(H40)/1.1 -> 0 | J40: =L40*(1+[1]Données!$K$15) -> 0 | K40: =+M40/[1]Données!$H$14 -> 0 | T40: =IF(M40=0,"",+IF(SUM(N40:S40)=M40,"OK","ATTENTION")) | U40: =SUM($H$37:H40) -> 0
A41: =IF(MONTH(C41)=MONTH(TODAY()),1,0) -> 0 | B41: =IF(A41=0,IF(C41<TODAY(),MONTH($C41),0),0) -> 2 | C41: =C40+1 -> 43136 | D41: =VLOOKUP($C41,'[1]Résumé date'!$D$8:$H$387,'[1]Résumé date'!E$6,FALSE) -> 0 | E41: =VLOOKUP($C41,'[1]Résumé date'!$D$8:$H$387,'[1]Résumé date'!F$6,FALSE) -> 0 | F41: =VLOOKUP($C41,'[1]Résumé date'!$D$8:$H$387,'[1]Résumé date'!G$6,FALSE) -> 0 | G41: =VLOOKUP($C41,'[1]Résumé date'!$D$8:$H$387,'[1]Résumé date'!H$6,FALSE) -> 0 | I41: =(H41)/1.1 -> 0 | J41: =L41*(1+[1]Données!$K$15) -> 0 | K41: =+M41/[1]Données!$H$14 -> 0 | T41: =IF(M41=0,"",+IF(SUM(N41:S41)=M41,"OK","ATTENTION")) | U41: =SUM($H$37:H41) -> 0
A42: =IF(MONTH(C42)=MONTH(TODAY()),1,0) -> 0 | B42: =IF(A42=0,IF(C42<TODAY(),MONTH($C42),0),0) -> 2 | C42: =C41+1 -> 43137 | D42: =VLOOKUP($C42,'[1]Résumé date'!$D$8:$H$387,'[1]Résumé date'!E$6,FALSE) -> 0 | E42: =VLOOKUP($C42,'[1]Résumé date'!$D$8:$H$387,'[1]Résumé date'!F$6,FALSE) -> 0 | F42: =VLOOKUP($C42,'[1]Résumé date'!$D$8:$H$387,'[1]Résumé date'!G$6,FALSE) -> 0 | G42: =VLOOKUP($C42,'[1]Résumé date'!$D$8:$H$387,'[1]Résumé date'!H$6,FALSE) -> 0 | I42: =(H42)/1.1 -> 0 | J42: =L42*(1+[1]Données!$K$15) -> 0 | K42: =+M42/[1]Données!$H$14 -> 0 | T42: =IF(M42=0,"",+IF(SUM(N42:S42)=M42,"OK","ATTENTION")) | U42: =SUM($H$37:H42) -> 0
A43: =IF(MONTH(C43)=MONTH(TODAY()),1,0) -> 0 | B43: =IF(A43=0,IF(C43<TODAY(),MONTH($C43),0),0) -> 2 | C43: =C42+1 -> 43138 | D43: =VLOOKUP($C43,'[1]Résumé date'!$D$8:$H$387,'[1]Résumé date'!E$6,FALSE) -> 0 | E43: =VLOOKUP($C43,'[1]Résumé date'!$D$8:$H$387,'[1]Résumé date'!F$6,FALSE) -> 0 | F43: =VLOOKUP($C43,'[1]Résumé date'!$D$8:$H$387,'[1]Résumé date'!G$6,FALSE) -> 0 | G43: =VLOOKUP($C43,'[1]Résumé date'!$D$8:$H$387,'[1]Résumé date'!H$6,FALSE) -> 0 | I43: =(H43)/1.1 -> 0 | J43: =L43*(1+[1]Données!$K$15) -> 0 | K43: =+M43/[1]Données!$H$14 -> 0 | T43: =IF(M43=0,"",+IF(SUM(N43:S43)=M43,"OK","ATTENTION")) | U43: =SUM($H$37:H43) -> 0
A44: =IF(MONTH(C44)=MONTH(TODAY()),1,0) -> 0 | B44: =IF(A44=0,IF(C44<TODAY(),MONTH($C44),0),0) -> 2 | C44: =C43+1 -> 43139 | D44: =VLOOKUP($C44,'[1]Résumé date'!$D$8:$H$387,'[1]Résumé date'!E$6,FALSE) -> 0 | E44: =VLOOKUP($C44,'[1]Résumé date'!$D$8:$H$387,'[1]Résumé date'!F$6,FALSE) -> 0 | F44: =VLOOKUP($C44,'[1]Résumé date'!$D$8:$H$387,'[1]Résumé date'!G$6,FALSE) -> 0 | G44: =VLOOKUP($C44,'[1]Résumé date'!$D$8:$H$387,'[1]Résumé date'!H$6,FALSE) -> 0 | I44: =(H44)/1.1 -> 0 | J44: =L44*(1+[1]Données!$K$15) -> 0 | K44: =+M44/[1]Données!$H$14 -> 0 | T44: =IF(M44=0,"",+IF(SUM(N44:S44)=M44,"OK","ATTENTION")) | U44: =SUM($H$37:H44) -> 0
A45: =IF(MONTH(C45)=MONTH(TODAY()),1,0) -> 0 | B45: =IF(A45=0,IF(C45<TODAY(),MONTH($C45),0),0) -> 2 | C45: =C44+1 -> 43140 | D45: =VLOOKUP($C45,'[1]Résumé date'!$D$8:$H$387,'[1]Résumé date'!E$6,FALSE) -> 0 | E45: =VLOOKUP($C45,'[1]Résumé date'!$D$8:$H$387,'[1]Résumé date'!F$6,FALSE) -> 0 | F45: =VLOOKUP($C45,'[1]Résumé date'!$D$8:$H$387,'[1]Résumé date'!G$6,FALSE) -> 0 | G45: =VLOOKUP($C45,'[1]Résumé date'!$D$8:$H$387,'[1]Résumé date'!H$6,FALSE) -> 0 | I45: =(H45)/1.1 -> 0 | J45: =L45*(1+[1]Données!$K$15) -> 0 | K45: =+M45/[1]Données!$H$14 -> 0 | T45: =IF(M45=0,"",+IF(SUM(N45:S45)=M45,"OK","ATTENTION")) | U45: =SUM($H$37:H45) -> 0
A46: =IF(MONTH(C46)=MONTH(TODAY()),1,0) -> 0 | B46: =IF(A46=0,IF(C46<TODAY(),MONTH($C46),0),0) -> 2 | C46: =C45+1 -> 43141 | D46: =VLOOKUP($C46,'[1]Résumé date'!$D$8:$H$387,'[1]Résumé date'!E$6,FALSE) -> 0 | E46: =VLOOKUP($C46,'[1]Résumé date'!$D$8:$H$387,'[1]Résumé date'!F$6,FALSE) -> 0 | F46: =VLOOKUP($C46,'[1]Résumé date'!$D$8:$H$387,'[1]Résumé date'!G$6,FALSE) -> 0 | G46: =VLOOKUP($C46,'[1]Résumé date'!$D$8:$H$387,'[1]Résumé date'!H$6,FALSE) -> 0 | I46: =(H46)/1.1 -> 0 | J46: =L46*(1+[1]Données!$K$15) -> 0 | K46: =+M46/[1]Données!$H$14 -> 0 | T46: =IF(M46=0,"",+IF(SUM(N46:S46)=M46,"OK","ATTENTION")) | U46: =SUM($H$37:H46) -> 0
A47: =IF(MONTH(C47)=MONTH(TODAY()),1,0) -> 0 | B47: =IF(A47=0,IF(C47<TODAY(),MONTH($C47),0),0) -> 2 | C47: =C46+1 -> 43142 | D47: =VLOOKUP($C47,'[1]Résumé date'!$D$8:$H$387,'[1]Résumé date'!E$6,FALSE) -> 0 | E47: =VLOOKUP($C47,'[1]Résumé date'!$D$8:$H$387,'[1]Résumé date'!F$6,FALSE) -> 0 | F47: =VLOOKUP($C47,'[1]Résumé date'!$D$8:$H$387,'[1]Résumé date'!G$6,FALSE) -> 0 | G47: =VLOOKUP($C47,'[1]Résumé date'!$D$8:$H$387,'[1]Résumé date'!H$6,FALSE) -> 0 | I47: =(H47)/1.1 -> 0 | J47: =L47*(1+[1]Données!$K$15) -> 0 | K47: =+M47/[1]Données!$H$14 -> 0 | T47: =IF(M47=0,"",+IF(SUM(N47:S47)=M47,"OK","ATTENTION")) | U47: =SUM($H$37:H47) -> 0
A48: =IF(MONTH(C48)=MONTH(TODAY()),1,0) -> 0 | B48: =IF(A48=0,IF(C48<TODAY(),MONTH($C48),0),0) -> 2 | C48: =C47+1 -> 43143 | D48: =VLOOKUP($C48,'[1]Résumé date'!$D$8:$H$387,'[1]Résumé date'!E$6,FALSE) -> 0 | E48: =VLOOKUP($C48,'[1]Résumé date'!$D$8:$H$387,'[1]Résumé date'!F$6,FALSE) -> 0 | F48: =VLOOKUP($C48,'[1]Résumé date'!$D$8:$H$387,'[1]Résumé date'!G$6,FALSE) -> 0 | G48: =VLOOKUP($C48,'[1]Résumé date'!$D$8:$H$387,'[1]Résumé date'!H$6,FALSE) -> 0 | I48: =(H48)/1.1 -> 0 | J48: =L48*(1+[1]Données!$K$15) -> 0 | K48: =+M48/[1]Données!$H$14 -> 0 | T48: =IF(M48=0,"",+IF(SUM(N48:S48)=M48,"OK","ATTENTION")) | U48: =SUM($H$37:H48) -> 0
... A64: =IF(MONTH(C64)=MONTH(TODAY()),1,0) -> 0 | B64: =IF(A64=0,IF(C64<TODAY(),MONTH($C64),0),0) -> 2 | C64: =C63+1 -> 43159 | D64: =VLOOKUP($C64,'[1]Résumé date'!$D$8:$H$387,'[1]Résumé date'!E$6,FALSE) -> 0 | E64: =VLOOKUP($C64,'[1]Résumé date'!$D$8:$H$387,'[1]Résumé date'!F$6,FALSE) -> 0 | F64: =VLOOKUP($C64,'[1]Résumé date'!$D$8:$H$387,'[1]Résumé date'!G$6,FALSE) -> 0 | G64: =VLOOKUP($C64,'[1]Résumé date'!$D$8:$H$387,'[1]Résumé date'!H$6,FALSE) -> 0 | I64: =(H64)/1.1 -> 0 | J64: =L64*(1+[1]Données!$K$15) -> 0 | K64: =+M64/[1]Données!$H$14 -> 0 | T64: =IF(M64=0,"",+IF(SUM(N64:S64)=M64,"OK","ATTENTION")) | U64: =SUM($H$37:H64) -> 0
A65: =IF(MONTH(C65)=MONTH(TODAY()),1,0) -> 0 | B65: =IF(C65<TODAY(),MONTH($C65),0) -> 3 | C65: =C64+1 -> 43160 | D65: =VLOOKUP($C65,'[1]Résumé date'!$D$8:$H$387,'[1]Résumé date'!E$6,FALSE) -> 0 | E65: =VLOOKUP($C65,'[1]Résumé date'!$D$8:$H$387,'[1]Résumé date'!F$6,FALSE) -> 0 | F65: =VLOOKUP($C65,'[1]Résumé date'!$D$8:$H$387,'[1]Résumé date'!G$6,FALSE) -> 0 | G65: =VLOOKUP($C65,'[1]Résumé date'!$D$8:$H$387,'[1]Résumé date'!H$6,FALSE) -> 0 | I65: =(H65)/1.1 -> 0 | J65: =L65*(1+[1]Données!$K$15) -> 0 | K65: =+M65/[1]Données!$H$14 -> 0 | T65: =IF(M65=0,"",+IF(SUM(N65:S65)=M65,"OK","ATTENTION")) | U65: =SUM($H$65:H65) -> 0
A66: =IF(MONTH(C66)=MONTH(TODAY()),1,0) -> 0 | B66: =IF(C66<TODAY(),MONTH($C66),0) -> 3 | C66: =C65+1 -> 43161 | D66: =VLOOKUP($C66,'[1]Résumé date'!$D$8:$H$387,'[1]Résumé date'!E$6,FALSE) -> 0 | E66: =VLOOKUP($C66,'[1]Résumé date'!$D$8:$H$387,'[1]Résumé date'!F$6,FALSE) -> 0 | F66: =VLOOKUP($C66,'[1]Résumé date'!$D$8:$H$387,'[1]Résumé date'!G$6,FALSE) -> 0 | G66: =VLOOKUP($C66,'[1]Résumé date'!$D$8:$H$387,'[1]Résumé date'!H$6,FALSE) -> 0 | I66: =(H66)/1.1 -> 0 | J66: =L66*(1+[1]Données!$K$15) -> 0 | K66: =+M66/[1]Données!$H$14 -> 0 | T66: =IF(M66=0,"",+IF(SUM(N66:S66)=M66,"OK","ATTENTION")) | U66: =SUM($H$65:H66) -> 0
A67: =IF(MONTH(C67)=MONTH(TODAY()),1,0) -> 0 | B67: =IF(C67<TODAY(),MONTH($C67),0) -> 3 | C67: =C66+1 -> 43162 | D67: =VLOOKUP($C67,'[1]Résumé date'!$D$8:$H$387,'[1]Résumé date'!E$6,FALSE) -> 0 | E67: =VLOOKUP($C67,'[1]Résumé date'!$D$8:$H$387,'[1]Résumé date'!F$6,FALSE) -> 0 | F67: =VLOOKUP($C67,'[1]Résumé date'!$D$8:$H$387,'[1]Résumé date'!G$6,FALSE) -> 0 | G67: =VLOOKUP($C67,'[1]Résumé date'!$D$8:$H$387,'[1]Résumé date'!H$6,FALSE) -> 0 | I67: =(H67)/1.1 -> 0 | J67: =L67*(1+[1]Données!$K$15) -> 0 | K67: =+M67/[1]Données!$H$14 -> 0 | T67: =IF(M67=0,"",+IF(SUM(N67:S67)=M67,"OK","ATTENTION")) | U67: =SUM($H$65:H67) -> 0
A68: =IF(MONTH(C68)=MONTH(TODAY()),1,0) -> 0 | B68: =IF(C68<TODAY(),MONTH($C68),0) -> 3 | C68: =C67+1 -> 43163 | D68: =VLOOKUP($C68,'[1]Résumé date'!$D$8:$H$387,'[1]Résumé date'!E$6,FALSE) -> 0 | E68: =VLOOKUP($C68,'[1]Résumé date'!$D$8:$H$387,'[1]Résumé date'!F$6,FALSE) -> 0 | F68: =VLOOKUP($C68,'[1]Résumé date'!$D$8:$H$387,'[1]Résumé date'!G$6,FALSE) -> 0 | G68: =VLOOKUP($C68,'[1]Résumé date'!$D$8:$H$387,'[1]Résumé date'!H$6,FALSE) -> 0 | I68: =(H68)/1.1 -> 0 | J68: =L68*(1+[1]Données!$K$15) -> 0 | K68: =+M68/[1]Données!$H$14 -> 0 | T68: =IF(M68=0,"",+IF(SUM(N68:S68)=M68,"OK","ATTENTION")) | U68: =SUM($H$65:H68) -> 0
A69: =IF(MONTH(C69)=MONTH(TODAY()),1,0) -> 0 | B69: =IF(C69<TODAY(),MONTH($C69),0) -> 3 | C69: =C68+1 -> 43164 | D69: =VLOOKUP($C69,'[1]Résumé date'!$D$8:$H$387,'[1]Résumé date'!E$6,FALSE) -> 0 | E69: =VLOOKUP($C69,'[1]Résumé date'!$D$8:$H$387,'[1]Résumé date'!F$6,FALSE) -> 0 | F69: =VLOOKUP($C69,'[1]Résumé date'!$D$8:$H$387,'[1]Résumé date'!G$6,FALSE) -> 0 | G69: =VLOOKUP($C69,'[1]Résumé date'!$D$8:$H$387,'[1]Résumé date'!H$6,FALSE) -> 0 | I69: =(H69)/1.1 -> 0 | J69: =L69*(1+[1]Données!$K$15) -> 0 | K69: =+M69/[1]Données!$H$14 -> 0 | T69: =IF(M69=0,"",+IF(SUM(N69:S69)=M69,"OK","ATTENTION")) | U69: =SUM($H$65:H69) -> 0
A70: =IF(MONTH(C70)=MONTH(TODAY()),1,0) -> 0 | B70: =IF(C70<TODAY(),MONTH($C70),0) -> 3 | C70: =C69+1 -> 43165 | D70: =VLOOKUP($C70,'[1]Résumé date'!$D$8:$H$387,'[1]Résumé date'!E$6,FALSE) -> 0 | E70: =VLOOKUP($C70,'[1]Résumé date'!$D$8:$H$387,'[1]Résumé date'!F$6,FALSE) -> 0 | F70: =VLOOKUP($C70,'[1]Résumé date'!$D$8:$H$387,'[1]Résumé date'!G$6,FALSE) -> 0 | G70: =VLOOKUP($C70,'[1]Résumé date'!$D$8:$H$387,'[1]Résumé date'!H$6,FALSE) -> 0 | I70: =(H70)/1.1 -> 0 | J70: =L70*(1+[1]Données!$K$15) -> 0 | K70: =+M70/[1]Données!$H$14 -> 0 | T70: =IF(M70=0,"",+IF(SUM(N70:S70)=M70,"OK","ATTENTION")) | U70: =SUM($H$65:H70) -> 0
A71: =IF(MONTH(C71)=MONTH(TODAY()),1,0) -> 0 | B71: =IF(C71<TODAY(),MONTH($C71),0) -> 3 | C71: =C70+1 -> 43166 | D71: =VLOOKUP($C71,'[1]Résumé date'!$D$8:$H$387,'[1]Résumé date'!E$6,FALSE) -> 0 | E71: =VLOOKUP($C71,'[1]Résumé date'!$D$8:$H$387,'[1]Résumé date'!F$6,FALSE) -> 0 | F71: =VLOOKUP($C71,'[1]Résumé date'!$D$8:$H$387,'[1]Résumé date'!G$6,FALSE) -> 0 | G71: =VLOOKUP($C71,'[1]Résumé date'!$D$8:$H$387,'[1]Résumé date'!H$6,FALSE) -> 0 | I71: =(H71)/1.1 -> 0 | J71: =L71*(1+[1]Données!$K$15) -> 0 | K71: =+M71/[1]Données!$H$14 -> 0 | T71: =IF(M71=0,"",+IF(SUM(N71:S71)=M71,"OK","ATTENTION")) | U71: =SUM($H$65:H71) -> 0
A72: =IF(MONTH(C72)=MONTH(TODAY()),1,0) -> 0 | B72: =IF(C72<TODAY(),MONTH($C72),0) -> 3 | C72: =C71+1 -> 43167 | D72: =VLOOKUP($C72,'[1]Résumé date'!$D$8:$H$387,'[1]Résumé date'!E$6,FALSE) -> 0 | E72: =VLOOKUP($C72,'[1]Résumé date'!$D$8:$H$387,'[1]Résumé date'!F$6,FALSE) -> 0 | F72: =VLOOKUP($C72,'[1]Résumé date'!$D$8:$H$387,'[1]Résumé date'!G$6,FALSE) -> 0 | G72: =VLOOKUP($C72,'[1]Résumé date'!$D$8:$H$387,'[1]Résumé date'!H$6,FALSE) -> 0 | I72: =(H72)/1.1 -> 0 | J72: =L72*(1+[1]Données!$K$15) -> 0 | K72: =+M72/[1]Données!$H$14 -> 0 | T72: =IF(M72=0,"",+IF(SUM(N72:S72)=M72,"OK","ATTENTION")) | U72: =SUM($H$65:H72) -> 0
A73: =IF(MONTH(C73)=MONTH(TODAY()),1,0) -> 0 | B73: =IF(C73<TODAY(),MONTH($C73),0) -> 3 | C73: =C72+1 -> 43168 | D73: =VLOOKUP($C73,'[1]Résumé date'!$D$8:$H$387,'[1]Résumé date'!E$6,FALSE) -> 0 | E73: =VLOOKUP($C73,'[1]Résumé date'!$D$8:$H$387,'[1]Résumé date'!F$6,FALSE) -> 0 | F73: =VLOOKUP($C73,'[1]Résumé date'!$D$8:$H$387,'[1]Résumé date'!G$6,FALSE) -> 0 | G73: =VLOOKUP($C73,'[1]Résumé date'!$D$8:$H$387,'[1]Résumé date'!H$6,FALSE) -> 0 | I73: =(H73)/1.1 -> 0 | J73: =L73*(1+[1]Données!$K$15) -> 0 | K73: =+M73/[1]Données!$H$14 -> 0 | T73: =IF(M73=0,"",+IF(SUM(N73:S73)=M73,"OK","ATTENTION")) | U73: =SUM($H$65:H73) -> 0
A74: =IF(MONTH(C74)=MONTH(TODAY()),1,0) -> 0 | B74: =IF(C74<TODAY(),MONTH($C74),0) -> 3 | C74: =C73+1 -> 43169 | D74: =VLOOKUP($C74,'[1]Résumé date'!$D$8:$H$387,'[1]Résumé date'!E$6,FALSE) -> 0 | E74: =VLOOKUP($C74,'[1]Résumé date'!$D$8:$H$387,'[1]Résumé date'!F$6,FALSE) -> 0 | F74: =VLOOKUP($C74,'[1]Résumé date'!$D$8:$H$387,'[1]Résumé date'!G$6,FALSE) -> 0 | G74: =VLOOKUP($C74,'[1]Résumé date'!$D$8:$H$387,'[1]Résumé date'!H$6,FALSE) -> 0 | I74: =(H74)/1.1 -> 0 | J74: =L74*(1+[1]Données!$K$15) -> 0 | K74: =+M74/[1]Données!$H$14 -> 0 | T74: =IF(M74=0,"",+IF(SUM(N74:S74)=M74,"OK","ATTENTION")) | U74: =SUM($H$65:H74) -> 0
A75: =IF(MONTH(C75)=MONTH(TODAY()),1,0) -> 0 | B75: =IF(C75<TODAY(),MONTH($C75),0) -> 3 | C75: =C74+1 -> 43170 | D75: =VLOOKUP($C75,'[1]Résumé date'!$D$8:$H$387,'[1]Résumé date'!E$6,FALSE) -> 0 | E75: =VLOOKUP($C75,'[1]Résumé date'!$D$8:$H$387,'[1]Résumé date'!F$6,FALSE) -> 0 | F75: =VLOOKUP($C75,'[1]Résumé date'!$D$8:$H$387,'[1]Résumé date'!G$6,FALSE) -> 0 | G75: =VLOOKUP($C75,'[1]Résumé date'!$D$8:$H$387,'[1]Résumé date'!H$6,FALSE) -> 0 | I75: =(H75)/1.1 -> 0 | J75: =L75*(1+[1]Données!$K$15) -> 0 | K75: =+M75/[1]Données!$H$14 -> 0 | T75: =IF(M75=0,"",+IF(SUM(N75:S75)=M75,"OK","ATTENTION")) | U75: =SUM($H$65:H75) -> 0
A76: =IF(MONTH(C76)=MONTH(TODAY()),1,0) -> 0 | B76: =IF(C76<TODAY(),MONTH($C76),0) -> 3 | C76: =C75+1 -> 43171 | D76: =VLOOKUP($C76,'[1]Résumé date'!$D$8:$H$387,'[1]Résumé date'!E$6,FALSE) -> 0 | E76: =VLOOKUP($C76,'[1]Résumé date'!$D$8:$H$387,'[1]Résumé date'!F$6,FALSE) -> 0 | F76: =VLOOKUP($C76,'[1]Résumé date'!$D$8:$H$387,'[1]Résumé date'!G$6,FALSE) -> 0 | G76: =VLOOKUP($C76,'[1]Résumé date'!$D$8:$H$387,'[1]Résumé date'!H$6,FALSE) -> 0 | I76: =(H76)/1.1 -> 0 | J76: =L76*(1+[1]Données!$K$15) -> 0 | K76: =+M76/[1]Données!$H$14 -> 0 | T76: =IF(M76=0,"",+IF(SUM(N76:S76)=M76,"OK","ATTENTION")) | U76: =SUM($H$65:H76) -> 0
... A95: =IF(MONTH(C95)=MONTH(TODAY()),1,0) -> 0 | B95: =IF(C95<TODAY(),MONTH($C95),0) -> 3 | C95: =C94+1 -> 43190 | D95: =VLOOKUP($C95,'[1]Résumé date'!$D$8:$H$387,'[1]Résumé date'!E$6,FALSE) -> 0 | E95: =VLOOKUP($C95,'[1]Résumé date'!$D$8:$H$387,'[1]Résumé date'!F$6,FALSE) -> 0 | F95: =VLOOKUP($C95,'[1]Résumé date'!$D$8:$H$387,'[1]Résumé date'!G$6,FALSE) -> 0 | G95: =VLOOKUP($C95,'[1]Résumé date'!$D$8:$H$387,'[1]Résumé date'!H$6,FALSE) -> 0 | I95: =(H95)/1.1 -> 0 | J95: =L95*(1+[1]Données!$K$15) -> 0 | K95: =+M95/[1]Données!$H$14 -> 0 | T95: =IF(M95=0,"",+IF(SUM(N95:S95)=M95,"OK","ATTENTION")) | U95: =SUM($H$65:H95) -> 0
A96: =IF(MONTH(C96)=MONTH(TODAY()),1,0) -> 1 | B96: =IF(C96<TODAY(),MONTH($C96),0) -> 4 | C96: =C95+1 -> 43191 | D96: =VLOOKUP($C96,'[1]Résumé date'!$D$8:$H$387,'[1]Résumé date'!E$6,FALSE) -> 58.588 | E96: =VLOOKUP($C96,'[1]Résumé date'!$D$8:$H$387,'[1]Résumé date'!F$6,FALSE) -> 53.261818 | F96: =VLOOKUP($C96,'[1]Résumé date'!$D$8:$H$387,'[1]Résumé date'!G$6,FALSE) -> 0.3 | G96: =VLOOKUP($C96,'[1]Résumé date'!$D$8:$H$387,'[1]Résumé date'!H$6,FALSE) -> 43.2 | H96: 449.65 | I96: =(H96)/1.1 -> 408.77273 | J96: =L96*(1+[1]Données!$K$15) -> 98.923 | K96: =+M96/[1]Données!$H$14 -> 0.034722222 | L96: 89.93 | M96: 5 | T96: =IF(M96=0,"",+IF(SUM(N96:S96)=M96,"OK","ATTENTION")) -> ATTENTION | U96: =SUM($H$96:H96) -> 449.65
A97: =IF(MONTH(C97)=MONTH(TODAY()),1,0) -> 1 | B97: =IF(C97<TODAY(),MONTH($C97),0) -> 4 | C97: =C96+1 -> 43192 | D97: =VLOOKUP($C97,'[1]Résumé date'!$D$8:$H$387,'[1]Résumé date'!E$6,FALSE) -> 58.588 | E97: =VLOOKUP($C97,'[1]Résumé date'!$D$8:$H$387,'[1]Résumé date'!F$6,FALSE) -> 53.261818 | F97: =VLOOKUP($C97,'[1]Résumé date'!$D$8:$H$387,'[1]Résumé date'!G$6,FALSE) -> 0.3 | G97: =VLOOKUP($C97,'[1]Résumé date'!$D$8:$H$387,'[1]Résumé date'!H$6,FALSE) -> 43.2 | H97: 521.76 | I97: =(H97)/1.1 -> 474.32727 | J97: =L97*(1+[1]Données!$K$15) -> 63.767 | K97: =+M97/[1]Données!$H$14 -> 0.0625 | L97: 57.97 | M97: 9 | T97: =IF(M97=0,"",+IF(SUM(N97:S97)=M97,"OK","ATTENTION")) -> ATTENTION | U97: =SUM($H$96:H97) -> 971.41
A98: =IF(MONTH(C98)=MONTH(TODAY()),1,0) -> 1 | B98: =IF(C98<TODAY(),MONTH($C98),0) -> 4 | C98: =C97+1 -> 43193 | D98: =VLOOKUP($C98,'[1]Résumé date'!$D$8:$H$387,'[1]Résumé date'!E$6,FALSE) -> 58.588 | E98: =VLOOKUP($C98,'[1]Résumé date'!$D$8:$H$387,'[1]Résumé date'!F$6,FALSE) -> 53.261818 | F98: =VLOOKUP($C98,'[1]Résumé date'!$D$8:$H$387,'[1]Résumé date'!G$6,FALSE) -> 0.3 | G98: =VLOOKUP($C98,'[1]Résumé date'!$D$8:$H$387,'[1]Résumé date'!H$6,FALSE) -> 43.2 | H98: 3827.9 | I98: =(H98)/1.1 -> 3479.9091 | J98: =L98*(1+[1]Données!$K$15) -> 91.542 | K98: =+M98/[1]Données!$H$14 -> 0.31944444 | L98: 83.22 | M98: 46 | T98: =IF(M98=0,"",+IF(SUM(N98:S98)=M98,"OK","ATTENTION")) -> ATTENTION | U98: =SUM($H$96:H98) -> 4799.31
A99: =IF(MONTH(C99)=MONTH(TODAY()),1,0) -> 1 | B99: =IF(C99<TODAY(),MONTH($C99),0) -> 4 | C99: =C98+1 -> 43194 | D99: =VLOOKUP($C99,'[1]Résumé date'!$D$8:$H$387,'[1]Résumé date'!E$6,FALSE) -> 113.234 | E99: =VLOOKUP($C99,'[1]Résumé date'!$D$8:$H$387,'[1]Résumé date'!F$6,FALSE) -> 102.94 | F99: =VLOOKUP($C99,'[1]Résumé date'!$D$8:$H$387,'[1]Résumé date'!G$6,FALSE) -> 0.76 | G99: =VLOOKUP($C99,'[1]Résumé date'!$D$8:$H$387,'[1]Résumé date'!H$6,FALSE) -> 109.44 | H99: 6438.1 | I99: =(H99)/1.1 -> 5852.8182 | J99: =L99*(1+[1]Données!$K$15) -> 99.748 | K99: =+M99/[1]Données!$H$14 -> 0.49305556 | L99: 90.68 | M99: 71 | T99: =IF(M99=0,"",+IF(SUM(N99:S99)=M99,"OK","ATTENTION")) -> ATTENTION | U99: =SUM($H$96:H99) -> 11237.41
A100: =IF(MONTH(C100)=MONTH(TODAY()),1,0) -> 1 | B100: =IF(C100<TODAY(),MONTH($C100),0) -> 4 | C100: =C99+1 -> 43195 | D100: =VLOOKUP($C100,'[1]Résumé date'!$D$8:$H$387,'[1]Résumé date'!E$6,FALSE) -> 58.588 | E100: =VLOOKUP($C100,'[1]Résumé date'!$D$8:$H$387,'[1]Résumé date'!F$6,FALSE) -> 53.261818 | F100: =VLOOKUP($C100,'[1]Résumé date'!$D$8:$H$387,'[1]Résumé date'!G$6,FALSE) -> 0.3 | G100: =VLOOKUP($C100,'[1]Résumé date'!$D$8:$H$387,'[1]Résumé date'!H$6,FALSE) -> 43.2 | H100: 3204.72 | I100: =(H100)/1.1 -> 2913.3818 | J100: =L100*(1+[1]Données!$K$15) -> 76.637 | K100: =+M100/[1]Données!$H$14 -> 0.31944444 | L100: 69.67 | M100: 46 | T100: =IF(M100=0,"",+IF(SUM(N100:S100)=M100,"OK","ATTENTION")) -> ATTENTION | U100: =SUM($H$96:H100) -> 14442.13
A101: =IF(MONTH(C101)=MONTH(TODAY()),1,0) -> 1 | B101: =IF(C101<TODAY(),MONTH($C101),0) -> 4 | C101: =C100+1 -> 43196 | D101: =VLOOKUP($C101,'[1]Résumé date'!$D$8:$H$387,'[1]Résumé date'!E$6,FALSE) -> 58.588 | E101: =VLOOKUP($C101,'[1]Résumé date'!$D$8:$H$387,'[1]Résumé date'!F$6,FALSE) -> 53.261818 | F101: =VLOOKUP($C101,'[1]Résumé date'!$D$8:$H$387,'[1]Résumé date'!G$6,FALSE) -> 0.3 | G101: =VLOOKUP($C101,'[1]Résumé date'!$D$8:$H$387,'[1]Résumé date'!H$6,FALSE) -> 43.2 | I101: =(H101)/1.1 -> 0 | J101: =L101*(1+[1]Données!$K$15) -> 0 | K101: =+M101/[1]Données!$H$14 -> 0 | T101: =IF(M101=0,"",+IF(SUM(N101:S101)=M101,"OK","ATTENTION")) | U101: =SUM($H$96:H101) -> 14442.13
A102: =IF(MONTH(C102)=MONTH(TODAY()),1,0) -> 1 | B102: =IF(C102<TODAY(),MONTH($C102),0) -> 4 | C102: =C101+1 -> 43197 | D102: =VLOOKUP($C102,'[1]Résumé date'!$D$8:$H$387,'[1]Résumé date'!E$6,FALSE) -> 58.588 | E102: =VLOOKUP($C102,'[1]Résumé date'!$D$8:$H$387,'[1]Résumé date'!F$6,FALSE) -> 53.261818 | F102: =VLOOKUP($C102,'[1]Résumé date'!$D$8:$H$387,'[1]Résumé date'!G$6,FALSE) -> 0.3 | G102: =VLOOKUP($C102,'[1]Résumé date'!$D$8:$H$387,'[1]Résumé date'!H$6,FALSE) -> 43.2 | I102: =(H102)/1.1 -> 0 | J102: =L102*(1+[1]Données!$K$15) -> 0 | K102: =+M102/[1]Données!$H$14 -> 0 | T102: =IF(M102=0,"",+IF(SUM(N102:S102)=M102,"OK","ATTENTION")) | U102: =SUM($H$96:H102) -> 14442.13
A103: =IF(MONTH(C103)=MONTH(TODAY()),1,0) -> 1 | B103: =IF(C103<TODAY(),MONTH($C103),0) -> 4 | C103: =C102+1 -> 43198 | D103: =VLOOKUP($C103,'[1]Résumé date'!$D$8:$H$387,'[1]Résumé date'!E$6,FALSE) -> 58.588 | E103: =VLOOKUP($C103,'[1]Résumé date'!$D$8:$H$387,'[1]Résumé date'!F$6,FALSE) -> 53.261818 | F103: =VLOOKUP($C103,'[1]Résumé date'!$D$8:$H$387,'[1]Résumé date'!G$6,FALSE) -> 0.3 | G103: =VLOOKUP($C103,'[1]Résumé date'!$D$8:$H$387,'[1]Résumé date'!H$6,FALSE) -> 43.2 | I103: =(H103)/1.1 -> 0 | J103: =L103*(1+[1]Données!$K$15) -> 0 | K103: =+M103/[1]Données!$H$14 -> 0 | T103: =IF(M103=0,"",+IF(SUM(N103:S103)=M103,"OK","ATTENTION")) | U103: =SUM($H$96:H103) -> 14442.13
A104: =IF(MONTH(C104)=MONTH(TODAY()),1,0) -> 1 | B104: =IF(C104<TODAY(),MONTH($C104),0) -> 0 | C104: =C103+1 -> 43199 | D104: =VLOOKUP($C104,'[1]Résumé date'!$D$8:$H$387,'[1]Résumé date'!E$6,FALSE) -> 102.738 | E104: =VLOOKUP($C104,'[1]Résumé date'!$D$8:$H$387,'[1]Résumé date'!F$6,FALSE) -> 93.398182 | F104: =VLOOKUP($C104,'[1]Résumé date'!$D$8:$H$387,'[1]Résumé date'!G$6,FALSE) -> 0.65 | G104: =VLOOKUP($C104,'[1]Résumé date'!$D$8:$H$387,'[1]Résumé date'!H$6,FALSE) -> 93.6 | I104: =(H104)/1.1 -> 0 | J104: =L104*(1+[1]Données!$K$15) -> 0 | K104: =+M104/[1]Données!$H$14 -> 0 | T104: =IF(M104=0,"",+IF(SUM(N104:S104)=M104,"OK","ATTENTION")) | U104: =SUM($H$96:H104) -> 14442.13
A105: =IF(MONTH(C105)=MONTH(TODAY()),1,0) -> 1 | B105: =IF(C105<TODAY(),MONTH($C105),0) -> 0 | C105: =C104+1 -> 43200 | D105: =VLOOKUP($C105,'[1]Résumé date'!$D$8:$H$387,'[1]Résumé date'!E$6,FALSE) -> 113.234 | E105: =VLOOKUP($C105,'[1]Résumé date'!$D$8:$H$387,'[1]Résumé date'!F$6,FALSE) -> 102.94 | F105: =VLOOKUP($C105,'[1]Résumé date'!$D$8:$H$387,'[1]Résumé date'!G$6,FALSE) -> 0.76 | G105: =VLOOKUP($C105,'[1]Résumé date'!$D$8:$H$387,'[1]Résumé date'!H$6,FALSE) -> 109.44 | I105: =(H105)/1.1 -> 0 | J105: =L105*(1+[1]Données!$K$15) -> 0 | K105: =+M105/[1]Données!$H$14 -> 0 | T105: =IF(M105=0,"",+IF(SUM(N105:S105)=M105,"OK","ATTENTION")) | U105: =SUM($H$96:H105) -> 14442.13
A106: =IF(MONTH(C106)=MONTH(TODAY()),1,0) -> 1 | B106: =IF(C106<TODAY(),MONTH($C106),0) -> 0 | C106: =C105+1 -> 43201 | D106: =VLOOKUP($C106,'[1]Résumé date'!$D$8:$H$387,'[1]Résumé date'!E$6,FALSE) -> 121.71429 | E106: =VLOOKUP($C106,'[1]Résumé date'!$D$8:$H$387,'[1]Résumé date'!F$6,FALSE) -> 110.64935 | F106: =VLOOKUP($C106,'[1]Résumé date'!$D$8:$H$387,'[1]Résumé date'!G$6,FALSE) -> 0.72916667 | G106: =VLOOKUP($C106,'[1]Résumé date'!$D$8:$H$387,'[1]Résumé date'!H$6,FALSE) -> 105 | I106: =(H106)/1.1 -> 0 | J106: =L106*(1+[1]Données!$K$15) -> 0 | K106: =+M106/[1]Données!$H$14 -> 0 | T106: =IF(M106=0,"",+IF(SUM(N106:S106)=M106,"OK","ATTENTION")) | U106: =SUM($H$96:H106) -> 14442.13
A107: =IF(MONTH(C107)=MONTH(TODAY()),1,0) -> 1 | B107: =IF(C107<TODAY(),MONTH($C107),0) -> 0 | C107: =C106+1 -> 43202 | D107: =VLOOKUP($C107,'[1]Résumé date'!$D$8:$H$387,'[1]Résumé date'!E$6,FALSE) -> 121.71429 | E107: =VLOOKUP($C107,'[1]Résumé date'!$D$8:$H$387,'[1]Résumé date'!F$6,FALSE) -> 110.64935 | F107: =VLOOKUP($C107,'[1]Résumé date'!$D$8:$H$387,'[1]Résumé date'!G$6,FALSE) -> 0.72916667 | G107: =VLOOKUP($C107,'[1]Résumé date'!$D$8:$H$387,'[1]Résumé date'!H$6,FALSE) -> 105 | I107: =(H107)/1.1 -> 0 | J107: =L107*(1+[1]Données!$K$15) -> 0 | K107: =+M107/[1]Données!$H$14 -> 0 | T107: =IF(M107=0,"",+IF(SUM(N107:S107)=M107,"OK","ATTENTION")) | U107: =SUM($H$96:H107) -> 14442.13
A108: =IF(MONTH(C108)=MONTH(TODAY()),1,0) -> 1 | B108: =IF(C108<TODAY(),MONTH($C108),0) -> 0 | C108: =C107+1 -> 43203 | D108: =VLOOKUP($C108,'[1]Résumé date'!$D$8:$H$387,'[1]Résumé date'!E$6,FALSE) -> 58.588 | E108: =VLOOKUP($C108,'[1]Résumé date'!$D$8:$H$387,'[1]Résumé date'!F$6,FALSE) -> 53.261818 | F108: =VLOOKUP($C108,'[1]Résumé date'!$D$8:$H$387,'[1]Résumé date'!G$6,FALSE) -> 0.3 | G108: =VLOOKUP($C108,'[1]Résumé date'!$D$8:$H$387,'[1]Résumé date'!H$6,FALSE) -> 43.2 | I108: =(H108)/1.1 -> 0 | J108: =L108*(1+[1]Données!$K$15) -> 0 | K108: =+M108/[1]Données!$H$14 -> 0 | T108: =IF(M108=0,"",+IF(SUM(N108:S108)=M108,"OK","ATTENTION")) | U108: =SUM($H$96:H108) -> 14442.13
A109: =IF(MONTH(C109)=MONTH(TODAY()),1,0) -> 1 | B109: =IF(C109<TODAY(),MONTH($C109),0) -> 0 | C109: =C108+1 -> 43204 | D109: =VLOOKUP($C109,'[1]Résumé date'!$D$8:$H$387,'[1]Résumé date'!E$6,FALSE) -> 58.588 | E109: =VLOOKUP($C109,'[1]Résumé date'!$D$8:$H$387,'[1]Résumé date'!F$6,FALSE) -> 53.261818 | F109: =VLOOKUP($C109,'[1]Résumé date'!$D$8:$H$387,'[1]Résumé date'!G$6,FALSE) -> 0.3 | G109: =VLOOKUP($C109,'[1]Résumé date'!$D$8:$H$387,'[1]Résumé date'!H$6,FALSE) -> 43.2 | I109: =(H109)/1.1 -> 0 | J109: =L109*(1+[1]Données!$K$15) -> 0 | K109: =+M109/[1]Données!$H$14 -> 0 | T109: =IF(M109=0,"",+IF(SUM(N109:S109)=M109,"OK","ATTENTION")) | U109: =SUM($H$96:H109) -> 14442.13
A110: =IF(MONTH(C110)=MONTH(TODAY()),1,0) -> 1 | B110: =IF(C110<TODAY(),MONTH($C110),0) -> 0 | C110: =C109+1 -> 43205 | D110: =VLOOKUP($C110,'[1]Résumé date'!$D$8:$H$387,'[1]Résumé date'!E$6,FALSE) -> 58.588 | E110: =VLOOKUP($C110,'[1]Résumé date'!$D$8:$H$387,'[1]Résumé date'!F$6,FALSE) -> 53.261818 | F110: =VLOOKUP($C110,'[1]Résumé date'!$D$8:$H$387,'[1]Résumé date'!G$6,FALSE) -> 0.3 | G110: =VLOOKUP($C110,'[1]Résumé date'!$D$8:$H$387,'[1]Résumé date'!H$6,FALSE) -> 43.2 | I110: =(H110)/1.1 -> 0 | J110: =L110*(1+[1]Données!$K$15) -> 0 | K110: =+M110/[1]Données!$H$14 -> 0 | T110: =IF(M110=0,"",+IF(SUM(N110:S110)=M110,"OK","ATTENTION")) | U110: =SUM($H$96:H110) -> 14442.13
A111: =IF(MONTH(C111)=MONTH(TODAY()),1,0) -> 1 | B111: =IF(C111<TODAY(),MONTH($C111),0) -> 0 | C111: =C110+1 -> 43206 | D111: =VLOOKUP($C111,'[1]Résumé date'!$D$8:$H$387,'[1]Résumé date'!E$6,FALSE) -> 102.738 | E111: =VLOOKUP($C111,'[1]Résumé date'!$D$8:$H$387,'[1]Résumé date'!F$6,FALSE) -> 93.398182 | F111: =VLOOKUP($C111,'[1]Résumé date'!$D$8:$H$387,'[1]Résumé date'!G$6,FALSE) -> 0.65 | G111: =VLOOKUP($C111,'[1]Résumé date'!$D$8:$H$387,'[1]Résumé date'!H$6,FALSE) -> 93.6 | I111: =(H111)/1.1 -> 0 | J111: =L111*(1+[1]Données!$K$15) -> 0 | K111: =+M111/[1]Données!$H$14 -> 0 | T111: =IF(M111=0,"",+IF(SUM(N111:S111)=M111,"OK","ATTENTION")) | U111: =SUM($H$96:H111) -> 14442.13
A112: =IF(MONTH(C112)=MONTH(TODAY()),1,0) -> 1 | B112: =IF(C112<TODAY(),MONTH($C112),0) -> 0 | C112: =C111+1 -> 43207 | D112: =VLOOKUP($C112,'[1]Résumé date'!$D$8:$H$387,'[1]Résumé date'!E$6,FALSE) -> 102.738 | E112: =VLOOKUP($C112,'[1]Résumé date'!$D$8:$H$387,'[1]Résumé date'!F$6,FALSE) -> 93.398182 | F112: =VLOOKUP($C112,'[1]Résumé date'!$D$8:$H$387,'[1]Résumé date'!G$6,FALSE) -> 0.65 | G112: =VLOOKUP($C112,'[1]Résumé date'!$D$8:$H$387,'[1]Résumé date'!H$6,FALSE) -> 93.6 | I112: =(H112)/1.1 -> 0 | J112: =L112*(1+[1]Données!$K$15) -> 0 | K112: =+M112/[1]Données!$H$14 -> 0 | T112: =IF(M112=0,"",+IF(SUM(N112:S112)=M112,"OK","ATTENTION")) | U112: =SUM($H$96:H112) -> 14442.13
... A125: =IF(MONTH(C125)=MONTH(TODAY()),1,0) -> 1 | B125: =IF(C125<TODAY(),MONTH($C125),0) -> 0 | C125: =C124+1 -> 43220 | D125: =VLOOKUP($C125,'[1]Résumé date'!$D$8:$H$387,'[1]Résumé date'!E$6,FALSE) -> 58.588 | E125: =VLOOKUP($C125,'[1]Résumé date'!$D$8:$H$387,'[1]Résumé date'!F$6,FALSE) -> 53.261818 | F125: =VLOOKUP($C125,'[1]Résumé date'!$D$8:$H$387,'[1]Résumé date'!G$6,FALSE) -> 0.3 | G125: =VLOOKUP($C125,'[1]Résumé date'!$D$8:$H$387,'[1]Résumé date'!H$6,FALSE) -> 43.2 | I125: =(H125)/1.1 -> 0 | J125: =L125*(1+[1]Données!$K$15) -> 0 | K125: =+M125/[1]Données!$H$14 -> 0 | T125: =IF(M125=0,"",+IF(SUM(N125:S125)=M125,"OK","ATTENTION")) | U125: =SUM($H$96:H125) -> 14442.13
A126: =IF(MONTH(C126)=MONTH(TODAY()),1,0) -> 0 | B126: =IF(C126<TODAY(),MONTH($C126),0) -> 0 | C126: =C125+1 -> 43221 | D126: =VLOOKUP($C126,'[1]Résumé date'!$D$8:$H$387,'[1]Résumé date'!E$6,FALSE) -> 58.860502 | E126: =VLOOKUP($C126,'[1]Résumé date'!$D$8:$H$387,'[1]Résumé date'!F$6,FALSE) -> 53.509548 | F126: =VLOOKUP($C126,'[1]Résumé date'!$D$8:$H$387,'[1]Résumé date'!G$6,FALSE) -> 0.29861111 | G126: =VLOOKUP($C126,'[1]Résumé date'!$D$8:$H$387,'[1]Résumé date'!H$6,FALSE) -> 43 | I126: =(H126)/1.1 -> 0 | J126: =L126*(1+[1]Données!$K$15) -> 0 | K126: =+M126/[1]Données!$H$14 -> 0 | T126: =IF(M126=0,"",+IF(SUM(N126:S126)=M126,"OK","ATTENTION")) | U126: =SUM($H$126:H126) -> 0
A127: =IF(MONTH(C127)=MONTH(TODAY()),1,0) -> 0 | B127: =IF(C127<TODAY(),MONTH($C127),0) -> 0 | C127: =C126+1 -> 43222 | D127: =VLOOKUP($C127,'[1]Résumé date'!$D$8:$H$387,'[1]Résumé date'!E$6,FALSE) -> 102.30082 | E127: =VLOOKUP($C127,'[1]Résumé date'!$D$8:$H$387,'[1]Résumé date'!F$6,FALSE) -> 93.000743 | F127: =VLOOKUP($C127,'[1]Résumé date'!$D$8:$H$387,'[1]Résumé date'!G$6,FALSE) -> 0.65277778 | G127: =VLOOKUP($C127,'[1]Résumé date'!$D$8:$H$387,'[1]Résumé date'!H$6,FALSE) -> 94 | I127: =(H127)/1.1 -> 0 | J127: =L127*(1+[1]Données!$K$15) -> 0 | K127: =+M127/[1]Données!$H$14 -> 0 | T127: =IF(M127=0,"",+IF(SUM(N127:S127)=M127,"OK","ATTENTION")) | U127: =SUM($H$126:H127) -> 0
A128: =IF(MONTH(C128)=MONTH(TODAY()),1,0) -> 0 | B128: =IF(C128<TODAY(),MONTH($C128),0) -> 0 | C128: =C127+1 -> 43223 | D128: =VLOOKUP($C128,'[1]Résumé date'!$D$8:$H$387,'[1]Résumé date'!E$6,FALSE) -> 102.30082 | E128: =VLOOKUP($C128,'[1]Résumé date'!$D$8:$H$387,'[1]Résumé date'!F$6,FALSE) -> 93.000743 | F128: =VLOOKUP($C128,'[1]Résumé date'!$D$8:$H$387,'[1]Résumé date'!G$6,FALSE) -> 0.65277778 | G128: =VLOOKUP($C128,'[1]Résumé date'!$D$8:$H$387,'[1]Résumé date'!H$6,FALSE) -> 94 | I128: =(H128)/1.1 -> 0 | J128: =L128*(1+[1]Données!$K$15) -> 0 | K128: =+M128/[1]Données!$H$14 -> 0 | T128: =IF(M128=0,"",+IF(SUM(N128:S128)=M128,"OK","ATTENTION")) | U128: =SUM($H$126:H128) -> 0
A129: =IF(MONTH(C129)=MONTH(TODAY()),1,0) -> 0 | B129: =IF(C129<TODAY(),MONTH($C129),0) -> 0 | C129: =C128+1 -> 43224 | D129: =VLOOKUP($C129,'[1]Résumé date'!$D$8:$H$387,'[1]Résumé date'!E$6,FALSE) -> 65.108415 | E129: =VLOOKUP($C129,'[1]Résumé date'!$D$8:$H$387,'[1]Résumé date'!F$6,FALSE) -> 59.189468 | F129: =VLOOKUP($C129,'[1]Résumé date'!$D$8:$H$387,'[1]Résumé date'!G$6,FALSE) -> 0.54861111 | G129: =VLOOKUP($C129,'[1]Résumé date'!$D$8:$H$387,'[1]Résumé date'!H$6,FALSE) -> 79 | I129: =(H129)/1.1 -> 0 | J129: =L129*(1+[1]Données!$K$15) -> 0 | K129: =+M129/[1]Données!$H$14 -> 0 | T129: =IF(M129=0,"",+IF(SUM(N129:S129)=M129,"OK","ATTENTION")) | U129: =SUM($H$126:H129) -> 0
A130: =IF(MONTH(C130)=MONTH(TODAY()),1,0) -> 0 | B130: =IF(C130<TODAY(),MONTH($C130),0) -> 0 | C130: =C129+1 -> 43225 | D130: =VLOOKUP($C130,'[1]Résumé date'!$D$8:$H$387,'[1]Résumé date'!E$6,FALSE) -> 65.108415 | E130: =VLOOKUP($C130,'[1]Résumé date'!$D$8:$H$387,'[1]Résumé date'!F$6,FALSE) -> 59.189468 | F130: =VLOOKUP($C130,'[1]Résumé date'!$D$8:$H$387,'[1]Résumé date'!G$6,FALSE) -> 0.54861111 | G130: =VLOOKUP($C130,'[1]Résumé date'!$D$8:$H$387,'[1]Résumé date'!H$6,FALSE) -> 79 | I130: =(H130)/1.1 -> 0 | J130: =L130*(1+[1]Données!$K$15) -> 0 | K130: =+M130/[1]Données!$H$14 -> 0 | T130: =IF(M130=0,"",+IF(SUM(N130:S130)=M130,"OK","ATTENTION")) | U130: =SUM($H$126:H130) -> 0
A131: =IF(MONTH(C131)=MONTH(TODAY()),1,0) -> 0 | B131: =IF(C131<TODAY(),MONTH($C131),0) -> 0 | C131: =C130+1 -> 43226 | D131: =VLOOKUP($C131,'[1]Résumé date'!$D$8:$H$387,'[1]Résumé date'!E$6,FALSE) -> 65.108415 | E131: =VLOOKUP($C131,'[1]Résumé date'!$D$8:$H$387,'[1]Résumé date'!F$6,FALSE) -> 59.189468 | F131: =VLOOKUP($C131,'[1]Résumé date'!$D$8:$H$387,'[1]Résumé date'!G$6,FALSE) -> 0.54861111 | G131: =VLOOKUP($C131,'[1]Résumé date'!$D$8:$H$387,'[1]Résumé date'!H$6,FALSE) -> 79 | I131: =(H131)/1.1 -> 0 | J131: =L131*(1+[1]Données!$K$15) -> 0 | K131: =+M131/[1]Données!$H$14 -> 0 | T131: =IF(M131=0,"",+IF(SUM(N131:S131)=M131,"OK","ATTENTION")) | U131: =SUM($H$126:H131) -> 0
A132: =IF(MONTH(C132)=MONTH(TODAY()),1,0) -> 0 | B132: =IF(C132<TODAY(),MONTH($C132),0) -> 0 | C132: =C131+1 -> 43227 | D132: =VLOOKUP($C132,'[1]Résumé date'!$D$8:$H$387,'[1]Résumé date'!E$6,FALSE) -> 65.108415 | E132: =VLOOKUP($C132,'[1]Résumé date'!$D$8:$H$387,'[1]Résumé date'!F$6,FALSE) -> 59.189468 | F132: =VLOOKUP($C132,'[1]Résumé date'!$D$8:$H$387,'[1]Résumé date'!G$6,FALSE) -> 0.54861111 | G132: =VLOOKUP($C132,'[1]Résumé date'!$D$8:$H$387,'[1]Résumé date'!H$6,FALSE) -> 79 | I132: =(H132)/1.1 -> 0 | J132: =L132*(1+[1]Données!$K$15) -> 0 | K132: =+M132/[1]Données!$H$14 -> 0 | T132: =IF(M132=0,"",+IF(SUM(N132:S132)=M132,"OK","ATTENTION")) | U132: =SUM($H$126:H132) -> 0
A133: =IF(MONTH(C133)=MONTH(TODAY()),1,0) -> 0 | B133: =IF(C133<TODAY(),MONTH($C133),0) -> 0 | C133: =C132+1 -> 43228 | D133: =VLOOKUP($C133,'[1]Résumé date'!$D$8:$H$387,'[1]Résumé date'!E$6,FALSE) -> 65.108415 | E133: =VLOOKUP($C133,'[1]Résumé date'!$D$8:$H$387,'[1]Résumé date'!F$6,FALSE) -> 59.189468 | F133: =VLOOKUP($C133,'[1]Résumé date'!$D$8:$H$387,'[1]Résumé date'!G$6,FALSE) -> 0.54861111 | G133: =VLOOKUP($C133,'[1]Résumé date'!$D$8:$H$387,'[1]Résumé date'!H$6,FALSE) -> 79 | I133: =(H133)/1.1 -> 0 | J133: =L133*(1+[1]Données!$K$15) -> 0 | K133: =+M133/[1]Données!$H$14 -> 0 | T133: =IF(M133=0,"",+IF(SUM(N133:S133)=M133,"OK","ATTENTION")) | U133: =SUM($H$126:H133) -> 0
A134: =IF(MONTH(C134)=MONTH(TODAY()),1,0) -> 0 | B134: =IF(C134<TODAY(),MONTH($C134),0) -> 0 | C134: =C133+1 -> 43229 | D134: =VLOOKUP($C134,'[1]Résumé date'!$D$8:$H$387,'[1]Résumé date'!E$6,FALSE) -> 102.30082 | E134: =VLOOKUP($C134,'[1]Résumé date'!$D$8:$H$387,'[1]Résumé date'!F$6,FALSE) -> 93.000743 | F134: =VLOOKUP($C134,'[1]Résumé date'!$D$8:$H$387,'[1]Résumé date'!G$6,FALSE) -> 0.65277778 | G134: =VLOOKUP($C134,'[1]Résumé date'!$D$8:$H$387,'[1]Résumé date'!H$6,FALSE) -> 94 | I134: =(H134)/1.1 -> 0 | J134: =L134*(1+[1]Données!$K$15) -> 0 | K134: =+M134/[1]Données!$H$14 -> 0 | T134: =IF(M134=0,"",+IF(SUM(N134:S134)=M134,"OK","ATTENTION")) | U134: =SUM($H$126:H134) -> 0
A135: =IF(MONTH(C135)=MONTH(TODAY()),1,0) -> 0 | B135: =IF(C135<TODAY(),MONTH($C135),0) -> 0 | C135: =C134+1 -> 43230 | D135: =VLOOKUP($C135,'[1]Résumé date'!$D$8:$H$387,'[1]Résumé date'!E$6,FALSE) -> 102.30082 | E135: =VLOOKUP($C135,'[1]Résumé date'!$D$8:$H$387,'[1]Résumé date'!F$6,FALSE) -> 93.000743 | F135: =VLOOKUP($C135,'[1]Résumé date'!$D$8:$H$387,'[1]Résumé date'!G$6,FALSE) -> 0.65277778 | G135: =VLOOKUP($C135,'[1]Résumé date'!$D$8:$H$387,'[1]Résumé date'!H$6,FALSE) -> 94 | I135: =(H135)/1.1 -> 0 | J135: =L135*(1+[1]Données!$K$15) -> 0 | K135: =+M135/[1]Données!$H$14 -> 0 | T135: =IF(M135=0,"",+IF(SUM(N135:S135)=M135,"OK","ATTENTION")) | U135: =SUM($H$126:H135) -> 0
A136: =IF(MONTH(C136)=MONTH(TODAY()),1,0) -> 0 | B136: =IF(C136<TODAY(),MONTH($C136),0) -> 0 | C136: =C135+1 -> 43231 | D136: =VLOOKUP($C136,'[1]Résumé date'!$D$8:$H$387,'[1]Résumé date'!E$6,FALSE) -> 65.108415 | E136: =VLOOKUP($C136,'[1]Résumé date'!$D$8:$H$387,'[1]Résumé date'!F$6,FALSE) -> 59.189468 | F136: =VLOOKUP($C136,'[1]Résumé date'!$D$8:$H$387,'[1]Résumé date'!G$6,FALSE) -> 0.54861111 | G136: =VLOOKUP($C136,'[1]Résumé date'!$D$8:$H$387,'[1]Résumé date'!H$6,FALSE) -> 79 | I136: =(H136)/1.1 -> 0 | J136: =L136*(1+[1]Données!$K$15) -> 0 | K136: =+M136/[1]Données!$H$14 -> 0 | T136: =IF(M136=0,"",+IF(SUM(N136:S136)=M136,"OK","ATTENTION")) | U136: =SUM($H$126:H136) -> 0
A137: =IF(MONTH(C137)=MONTH(TODAY()),1,0) -> 0 | B137: =IF(C137<TODAY(),MONTH($C137),0) -> 0 | C137: =C136+1 -> 43232 | D137: =VLOOKUP($C137,'[1]Résumé date'!$D$8:$H$387,'[1]Résumé date'!E$6,FALSE) -> 65.108415 | E137: =VLOOKUP($C137,'[1]Résumé date'!$D$8:$H$387,'[1]Résumé date'!F$6,FALSE) -> 59.189468 | F137: =VLOOKUP($C137,'[1]Résumé date'!$D$8:$H$387,'[1]Résumé date'!G$6,FALSE) -> 0.54861111 | G137: =VLOOKUP($C137,'[1]Résumé date'!$D$8:$H$387,'[1]Résumé date'!H$6,FALSE) -> 79 | I137: =(H137)/1.1 -> 0 | J137: =L137*(1+[1]Données!$K$15) -> 0 | K137: =+M137/[1]Données!$H$14 -> 0 | T137: =IF(M137=0,"",+IF(SUM(N137:S137)=M137,"OK","ATTENTION")) | U137: =SUM($H$126:H137) -> 0
... A156: =IF(MONTH(C156)=MONTH(TODAY()),1,0) -> 0 | B156: =IF(C156<TODAY(),MONTH($C156),0) -> 0 | C156: =C155+1 -> 43251 | D156: =VLOOKUP($C156,'[1]Résumé date'!$D$8:$H$387,'[1]Résumé date'!E$6,FALSE) -> 113.69109 | E156: =VLOOKUP($C156,'[1]Résumé date'!$D$8:$H$387,'[1]Résumé date'!F$6,FALSE) -> 103.35554 | F156: =VLOOKUP($C156,'[1]Résumé date'!$D$8:$H$387,'[1]Résumé date'!G$6,FALSE) -> 0.75694444 | G156: =VLOOKUP($C156,'[1]Résumé date'!$D$8:$H$387,'[1]Résumé date'!H$6,FALSE) -> 109 | I156: =(H156)/1.1 -> 0 | J156: =L156*(1+[1]Données!$K$15) -> 0 | K156: =+M156/[1]Données!$H$14 -> 0 | T156: =IF(M156=0,"",+IF(SUM(N156:S156)=M156,"OK","ATTENTION")) | U156: =SUM($H$126:H156) -> 0
A157: =IF(MONTH(C157)=MONTH(TODAY()),1,0) -> 0 | B157: =IF(C157<TODAY(),MONTH($C157),0) -> 0 | C157: =C156+1 -> 43252 | D157: =VLOOKUP($C157,'[1]Résumé date'!$D$8:$H$387,'[1]Résumé date'!E$6,FALSE) -> 64.512911 | E157: =VLOOKUP($C157,'[1]Résumé date'!$D$8:$H$387,'[1]Résumé date'!F$6,FALSE) -> 58.648101 | F157: =VLOOKUP($C157,'[1]Résumé date'!$D$8:$H$387,'[1]Résumé date'!G$6,FALSE) -> 0.54861111 | G157: =VLOOKUP($C157,'[1]Résumé date'!$D$8:$H$387,'[1]Résumé date'!H$6,FALSE) -> 79 | I157: =(H157)/1.1 -> 0 | J157: =L157*(1+[1]Données!$K$15) -> 0 | K157: =+M157/[1]Données!$H$14 -> 0 | T157: =IF(M157=0,"",+IF(SUM(N157:S157)=M157,"OK","ATTENTION")) | U157: =SUM($H$157:H157) -> 0
A158: =IF(MONTH(C158)=MONTH(TODAY()),1,0) -> 0 | B158: =IF(C158<TODAY(),MONTH($C158),0) -> 0 | C158: =C157+1 -> 43253 | D158: =VLOOKUP($C158,'[1]Résumé date'!$D$8:$H$387,'[1]Résumé date'!E$6,FALSE) -> 73.857 | E158: =VLOOKUP($C158,'[1]Résumé date'!$D$8:$H$387,'[1]Résumé date'!F$6,FALSE) -> 67.142727 | F158: =VLOOKUP($C158,'[1]Résumé date'!$D$8:$H$387,'[1]Résumé date'!G$6,FALSE) -> 0.75 | G158: =VLOOKUP($C158,'[1]Résumé date'!$D$8:$H$387,'[1]Résumé date'!H$6,FALSE) -> 108 | I158: =(H158)/1.1 -> 0 | J158: =L158*(1+[1]Données!$K$15) -> 0 | K158: =+M158/[1]Données!$H$14 -> 0 | T158: =IF(M158=0,"",+IF(SUM(N158:S158)=M158,"OK","ATTENTION")) | U158: =SUM($H$157:H158) -> 0
A159: =IF(MONTH(C159)=MONTH(TODAY()),1,0) -> 0 | B159: =IF(C159<TODAY(),MONTH($C159),0) -> 0 | C159: =C158+1 -> 43254 | D159: =VLOOKUP($C159,'[1]Résumé date'!$D$8:$H$387,'[1]Résumé date'!E$6,FALSE) -> 64.512911 | E159: =VLOOKUP($C159,'[1]Résumé date'!$D$8:$H$387,'[1]Résumé date'!F$6,FALSE) -> 58.648101 | F159: =VLOOKUP($C159,'[1]Résumé date'!$D$8:$H$387,'[1]Résumé date'!G$6,FALSE) -> 0.54861111 | G159: =VLOOKUP($C159,'[1]Résumé date'!$D$8:$H$387,'[1]Résumé date'!H$6,FALSE) -> 79 | I159: =(H159)/1.1 -> 0 | J159: =L159*(1+[1]Données!$K$15) -> 0 | K159: =+M159/[1]Données!$H$14 -> 0 | T159: =IF(M159=0,"",+IF(SUM(N159:S159)=M159,"OK","ATTENTION")) | U159: =SUM($H$157:H159) -> 0
A160: =IF(MONTH(C160)=MONTH(TODAY()),1,0) -> 0 | B160: =IF(C160<TODAY(),MONTH($C160),0) -> 0 | C160: =C159+1 -> 43255 | D160: =VLOOKUP($C160,'[1]Résumé date'!$D$8:$H$387,'[1]Résumé date'!E$6,FALSE) -> 128.13645 | E160: =VLOOKUP($C160,'[1]Résumé date'!$D$8:$H$387,'[1]Résumé date'!F$6,FALSE) -> 116.48768 | F160: =VLOOKUP($C160,'[1]Résumé date'!$D$8:$H$387,'[1]Résumé date'!G$6,FALSE) -> 0.97222222 | G160: =VLOOKUP($C160,'[1]Résumé date'!$D$8:$H$387,'[1]Résumé date'!H$6,FALSE) -> 140 | I160: =(H160)/1.1 -> 0 | J160: =L160*(1+[1]Données!$K$15) -> 0 | K160: =+M160/[1]Données!$H$14 -> 0 | T160: =IF(M160=0,"",+IF(SUM(N160:S160)=M160,"OK","ATTENTION")) | U160: =SUM($H$157:H160) -> 0
A161: =IF(MONTH(C161)=MONTH(TODAY()),1,0) -> 0 | B161: =IF(C161<TODAY(),MONTH($C161),0) -> 0 | C161: =C160+1 -> 43256 | D161: =VLOOKUP($C161,'[1]Résumé date'!$D$8:$H$387,'[1]Résumé date'!E$6,FALSE) -> 128.13645 | E161: =VLOOKUP($C161,'[1]Résumé date'!$D$8:$H$387,'[1]Résumé date'!F$6,FALSE) -> 116.48768 | F161: =VLOOKUP($C161,'[1]Résumé date'!$D$8:$H$387,'[1]Résumé date'!G$6,FALSE) -> 0.97222222 | G161: =VLOOKUP($C161,'[1]Résumé date'!$D$8:$H$387,'[1]Résumé date'!H$6,FALSE) -> 140 | I161: =(H161)/1.1 -> 0 | J161: =L161*(1+[1]Données!$K$15) -> 0 | K161: =+M161/[1]Données!$H$14 -> 0 | T161: =IF(M161=0,"",+IF(SUM(N161:S161)=M161,"OK","ATTENTION")) | U161: =SUM($H$157:H161) -> 0
A162: =IF(MONTH(C162)=MONTH(TODAY()),1,0) -> 0 | B162: =IF(C162<TODAY(),MONTH($C162),0) -> 0 | C162: =C161+1 -> 43257 | D162: =VLOOKUP($C162,'[1]Résumé date'!$D$8:$H$387,'[1]Résumé date'!E$6,FALSE) -> 128.13645 | E162: =VLOOKUP($C162,'[1]Résumé date'!$D$8:$H$387,'[1]Résumé date'!F$6,FALSE) -> 116.48768 | F162: =VLOOKUP($C162,'[1]Résumé date'!$D$8:$H$387,'[1]Résumé date'!G$6,FALSE) -> 0.97222222 | G162: =VLOOKUP($C162,'[1]Résumé date'!$D$8:$H$387,'[1]Résumé date'!H$6,FALSE) -> 140 | I162: =(H162)/1.1 -> 0 | J162: =L162*(1+[1]Données!$K$15) -> 0 | K162: =+M162/[1]Données!$H$14 -> 0 | T162: =IF(M162=0,"",+IF(SUM(N162:S162)=M162,"OK","ATTENTION")) | U162: =SUM($H$157:H162) -> 0
A163: =IF(MONTH(C163)=MONTH(TODAY()),1,0) -> 0 | B163: =IF(C163<TODAY(),MONTH($C163),0) -> 0 | C163: =C162+1 -> 43258 | D163: =VLOOKUP($C163,'[1]Résumé date'!$D$8:$H$387,'[1]Résumé date'!E$6,FALSE) -> 114.25536 | E163: =VLOOKUP($C163,'[1]Résumé date'!$D$8:$H$387,'[1]Résumé date'!F$6,FALSE) -> 103.86851 | F163: =VLOOKUP($C163,'[1]Résumé date'!$D$8:$H$387,'[1]Résumé date'!G$6,FALSE) -> 0.75694444 | G163: =VLOOKUP($C163,'[1]Résumé date'!$D$8:$H$387,'[1]Résumé date'!H$6,FALSE) -> 109 | I163: =(H163)/1.1 -> 0 | J163: =L163*(1+[1]Données!$K$15) -> 0 | K163: =+M163/[1]Données!$H$14 -> 0 | T163: =IF(M163=0,"",+IF(SUM(N163:S163)=M163,"OK","ATTENTION")) | U163: =SUM($H$157:H163) -> 0
A164: =IF(MONTH(C164)=MONTH(TODAY()),1,0) -> 0 | B164: =IF(C164<TODAY(),MONTH($C164),0) -> 0 | C164: =C163+1 -> 43259 | D164: =VLOOKUP($C164,'[1]Résumé date'!$D$8:$H$387,'[1]Résumé date'!E$6,FALSE) -> 64.512911 | E164: =VLOOKUP($C164,'[1]Résumé date'!$D$8:$H$387,'[1]Résumé date'!F$6,FALSE) -> 58.648101 | F164: =VLOOKUP($C164,'[1]Résumé date'!$D$8:$H$387,'[1]Résumé date'!G$6,FALSE) -> 0.54861111 | G164: =VLOOKUP($C164,'[1]Résumé date'!$D$8:$H$387,'[1]Résumé date'!H$6,FALSE) -> 79 | I164: =(H164)/1.1 -> 0 | J164: =L164*(1+[1]Données!$K$15) -> 0 | K164: =+M164/[1]Données!$H$14 -> 0 | T164: =IF(M164=0,"",+IF(SUM(N164:S164)=M164,"OK","ATTENTION")) | U164: =SUM($H$157:H164) -> 0
A165: =IF(MONTH(C165)=MONTH(TODAY()),1,0) -> 0 | B165: =IF(C165<TODAY(),MONTH($C165),0) -> 0 | C165: =C164+1 -> 43260 | D165: =VLOOKUP($C165,'[1]Résumé date'!$D$8:$H$387,'[1]Résumé date'!E$6,FALSE) -> 73.857 | E165: =VLOOKUP($C165,'[1]Résumé date'!$D$8:$H$387,'[1]Résumé date'!F$6,FALSE) -> 67.142727 | F165: =VLOOKUP($C165,'[1]Résumé date'!$D$8:$H$387,'[1]Résumé date'!G$6,FALSE) -> 0.75 | G165: =VLOOKUP($C165,'[1]Résumé date'!$D$8:$H$387,'[1]Résumé date'!H$6,FALSE) -> 108 | I165: =(H165)/1.1 -> 0 | J165: =L165*(1+[1]Données!$K$15) -> 0 | K165: =+M165/[1]Données!$H$14 -> 0 | T165: =IF(M165=0,"",+IF(SUM(N165:S165)=M165,"OK","ATTENTION")) | U165: =SUM($H$157:H165) -> 0
A166: =IF(MONTH(C166)=MONTH(TODAY()),1,0) -> 0 | B166: =IF(C166<TODAY(),MONTH($C166),0) -> 0 | C166: =C165+1 -> 43261 | D166: =VLOOKUP($C166,'[1]Résumé date'!$D$8:$H$387,'[1]Résumé date'!E$6,FALSE) -> 64.512911 | E166: =VLOOKUP($C166,'[1]Résumé date'!$D$8:$H$387,'[1]Résumé date'!F$6,FALSE) -> 58.648101 | F166: =VLOOKUP($C166,'[1]Résumé date'!$D$8:$H$387,'[1]Résumé date'!G$6,FALSE) -> 0.54861111 | G166: =VLOOKUP($C166,'[1]Résumé date'!$D$8:$H$387,'[1]Résumé date'!H$6,FALSE) -> 79 | I166: =(H166)/1.1 -> 0 | J166: =L166*(1+[1]Données!$K$15) -> 0 | K166: =+M166/[1]Données!$H$14 -> 0 | T166: =IF(M166=0,"",+IF(SUM(N166:S166)=M166,"OK","ATTENTION")) | U166: =SUM($H$157:H166) -> 0
A167: =IF(MONTH(C167)=MONTH(TODAY()),1,0) -> 0 | B167: =IF(C167<TODAY(),MONTH($C167),0) -> 0 | C167: =C166+1 -> 43262 | D167: =VLOOKUP($C167,'[1]Résumé date'!$D$8:$H$387,'[1]Résumé date'!E$6,FALSE) -> 128.13645 | E167: =VLOOKUP($C167,'[1]Résumé date'!$D$8:$H$387,'[1]Résumé date'!F$6,FALSE) -> 116.48768 | F167: =VLOOKUP($C167,'[1]Résumé date'!$D$8:$H$387,'[1]Résumé date'!G$6,FALSE) -> 0.97222222 | G167: =VLOOKUP($C167,'[1]Résumé date'!$D$8:$H$387,'[1]Résumé date'!H$6,FALSE) -> 140 | I167: =(H167)/1.1 -> 0 | J167: =L167*(1+[1]Données!$K$15) -> 0 | K167: =+M167/[1]Données!$H$14 -> 0 | T167: =IF(M167=0,"",+IF(SUM(N167:S167)=M167,"OK","ATTENTION")) | U167: =SUM($H$157:H167) -> 0
A168: =IF(MONTH(C168)=MONTH(TODAY()),1,0) -> 0 | B168: =IF(C168<TODAY(),MONTH($C168),0) -> 0 | C168: =C167+1 -> 43263 | D168: =VLOOKUP($C168,'[1]Résumé date'!$D$8:$H$387,'[1]Résumé date'!E$6,FALSE) -> 128.13645 | E168: =VLOOKUP($C168,'[1]Résumé date'!$D$8:$H$387,'[1]Résumé date'!F$6,FALSE) -> 116.48768 | F168: =VLOOKUP($C168,'[1]Résumé date'!$D$8:$H$387,'[1]Résumé date'!G$6,FALSE) -> 0.97222222 | G168: =VLOOKUP($C168,'[1]Résumé date'!$D$8:$H$387,'[1]Résumé date'!H$6,FALSE) -> 140 | I168: =(H168)/1.1 -> 0 | J168: =L168*(1+[1]Données!$K$15) -> 0 | K168: =+M168/[1]Données!$H$14 -> 0 | T168: =IF(M168=0,"",+IF(SUM(N168:S168)=M168,"OK","ATTENTION")) | U168: =SUM($H$157:H168) -> 0
... A186: =IF(MONTH(C186)=MONTH(TODAY()),1,0) -> 0 | B186: =IF(C186<TODAY(),MONTH($C186),0) -> 0 | C186: =C185+1 -> 43281 | D186: =VLOOKUP($C186,'[1]Résumé date'!$D$8:$H$387,'[1]Résumé date'!E$6,FALSE) -> 64.512911 | E186: =VLOOKUP($C186,'[1]Résumé date'!$D$8:$H$387,'[1]Résumé date'!F$6,FALSE) -> 58.648101 | F186: =VLOOKUP($C186,'[1]Résumé date'!$D$8:$H$387,'[1]Résumé date'!G$6,FALSE) -> 0.54861111 | G186: =VLOOKUP($C186,'[1]Résumé date'!$D$8:$H$387,'[1]Résumé date'!H$6,FALSE) -> 79 | I186: =(H186)/1.1 -> 0 | J186: =L186*(1+[1]Données!$K$15) -> 0 | K186: =+M186/[1]Données!$H$14 -> 0 | T186: =IF(M186=0,"",+IF(SUM(N186:S186)=M186,"OK","ATTENTION")) | U186: =SUM($H$157:H186) -> 0
A187: =IF(MONTH(C187)=MONTH(TODAY()),1,0) -> 0 | B187: =IF(C187<TODAY(),MONTH($C187),0) -> 0 | C187: =C186+1 -> 43282 | D187: =VLOOKUP($C187,'[1]Résumé date'!$D$8:$H$387,'[1]Résumé date'!E$6,FALSE) -> 65.108415 | E187: =VLOOKUP($C187,'[1]Résumé date'!$D$8:$H$387,'[1]Résumé date'!F$6,FALSE) -> 59.189468 | F187: =VLOOKUP($C187,'[1]Résumé date'!$D$8:$H$387,'[1]Résumé date'!G$6,FALSE) -> 0.54861111 | G187: =VLOOKUP($C187,'[1]Résumé date'!$D$8:$H$387,'[1]Résumé date'!H$6,FALSE) -> 79 | I187: =(H187)/1.1 -> 0 | J187: =L187*(1+[1]Données!$K$15) -> 0 | K187: =+M187/[1]Données!$H$14 -> 0 | T187: =IF(M187=0,"",+IF(SUM(N187:S187)=M187,"OK","ATTENTION")) | U187: =SUM($H$187:H187) -> 0
A188: =IF(MONTH(C188)=MONTH(TODAY()),1,0) -> 0 | B188: =IF(C188<TODAY(),MONTH($C188),0) -> 0 | C188: =C187+1 -> 43283 | D188: =VLOOKUP($C188,'[1]Résumé date'!$D$8:$H$387,'[1]Résumé date'!E$6,FALSE) -> 113.69109 | E188: =VLOOKUP($C188,'[1]Résumé date'!$D$8:$H$387,'[1]Résumé date'!F$6,FALSE) -> 103.35554 | F188: =VLOOKUP($C188,'[1]Résumé date'!$D$8:$H$387,'[1]Résumé date'!G$6,FALSE) -> 0.75694444 | G188: =VLOOKUP($C188,'[1]Résumé date'!$D$8:$H$387,'[1]Résumé date'!H$6,FALSE) -> 109 | I188: =(H188)/1.1 -> 0 | J188: =L188*(1+[1]Données!$K$15) -> 0 | K188: =+M188/[1]Données!$H$14 -> 0 | T188: =IF(M188=0,"",+IF(SUM(N188:S188)=M188,"OK","ATTENTION")) | U188: =SUM($H$187:H188) -> 0
A189: =IF(MONTH(C189)=MONTH(TODAY()),1,0) -> 0 | B189: =IF(C189<TODAY(),MONTH($C189),0) -> 0 | C189: =C188+1 -> 43284 | D189: =VLOOKUP($C189,'[1]Résumé date'!$D$8:$H$387,'[1]Résumé date'!E$6,FALSE) -> 123.09799 | E189: =VLOOKUP($C189,'[1]Résumé date'!$D$8:$H$387,'[1]Résumé date'!F$6,FALSE) -> 111.90726 | F189: =VLOOKUP($C189,'[1]Résumé date'!$D$8:$H$387,'[1]Résumé date'!G$6,FALSE) -> 0.97222222 | G189: =VLOOKUP($C189,'[1]Résumé date'!$D$8:$H$387,'[1]Résumé date'!H$6,FALSE) -> 140 | I189: =(H189)/1.1 -> 0 | J189: =L189*(1+[1]Données!$K$15) -> 0 | K189: =+M189/[1]Données!$H$14 -> 0 | T189: =IF(M189=0,"",+IF(SUM(N189:S189)=M189,"OK","ATTENTION")) | U189: =SUM($H$187:H189) -> 0
A190: =IF(MONTH(C190)=MONTH(TODAY()),1,0) -> 0 | B190: =IF(C190<TODAY(),MONTH($C190),0) -> 0 | C190: =C189+1 -> 43285 | D190: =VLOOKUP($C190,'[1]Résumé date'!$D$8:$H$387,'[1]Résumé date'!E$6,FALSE) -> 123.09799 | E190: =VLOOKUP($C190,'[1]Résumé date'!$D$8:$H$387,'[1]Résumé date'!F$6,FALSE) -> 111.90726 | F190: =VLOOKUP($C190,'[1]Résumé date'!$D$8:$H$387,'[1]Résumé date'!G$6,FALSE) -> 0.97222222 | G190: =VLOOKUP($C190,'[1]Résumé date'!$D$8:$H$387,'[1]Résumé date'!H$6,FALSE) -> 140 | I190: =(H190)/1.1 -> 0 | J190: =L190*(1+[1]Données!$K$15) -> 0 | K190: =+M190/[1]Données!$H$14 -> 0 | T190: =IF(M190=0,"",+IF(SUM(N190:S190)=M190,"OK","ATTENTION")) | U190: =SUM($H$187:H190) -> 0
A191: =IF(MONTH(C191)=MONTH(TODAY()),1,0) -> 0 | B191: =IF(C191<TODAY(),MONTH($C191),0) -> 0 | C191: =C190+1 -> 43286 | D191: =VLOOKUP($C191,'[1]Résumé date'!$D$8:$H$387,'[1]Résumé date'!E$6,FALSE) -> 113.69109 | E191: =VLOOKUP($C191,'[1]Résumé date'!$D$8:$H$387,'[1]Résumé date'!F$6,FALSE) -> 103.35554 | F191: =VLOOKUP($C191,'[1]Résumé date'!$D$8:$H$387,'[1]Résumé date'!G$6,FALSE) -> 0.75694444 | G191: =VLOOKUP($C191,'[1]Résumé date'!$D$8:$H$387,'[1]Résumé date'!H$6,FALSE) -> 109 | I191: =(H191)/1.1 -> 0 | J191: =L191*(1+[1]Données!$K$15) -> 0 | K191: =+M191/[1]Données!$H$14 -> 0 | T191: =IF(M191=0,"",+IF(SUM(N191:S191)=M191,"OK","ATTENTION")) | U191: =SUM($H$187:H191) -> 0
A192: =IF(MONTH(C192)=MONTH(TODAY()),1,0) -> 0 | B192: =IF(C192<TODAY(),MONTH($C192),0) -> 0 | C192: =C191+1 -> 43287 | D192: =VLOOKUP($C192,'[1]Résumé date'!$D$8:$H$387,'[1]Résumé date'!E$6,FALSE) -> 65.108415 | E192: =VLOOKUP($C192,'[1]Résumé date'!$D$8:$H$387,'[1]Résumé date'!F$6,FALSE) -> 59.189468 | F192: =VLOOKUP($C192,'[1]Résumé date'!$D$8:$H$387,'[1]Résumé date'!G$6,FALSE) -> 0.54861111 | G192: =VLOOKUP($C192,'[1]Résumé date'!$D$8:$H$387,'[1]Résumé date'!H$6,FALSE) -> 79 | I192: =(H192)/1.1 -> 0 | J192: =L192*(1+[1]Données!$K$15) -> 0 | K192: =+M192/[1]Données!$H$14 -> 0 | T192: =IF(M192=0,"",+IF(SUM(N192:S192)=M192,"OK","ATTENTION")) | U192: =SUM($H$187:H192) -> 0
A193: =IF(MONTH(C193)=MONTH(TODAY()),1,0) -> 0 | B193: =IF(C193<TODAY(),MONTH($C193),0) -> 0 | C193: =C192+1 -> 43288 | D193: =VLOOKUP($C193,'[1]Résumé date'!$D$8:$H$387,'[1]Résumé date'!E$6,FALSE) -> 74.4456 | E193: =VLOOKUP($C193,'[1]Résumé date'!$D$8:$H$387,'[1]Résumé date'!F$6,FALSE) -> 67.677818 | F193: =VLOOKUP($C193,'[1]Résumé date'!$D$8:$H$387,'[1]Résumé date'!G$6,FALSE) -> 0.75 | G193: =VLOOKUP($C193,'[1]Résumé date'!$D$8:$H$387,'[1]Résumé date'!H$6,FALSE) -> 108 | I193: =(H193)/1.1 -> 0 | J193: =L193*(1+[1]Données!$K$15) -> 0 | K193: =+M193/[1]Données!$H$14 -> 0 | T193: =IF(M193=0,"",+IF(SUM(N193:S193)=M193,"OK","ATTENTION")) | U193: =SUM($H$187:H193) -> 0
A194: =IF(MONTH(C194)=MONTH(TODAY()),1,0) -> 0 | B194: =IF(C194<TODAY(),MONTH($C194),0) -> 0 | C194: =C193+1 -> 43289 | D194: =VLOOKUP($C194,'[1]Résumé date'!$D$8:$H$387,'[1]Résumé date'!E$6,FALSE) -> 65.108415 | E194: =VLOOKUP($C194,'[1]Résumé date'!$D$8:$H$387,'[1]Résumé date'!F$6,FALSE) -> 59.189468 | F194: =VLOOKUP($C194,'[1]Résumé date'!$D$8:$H$387,'[1]Résumé date'!G$6,FALSE) -> 0.54861111 | G194: =VLOOKUP($C194,'[1]Résumé date'!$D$8:$H$387,'[1]Résumé date'!H$6,FALSE) -> 79 | I194: =(H194)/1.1 -> 0 | J194: =L194*(1+[1]Données!$K$15) -> 0 | K194: =+M194/[1]Données!$H$14 -> 0 | T194: =IF(M194=0,"",+IF(SUM(N194:S194)=M194,"OK","ATTENTION")) | U194: =SUM($H$187:H194) -> 0
A195: =IF(MONTH(C195)=MONTH(TODAY()),1,0) -> 0 | B195: =IF(C195<TODAY(),MONTH($C195),0) -> 0 | C195: =C194+1 -> 43290 | D195: =VLOOKUP($C195,'[1]Résumé date'!$D$8:$H$387,'[1]Résumé date'!E$6,FALSE) -> 113.69109 | E195: =VLOOKUP($C195,'[1]Résumé date'!$D$8:$H$387,'[1]Résumé date'!F$6,FALSE) -> 103.35554 | F195: =VLOOKUP($C195,'[1]Résumé date'!$D$8:$H$387,'[1]Résumé date'!G$6,FALSE) -> 0.75694444 | G195: =VLOOKUP($C195,'[1]Résumé date'!$D$8:$H$387,'[1]Résumé date'!H$6,FALSE) -> 109 | I195: =(H195)/1.1 -> 0 | J195: =L195*(1+[1]Données!$K$15) -> 0 | K195: =+M195/[1]Données!$H$14 -> 0 | T195: =IF(M195=0,"",+IF(SUM(N195:S195)=M195,"OK","ATTENTION")) | U195: =SUM($H$187:H195) -> 0
A196: =IF(MONTH(C196)=MONTH(TODAY()),1,0) -> 0 | B196: =IF(C196<TODAY(),MONTH($C196),0) -> 0 | C196: =C195+1 -> 43291 | D196: =VLOOKUP($C196,'[1]Résumé date'!$D$8:$H$387,'[1]Résumé date'!E$6,FALSE) -> 113.69109 | E196: =VLOOKUP($C196,'[1]Résumé date'!$D$8:$H$387,'[1]Résumé date'!F$6,FALSE) -> 103.35554 | F196: =VLOOKUP($C196,'[1]Résumé date'!$D$8:$H$387,'[1]Résumé date'!G$6,FALSE) -> 0.75694444 | G196: =VLOOKUP($C196,'[1]Résumé date'!$D$8:$H$387,'[1]Résumé date'!H$6,FALSE) -> 109 | I196: =(H196)/1.1 -> 0 | J196: =L196*(1+[1]Données!$K$15) -> 0 | K196: =+M196/[1]Données!$H$14 -> 0 | T196: =IF(M196=0,"",+IF(SUM(N196:S196)=M196,"OK","ATTENTION")) | U196: =SUM($H$187:H196) -> 0
A197: =IF(MONTH(C197)=MONTH(TODAY()),1,0) -> 0 | B197: =IF(C197<TODAY(),MONTH($C197),0) -> 0 | C197: =C196+1 -> 43292 | D197: =VLOOKUP($C197,'[1]Résumé date'!$D$8:$H$387,'[1]Résumé date'!E$6,FALSE) -> 113.69109 | E197: =VLOOKUP($C197,'[1]Résumé date'!$D$8:$H$387,'[1]Résumé date'!F$6,FALSE) -> 103.35554 | F197: =VLOOKUP($C197,'[1]Résumé date'!$D$8:$H$387,'[1]Résumé date'!G$6,FALSE) -> 0.75694444 | G197: =VLOOKUP($C197,'[1]Résumé date'!$D$8:$H$387,'[1]Résumé date'!H$6,FALSE) -> 109 | I197: =(H197)/1.1 -> 0 | J197: =L197*(1+[1]Données!$K$15) -> 0 | K197: =+M197/[1]Données!$H$14 -> 0 | T197: =IF(M197=0,"",+IF(SUM(N197:S197)=M197,"OK","ATTENTION")) | U197: =SUM($H$187:H197) -> 0
A198: =IF(MONTH(C198)=MONTH(TODAY()),1,0) -> 0 | B198: =IF(C198<TODAY(),MONTH($C198),0) -> 0 | C198: =C197+1 -> 43293 | D198: =VLOOKUP($C198,'[1]Résumé date'!$D$8:$H$387,'[1]Résumé date'!E$6,FALSE) -> 113.69109 | E198: =VLOOKUP($C198,'[1]Résumé date'!$D$8:$H$387,'[1]Résumé date'!F$6,FALSE) -> 103.35554 | F198: =VLOOKUP($C198,'[1]Résumé date'!$D$8:$H$387,'[1]Résumé date'!G$6,FALSE) -> 0.75694444 | G198: =VLOOKUP($C198,'[1]Résumé date'!$D$8:$H$387,'[1]Résumé date'!H$6,FALSE) -> 109 | I198: =(H198)/1.1 -> 0 | J198: =L198*(1+[1]Données!$K$15) -> 0 | K198: =+M198/[1]Données!$H$14 -> 0 | T198: =IF(M198=0,"",+IF(SUM(N198:S198)=M198,"OK","ATTENTION")) | U198: =SUM($H$187:H198) -> 0
... A217: =IF(MONTH(C217)=MONTH(TODAY()),1,0) -> 0 | B217: =IF(C217<TODAY(),MONTH($C217),0) -> 0 | C217: =C216+1 -> 43312 | D217: =VLOOKUP($C217,'[1]Résumé date'!$D$8:$H$387,'[1]Résumé date'!E$6,FALSE) -> 53.428136 | E217: =VLOOKUP($C217,'[1]Résumé date'!$D$8:$H$387,'[1]Résumé date'!F$6,FALSE) -> 48.571033 | F217: =VLOOKUP($C217,'[1]Résumé date'!$D$8:$H$387,'[1]Résumé date'!G$6,FALSE) -> 0.65277778 | G217: =VLOOKUP($C217,'[1]Résumé date'!$D$8:$H$387,'[1]Résumé date'!H$6,FALSE) -> 94 | I217: =(H217)/1.1 -> 0 | J217: =L217*(1+[1]Données!$K$15) -> 0 | K217: =+M217/[1]Données!$H$14 -> 0 | T217: =IF(M217=0,"",+IF(SUM(N217:S217)=M217,"OK","ATTENTION")) | U217: =SUM($H$187:H217) -> 0
...

Sheet Autre revenus
C5: Date | D5: Petits Déjeuners | E5: PDJ Restaurant 1 | F5: PDJ - Petit Déjeuner | G5: PDG - Petit Déjeuner Groupe | H5: Total PDJ Restaurant 1 | I5: Total Petits Déjeuners | J5: Restaurants et Banquets | K5: Restaurant 1 Midi | L5: RMX - Restaurant Midi [N] | M5: RMXA - Restaurant Midi [BA] | N5: RMXB - Restaurant Midi [BS] | O5: Total Restaurant 1 Midi | P5: Restaurant 1 Soir | Q5: RSH - Restaurant Soir [N] | R5: RS1 - Restaurant Soir | S5: RSHA - Restaurant Soir [BA] | T5: RSHB - Restaurant Soir [BS] | U5: Total Restaurant 1 Soir | V5: Room Service Midi | W5: ROSE - Room Service [N] | X5: ROSB - Room Service [BS] | Y5: ROSA - Room Service [BA] | Z5: Total Room Service Midi | AA5: Banquet Midi | AB5: RJE - Journée Etude [N] | AC5: RJEA - Journée Etude [BA] | AD5: RJEB - Journée Etude [BS] | AE5: RSU - Sur Mersure [N] | AF5: RSUA - Sur Mersure [BA] | AG5: RSUB - Sur Mersure [BS] | AH5: Total Banquet Midi | AI5: Banquet Soir | AJ5: RLC - Cocktail [N] | AK5: RLCA - Cocktail [BA] | AL5: RLCB - Cocktail [BS] | AM5: RSS - Séminaire Résidentiel [N] | AN5: RSSB - Séminaire Résidentiel [BS] | AO5: RSSA - Séminaire Résidentiel [BA] | AP5: GTS - Groupe Loisir [N] | AQ5: GTSA - Groupe Loisir [BA] | AR5: GTSB - Groupe Loisir [BS] | AS5: Total Banquet Soir | AT5: Banquet Cocktail | AU5: RPA - Pause [N] | AV5: Total Banquet Cocktail | AW5: Total Restaurants et Banquets | AX5: Bar | AY5: Bar 1 Soir | AZ5: BS - Bar Soir [N] | BA5: BSOA - Bar Soir [BA] | BB5: BSOB - Bar Soir [BS] | BC5: Total Bar 1 Soir | BD5: Total Bar | BE5: Location de Salle | BF5: Location de Salle | BG5: LOS - Location salle | BH5: Total Location de Salle | BI5: Total Location de Salle | BJ5: Ventes Diverses | BK5: Divers Autres | BL5: AFF - Affranchissement | BM5: BAG - Bagages | BN5: Total Divers Autres | BO5: Boutique | BP5: BOU - Boutique [20%] | BQ5: BOUR - Boutique [10%] | BR5: Total Boutique | BS5: Total Ventes Diverses | BT5: Hors C.A. | BU5: Taxes | BV5: TXS - Taxe de Séjour | BW5: TPT - Taxe Départementale | BX5: Total Taxes | BY5: Total Hors C.A. | BZ5: Total
A6: =IF(MONTH(C6)=MONTH(TODAY()),1,0) -> 0 | B6: =IF(A6=0,0,IF(C6<TODAY(),MONTH($C6),0)) -> 0 | C6: =Hébergement!C6 -> 43101
A7: =IF(MONTH(C7)=MONTH(TODAY()),1,0) -> 0 | B7: =IF(A7=0,0,IF(C7<TODAY(),MONTH($C7),0)) -> 0 | C7: =Hébergement!C7 -> 43102
A8: =IF(MONTH(C8)=MONTH(TODAY()),1,0) -> 0 | B8: =IF(A8=0,0,IF(C8<TODAY(),MONTH($C8),0)) -> 0 | C8: =Hébergement!C8 -> 43103
A9: =IF(MONTH(C9)=MONTH(TODAY()),1,0) -> 0 | B9: =IF(A9=0,0,IF(C9<TODAY(),MONTH($C9),0)) -> 0 | C9: =Hébergement!C9 -> 43104
A10: =IF(MONTH(C10)=MONTH(TODAY()),1,0) -> 0 | B10: =IF(A10=0,0,IF(C10<TODAY(),MONTH($C10),0)) -> 0 | C10: =Hébergement!C10 -> 43105
A11: =IF(MONTH(C11)=MONTH(TODAY()),1,0) -> 0 | B11: =IF(A11=0,0,IF(C11<TODAY(),MONTH($C11),0)) -> 0 | C11: =Hébergement!C11 -> 43106
A12: =IF(MONTH(C12)=MONTH(TODAY()),1,0) -> 0 | B12: =IF(A12=0,0,IF(C12<TODAY(),MONTH($C12),0)) -> 0 | C12: =Hébergement!C12 -> 43107 | AE12: =AA12/[1]Données!$K$11 -> 0 | AF12: =Y12/[1]Données!$K$10 -> 0 | AG12: =AA12 -> 0 | AH12: =Y12+AB12 -> 0
A13: =IF(MONTH(C13)=MONTH(TODAY()),1,0) -> 0 | B13: =IF(A13=0,0,IF(C13<TODAY(),MONTH($C13),0)) -> 0 | C13: =Hébergement!C13 -> 43108 | AE13: =AA13/[1]Données!$K$11 -> 0 | AF13: =Y13/[1]Données!$K$10 -> 0 | AG13: =AA13 -> 0 | AH13: =Y13+AB13 -> 0
A14: =IF(MONTH(C14)=MONTH(TODAY()),1,0) -> 0 | B14: =IF(A14=0,0,IF(C14<TODAY(),MONTH($C14),0)) -> 0 | C14: =Hébergement!C14 -> 43109 | AE14: =AA14/[1]Données!$K$11 -> 0 | AF14: =Y14/[1]Données!$K$10 -> 0 | AG14: =AA14 -> 0 | AH14: =Y14+AB14 -> 0
A15: =IF(MONTH(C15)=MONTH(TODAY()),1,0) -> 0 | B15: =IF(A15=0,0,IF(C15<TODAY(),MONTH($C15),0)) -> 0 | C15: =Hébergement!C15 -> 43110 | AE15: =AA15/[1]Données!$K$11 -> 0 | AF15: =Y15/[1]Données!$K$10 -> 0 | AG15: =AA15 -> 0 | AH15: =Y15+AB15 -> 0
A16: =IF(MONTH(C16)=MONTH(TODAY()),1,0) -> 0 | B16: =IF(A16=0,0,IF(C16<TODAY(),MONTH($C16),0)) -> 0 | C16: =Hébergement!C16 -> 43111 | AE16: =AA16/[1]Données!$K$11 -> 0 | AF16: =Y16/[1]Données!$K$10 -> 0 | AG16: =AA16 -> 0 | AH16: =Y16+AB16 -> 0
A17: =IF(MONTH(C17)=MONTH(TODAY()),1,0) -> 0 | B17: =IF(A17=0,0,IF(C17<TODAY(),MONTH($C17),0)) -> 0 | C17: =Hébergement!C17 -> 43112 | AE17: =AA17/[1]Données!$K$11 -> 0 | AF17: =Y17/[1]Données!$K$10 -> 0 | AG17: =AA17 -> 0 | AH17: =Y17+AB17 -> 0
A18: =IF(MONTH(C18)=MONTH(TODAY()),1,0) -> 0 | B18: =IF(A18=0,0,IF(C18<TODAY(),MONTH($C18),0)) -> 0 | C18: =Hébergement!C18 -> 43113 | AE18: =AA18/[1]Données!$K$11 -> 0 | AF18: =Y18/[1]Données!$K$10 -> 0 | AG18: =AA18 -> 0 | AH18: =Y18+AB18 -> 0
A19: =IF(MONTH(C19)=MONTH(TODAY()),1,0) -> 0 | B19: =IF(A19=0,0,IF(C19<TODAY(),MONTH($C19),0)) -> 0 | C19: =Hébergement!C19 -> 43114 | AE19: =AA19/[1]Données!$K$11 -> 0 | AF19: =Y19/[1]Données!$K$10 -> 0 | AG19: =AA19 -> 0 | AH19: =Y19+AB19 -> 0
A20: =IF(MONTH(C20)=MONTH(TODAY()),1,0) -> 0 | B20: =IF(A20=0,0,IF(C20<TODAY(),MONTH($C20),0)) -> 0 | C20: =Hébergement!C20 -> 43115 | AE20: =AA20/[1]Données!$K$11 -> 0 | AF20: =Y20/[1]Données!$K$10 -> 0 | AG20: =AA20 -> 0 | AH20: =Y20+AB20 -> 0
A21: =IF(MONTH(C21)=MONTH(TODAY()),1,0) -> 0 | B21: =IF(A21=0,0,IF(C21<TODAY(),MONTH($C21),0)) -> 0 | C21: =Hébergement!C21 -> 43116 | AE21: =AA21/[1]Données!$K$11 -> 0 | AF21: =Y21/[1]Données!$K$10 -> 0 | AG21: =AA21 -> 0 | AH21: =Y21+AB21 -> 0
A22: =IF(MONTH(C22)=MONTH(TODAY()),1,0) -> 0 | B22: =IF(A22=0,0,IF(C22<TODAY(),MONTH($C22),0)) -> 0 | C22: =Hébergement!C22 -> 43117 | AE22: =AA22/[1]Données!$K$11 -> 0 | AF22: =Y22/[1]Données!$K$10 -> 0 | AG22: =AA22 -> 0 | AH22: =Y22+AB22 -> 0
A23: =IF(MONTH(C23)=MONTH(TODAY()),1,0) -> 0 | B23: =IF(A23=0,0,IF(C23<TODAY(),MONTH($C23),0)) -> 0 | C23: =Hébergement!C23 -> 43118 | AE23: =AA23/[1]Données!$K$11 -> 0 | AF23: =Y23/[1]Données!$K$10 -> 0 | AG23: =AA23 -> 0 | AH23: =Y23+AB23 -> 0
... A36: =IF(MONTH(C36)=MONTH(TODAY()),1,0) -> 0 | B36: =IF(A36=0,0,IF(C36<TODAY(),MONTH($C36),0)) -> 0 | C36: =Hébergement!C36 -> 43131 | AE36: =AA36/[1]Données!$K$11 -> 0 | AF36: =Y36/[1]Données!$K$10 -> 0 | AG36: =AA36 -> 0 | AH36: =Y36+AB36 -> 0
A37: =IF(MONTH(C37)=MONTH(TODAY()),1,0) -> 0 | B37: =IF(A37=0,IF(C37<TODAY(),MONTH($C37),0),0) -> 2 | C37: =Hébergement!C37 -> 43132 | AE37: =AA37/[1]Données!$K$11 -> 0 | AF37: =Y37/[1]Données!$K$10 -> 0 | AG37: =AA37 -> 0 | AH37: =Y37+AB37 -> 0
A38: =IF(MONTH(C38)=MONTH(TODAY()),1,0) -> 0 | B38: =IF(A38=0,IF(C38<TODAY(),MONTH($C38),0),0) -> 2 | C38: =Hébergement!C38 -> 43133 | AE38: =AA38/[1]Données!$K$11 -> 0 | AF38: =Y38/[1]Données!$K$10 -> 0 | AG38: =AA38 -> 0 | AH38: =Y38+AB38 -> 0
A39: =IF(MONTH(C39)=MONTH(TODAY()),1,0) -> 0 | B39: =IF(A39=0,IF(C39<TODAY(),MONTH($C39),0),0) -> 2 | C39: =Hébergement!C39 -> 43134 | AE39: =AA39/[1]Données!$K$11 -> 0 | AF39: =Y39/[1]Données!$K$10 -> 0 | AG39: =AA39 -> 0 | AH39: =Y39+AB39 -> 0
A40: =IF(MONTH(C40)=MONTH(TODAY()),1,0) -> 0 | B40: =IF(A40=0,IF(C40<TODAY(),MONTH($C40),0),0) -> 2 | C40: =Hébergement!C40 -> 43135 | AE40: =AA40/[1]Données!$K$11 -> 0 | AF40: =Y40/[1]Données!$K$10 -> 0 | AG40: =AA40 -> 0 | AH40: =Y40+AB40 -> 0
A41: =IF(MONTH(C41)=MONTH(TODAY()),1,0) -> 0 | B41: =IF(A41=0,IF(C41<TODAY(),MONTH($C41),0),0) -> 2 | C41: =Hébergement!C41 -> 43136 | AE41: =AA41/[1]Données!$K$11 -> 0 | AF41: =Y41/[1]Données!$K$10 -> 0 | AG41: =AA41 -> 0 | AH41: =Y41+AB41 -> 0
A42: =IF(MONTH(C42)=MONTH(TODAY()),1,0) -> 0 | B42: =IF(A42=0,IF(C42<TODAY(),MONTH($C42),0),0) -> 2 | C42: =Hébergement!C42 -> 43137 | AE42: =AA42/[1]Données!$K$11 -> 0 | AF42: =Y42/[1]Données!$K$10 -> 0 | AG42: =AA42 -> 0 | AH42: =Y42+AB42 -> 0
A43: =IF(MONTH(C43)=MONTH(TODAY()),1,0) -> 0 | B43: =IF(A43=0,IF(C43<TODAY(),MONTH($C43),0),0) -> 2 | C43: =Hébergement!C43 -> 43138 | AE43: =AA43/[1]Données!$K$11 -> 0 | AF43: =Y43/[1]Données!$K$10 -> 0 | AG43: =AA43 -> 0 | AH43: =Y43+AB43 -> 0
A44: =IF(MONTH(C44)=MONTH(TODAY()),1,0) -> 0 | B44: =IF(A44=0,IF(C44<TODAY(),MONTH($C44),0),0) -> 2 | C44: =Hébergement!C44 -> 43139 | AE44: =AA44/[1]Données!$K$11 -> 0 | AF44: =Y44/[1]Données!$K$10 -> 0 | AG44: =AA44 -> 0 | AH44: =Y44+AB44 -> 0
A45: =IF(MONTH(C45)=MONTH(TODAY()),1,0) -> 0 | B45: =IF(A45=0,IF(C45<TODAY(),MONTH($C45),0),0) -> 2 | C45: =Hébergement!C45 -> 43140 | AE45: =AA45/[1]Données!$K$11 -> 0 | AF45: =Y45/[1]Données!$K$10 -> 0 | AG45: =AA45 -> 0 | AH45: =Y45+AB45 -> 0
A46: =IF(MONTH(C46)=MONTH(TODAY()),1,0) -> 0 | B46: =IF(A46=0,IF(C46<TODAY(),MONTH($C46),0),0) -> 2 | C46: =Hébergement!C46 -> 43141 | AE46: =AA46/[1]Données!$K$11 -> 0 | AF46: =Y46/[1]Données!$K$10 -> 0 | AG46: =AA46 -> 0 | AH46: =Y46+AB46 -> 0
A47: =IF(MONTH(C47)=MONTH(TODAY()),1,0) -> 0 | B47: =IF(A47=0,IF(C47<TODAY(),MONTH($C47),0),0) -> 2 | C47: =Hébergement!C47 -> 43142 | AE47: =AA47/[1]Données!$K$11 -> 0 | AF47: =Y47/[1]Données!$K$10 -> 0 | AG47: =AA47 -> 0 | AH47: =Y47+AB47 -> 0
A48: =IF(MONTH(C48)=MONTH(TODAY()),1,0) -> 0 | B48: =IF(A48=0,IF(C48<TODAY(),MONTH($C48),0),0) -> 2 | C48: =Hébergement!C48 -> 43143 | AE48: =AA48/[1]Données!$K$11 -> 0 | AF48: =Y48/[1]Données!$K$10 -> 0 | AG48: =AA48 -> 0 | AH48: =Y48+AB48 -> 0
... A64: =IF(MONTH(C64)=MONTH(TODAY()),1,0) -> 0 | B64: =IF(A64=0,IF(C64<TODAY(),MONTH($C64),0),0) -> 2 | C64: =Hébergement!C64 -> 43159 | AE64: =AA64/[1]Données!$K$11 -> 0 | AF64: =Y64/[1]Données!$K$10 -> 0 | AG64: =AA64 -> 0 | AH64: =Y64+AB64 -> 0
A65: =IF(MONTH(C65)=MONTH(TODAY()),1,0) -> 0 | B65: =IF(C65<TODAY(),MONTH($C65),0) -> 3 | C65: =Hébergement!C65 -> 43160 | AE65: =AA65/[1]Données!$K$11 -> 0 | AF65: =Y65/[1]Données!$K$10 -> 0 | AG65: =AA65 -> 0 | AH65: =Y65+AB65 -> 0
A66: =IF(MONTH(C66)=MONTH(TODAY()),1,0) -> 0 | B66: =IF(C66<TODAY(),MONTH($C66),0) -> 3 | C66: =Hébergement!C66 -> 43161 | AE66: =AA66/[1]Données!$K$11 -> 0 | AF66: =Y66/[1]Données!$K$10 -> 0 | AG66: =AA66 -> 0 | AH66: =Y66+AB66 -> 0
A67: =IF(MONTH(C67)=MONTH(TODAY()),1,0) -> 0 | B67: =IF(C67<TODAY(),MONTH($C67),0) -> 3 | C67: =Hébergement!C67 -> 43162 | AE67: =AA67/[1]Données!$K$11 -> 0 | AF67: =Y67/[1]Données!$K$10 -> 0 | AG67: =AA67 -> 0 | AH67: =Y67+AB67 -> 0
A68: =IF(MONTH(C68)=MONTH(TODAY()),1,0) -> 0 | B68: =IF(C68<TODAY(),MONTH($C68),0) -> 3 | C68: =Hébergement!C68 -> 43163 | AE68: =AA68/[1]Données!$K$11 -> 0 | AF68: =Y68/[1]Données!$K$10 -> 0 | AG68: =AA68 -> 0 | AH68: =Y68+AB68 -> 0
A69: =IF(MONTH(C69)=MONTH(TODAY()),1,0) -> 0 | B69: =IF(C69<TODAY(),MONTH($C69),0) -> 3 | C69: =Hébergement!C69 -> 43164 | AE69: =AA69/[1]Données!$K$11 -> 0 | AF69: =Y69/[1]Données!$K$10 -> 0 | AG69: =AA69 -> 0 | AH69: =Y69+AB69 -> 0
A70: =IF(MONTH(C70)=MONTH(TODAY()),1,0) -> 0 | B70: =IF(C70<TODAY(),MONTH($C70),0) -> 3 | C70: =Hébergement!C70 -> 43165 | AE70: =AA70/[1]Données!$K$11 -> 0 | AF70: =Y70/[1]Données!$K$10 -> 0 | AG70: =AA70 -> 0 | AH70: =Y70+AB70 -> 0
A71: =IF(MONTH(C71)=MONTH(TODAY()),1,0) -> 0 | B71: =IF(C71<TODAY(),MONTH($C71),0) -> 3 | C71: =Hébergement!C71 -> 43166 | AE71: =AA71/[1]Données!$K$11 -> 0 | AF71: =Y71/[1]Données!$K$10 -> 0 | AG71: =AA71 -> 0 | AH71: =Y71+AB71 -> 0
A72: =IF(MONTH(C72)=MONTH(TODAY()),1,0) -> 0 | B72: =IF(C72<TODAY(),MONTH($C72),0) -> 3 | C72: =Hébergement!C72 -> 43167 | AE72: =AA72/[1]Données!$K$11 -> 0 | AF72: =Y72/[1]Données!$K$10 -> 0 | AG72: =AA72 -> 0 | AH72: =Y72+AB72 -> 0
A73: =IF(MONTH(C73)=MONTH(TODAY()),1,0) -> 0 | B73: =IF(C73<TODAY(),MONTH($C73),0) -> 3 | C73: =Hébergement!C73 -> 43168 | AE73: =AA73/[1]Données!$K$11 -> 0 | AF73: =Y73/[1]Données!$K$10 -> 0 | AG73: =AA73 -> 0 | AH73: =Y73+AB73 -> 0
A74: =IF(MONTH(C74)=MONTH(TODAY()),1,0) -> 0 | B74: =IF(C74<TODAY(),MONTH($C74),0) -> 3 | C74: =Hébergement!C74 -> 43169 | AE74: =AA74/[1]Données!$K$11 -> 0 | AF74: =Y74/[1]Données!$K$10 -> 0 | AG74: =AA74 -> 0 | AH74: =Y74+AB74 -> 0
A75: =IF(MONTH(C75)=MONTH(TODAY()),1,0) -> 0 | B75: =IF(C75<TODAY(),MONTH($C75),0) -> 3 | C75: =Hébergement!C75 -> 43170 | AE75: =AA75/[1]Données!$K$11 -> 0 | AF75: =Y75/[1]Données!$K$10 -> 0 | AG75: =AA75 -> 0 | AH75: =Y75+AB75 -> 0
A76: =IF(MONTH(C76)=MONTH(TODAY()),1,0) -> 0 | B76: =IF(C76<TODAY(),MONTH($C76),0) -> 3 | C76: =Hébergement!C76 -> 43171 | AE76: =AA76/[1]Données!$K$11 -> 0 | AF76: =Y76/[1]Données!$K$10 -> 0 | AG76: =AA76 -> 0 | AH76: =Y76+AB76 -> 0
... A95: =IF(MONTH(C95)=MONTH(TODAY()),1,0) -> 0 | B95: =IF(C95<TODAY(),MONTH($C95),0) -> 3 | C95: =Hébergement!C95 -> 43190 | AE95: =AA95/[1]Données!$K$11 -> 0 | AF95: =Y95/[1]Données!$K$10 -> 0 | AG95: =AA95 -> 0 | AH95: =Y95+AB95 -> 0
A96: =IF(MONTH(C96)=MONTH(TODAY()),1,0) -> 1 | B96: =IF(C96<TODAY(),MONTH($C96),0) -> 4 | C96: =Hébergement!C96 -> 43191 | D96: =+IF($C96=[1]Résultats!$C$3,VLOOKUP(D$5,Sheet1!$B$15:$AG$104,8,FALSE),0) -> 0 | E96: =+IF($C96=[1]Résultats!$C$3,VLOOKUP(E$5,Sheet1!$B$15:$AG$104,8,FALSE),0) -> 0 | F96: =+IF($C96=[1]Résultats!$C$3,VLOOKUP(F$5,Sheet1!$B$15:$AG$104,8,FALSE),0) -> 0 | G96: =+IF($C96=[1]Résultats!$C$3,VLOOKUP(G$5,Sheet1!$B$15:$AG$104,8,FALSE),0) -> 0 | H96: =+IF($C96=[1]Résultats!$C$3,VLOOKUP(H$5,Sheet1!$B$15:$AG$104,8,FALSE),0) -> 0 | I96: =+IF($C96=[1]Résultats!$C$3,VLOOKUP(I$5,Sheet1!$B$15:$AG$104,8,FALSE),0) -> 0 | J96: =+IF($C96=[1]Résultats!$C$3,VLOOKUP(J$5,Sheet1!$B$15:$AG$104,8,FALSE),0) -> 0 | K96: =+IF($C96=[1]Résultats!$C$3,VLOOKUP(K$5,Sheet1!$B$15:$AG$104,8,FALSE),0) -> 0 | ... BZ96: =+IF($C96=[1]Résultats!$C$3,VLOOKUP(BZ$5,Sheet1!$B$15:$AG$104,8,FALSE),0) -> 0
A97: =IF(MONTH(C97)=MONTH(TODAY()),1,0) -> 1 | B97: =IF(C97<TODAY(),MONTH($C97),0) -> 4 | C97: =Hébergement!C97 -> 43192 | D97: =+IF($C97=[1]Résultats!$C$3,VLOOKUP(D$5,Sheet1!$B$15:$AG$104,8,FALSE),0) -> 0 | E97: =+IF($C97=[1]Résultats!$C$3,VLOOKUP(E$5,Sheet1!$B$15:$AG$104,8,FALSE),0) -> 0 | F97: =+IF($C97=[1]Résultats!$C$3,VLOOKUP(F$5,Sheet1!$B$15:$AG$104,8,FALSE),0) -> 0 | G97: =+IF($C97=[1]Résultats!$C$3,VLOOKUP(G$5,Sheet1!$B$15:$AG$104,8,FALSE),0) -> 0 | H97: =+IF($C97=[1]Résultats!$C$3,VLOOKUP(H$5,Sheet1!$B$15:$AG$104,8,FALSE),0) -> 0 | I97: =+IF($C97=[1]Résultats!$C$3,VLOOKUP(I$5,Sheet1!$B$15:$AG$104,8,FALSE),0) -> 0 | J97: =+IF($C97=[1]Résultats!$C$3,VLOOKUP(J$5,Sheet1!$B$15:$AG$104,8,FALSE),0) -> 0 | K97: =+IF($C97=[1]Résultats!$C$3,VLOOKUP(K$5,Sheet1!$B$15:$AG$104,8,FALSE),0) -> 0 | ... BZ97: =+IF($C97=[1]Résultats!$C$3,VLOOKUP(BZ$5,Sheet1!$B$15:$AG$104,8,FALSE),0) -> 0
A98: =IF(MONTH(C98)=MONTH(TODAY()),1,0) -> 1 | B98: =IF(C98<TODAY(),MONTH($C98),0) -> 4 | C98: =Hébergement!C98 -> 43193 | D98: =+IF($C98=[1]Résultats!$C$3,VLOOKUP(D$5,Sheet1!$B$15:$AG$104,8,FALSE),0) -> 0 | E98: =+IF($C98=[1]Résultats!$C$3,VLOOKUP(E$5,Sheet1!$B$15:$AG$104,8,FALSE),0) -> 0 | F98: =+IF($C98=[1]Résultats!$C$3,VLOOKUP(F$5,Sheet1!$B$15:$AG$104,8,FALSE),0) -> 0 | G98: =+IF($C98=[1]Résultats!$C$3,VLOOKUP(G$5,Sheet1!$B$15:$AG$104,8,FALSE),0) -> 0 | H98: =+IF($C98=[1]Résultats!$C$3,VLOOKUP(H$5,Sheet1!$B$15:$AG$104,8,FALSE),0) -> 0 | I98: =+IF($C98=[1]Résultats!$C$3,VLOOKUP(I$5,Sheet1!$B$15:$AG$104,8,FALSE),0) -> 0 | J98: =+IF($C98=[1]Résultats!$C$3,VLOOKUP(J$5,Sheet1!$B$15:$AG$104,8,FALSE),0) -> 0 | K98: =+IF($C98=[1]Résultats!$C$3,VLOOKUP(K$5,Sheet1!$B$15:$AG$104,8,FALSE),0) -> 0 | ... BZ98: =+IF($C98=[1]Résultats!$C$3,VLOOKUP(BZ$5,Sheet1!$B$15:$AG$104,8,FALSE),0) -> 0
A99: =IF(MONTH(C99)=MONTH(TODAY()),1,0) -> 1 | B99: =IF(C99<TODAY(),MONTH($C99),0) -> 4 | C99: =Hébergement!C99 -> 43194 | D99: =+IF($C99=[1]Résultats!$C$3,VLOOKUP(D$5,Sheet1!$B$15:$AG$104,8,FALSE),0) -> 0 | E99: =+IF($C99=[1]Résultats!$C$3,VLOOKUP(E$5,Sheet1!$B$15:$AG$104,8,FALSE),0) -> 0 | F99: =+IF($C99=[1]Résultats!$C$3,VLOOKUP(F$5,Sheet1!$B$15:$AG$104,8,FALSE),0) -> 0 | G99: =+IF($C99=[1]Résultats!$C$3,VLOOKUP(G$5,Sheet1!$B$15:$AG$104,8,FALSE),0) -> 0 | H99: =+IF($C99=[1]Résultats!$C$3,VLOOKUP(H$5,Sheet1!$B$15:$AG$104,8,FALSE),0) -> 0 | I99: =+IF($C99=[1]Résultats!$C$3,VLOOKUP(I$5,Sheet1!$B$15:$AG$104,8,FALSE),0) -> 0 | J99: =+IF($C99=[1]Résultats!$C$3,VLOOKUP(J$5,Sheet1!$B$15:$AG$104,8,FALSE),0) -> 0 | K99: =+IF($C99=[1]Résultats!$C$3,VLOOKUP(K$5,Sheet1!$B$15:$AG$104,8,FALSE),0) -> 0 | ... BZ99: =+IF($C99=[1]Résultats!$C$3,VLOOKUP(BZ$5,Sheet1!$B$15:$AG$104,8,FALSE),0) -> 0
A100: =IF(MONTH(C100)=MONTH(TODAY()),1,0) -> 1 | B100: =IF(C100<TODAY(),MONTH($C100),0) -> 4 | C100: =Hébergement!C100 -> 43195 | D100: =+IF($C100=[1]Résultats!$C$3,VLOOKUP(D$5,Sheet1!$B$15:$AG$104,8,FALSE),0) -> 0 | E100: =+IF($C100=[1]Résultats!$C$3,VLOOKUP(E$5,Sheet1!$B$15:$AG$104,8,FALSE),0) -> 0 | F100: =+IF($C100=[1]Résultats!$C$3,VLOOKUP(F$5,Sheet1!$B$15:$AG$104,8,FALSE),0) -> 0 | G100: =+IF($C100=[1]Résultats!$C$3,VLOOKUP(G$5,Sheet1!$B$15:$AG$104,8,FALSE),0) -> 0 | H100: =+IF($C100=[1]Résultats!$C$3,VLOOKUP(H$5,Sheet1!$B$15:$AG$104,8,FALSE),0) -> 0 | I100: =+IF($C100=[1]Résultats!$C$3,VLOOKUP(I$5,Sheet1!$B$15:$AG$104,8,FALSE),0) -> 0 | J100: =+IF($C100=[1]Résultats!$C$3,VLOOKUP(J$5,Sheet1!$B$15:$AG$104,8,FALSE),0) -> 0 | K100: =+IF($C100=[1]Résultats!$C$3,VLOOKUP(K$5,Sheet1!$B$15:$AG$104,8,FALSE),0) -> 0 | ... BZ100: =+IF($C100=[1]Résultats!$C$3,VLOOKUP(BZ$5,Sheet1!$B$15:$AG$104,8,FALSE),0) -> 0
A101: =IF(MONTH(C101)=MONTH(TODAY()),1,0) -> 1 | B101: =IF(C101<TODAY(),MONTH($C101),0) -> 4 | C101: =Hébergement!C101 -> 43196 | D101: =+IF($C101=[1]Résultats!$C$3,VLOOKUP(D$5,Sheet1!$B$15:$AG$104,8,FALSE),0) -> 0 | E101: =+IF($C101=[1]Résultats!$C$3,VLOOKUP(E$5,Sheet1!$B$15:$AG$104,8,FALSE),0) -> 0 | F101: =+IF($C101=[1]Résultats!$C$3,VLOOKUP(F$5,Sheet1!$B$15:$AG$104,8,FALSE),0) -> 0 | G101: =+IF($C101=[1]Résultats!$C$3,VLOOKUP(G$5,Sheet1!$B$15:$AG$104,8,FALSE),0) -> 0 | H101: =+IF($C101=[1]Résultats!$C$3,VLOOKUP(H$5,Sheet1!$B$15:$AG$104,8,FALSE),0) -> 0 | I101: =+IF($C101=[1]Résultats!$C$3,VLOOKUP(I$5,Sheet1!$B$15:$AG$104,8,FALSE),0) -> 0 | J101: =+IF($C101=[1]Résultats!$C$3,VLOOKUP(J$5,Sheet1!$B$15:$AG$104,8,FALSE),0) -> 0 | K101: =+IF($C101=[1]Résultats!$C$3,VLOOKUP(K$5,Sheet1!$B$15:$AG$104,8,FALSE),0) -> 0 | ... BZ101: =+IF($C101=[1]Résultats!$C$3,VLOOKUP(BZ$5,Sheet1!$B$15:$AG$104,8,FALSE),0) -> 0
A102: =IF(MONTH(C102)=MONTH(TODAY()),1,0) -> 1 | B102: =IF(C102<TODAY(),MONTH($C102),0) -> 4 | C102: =Hébergement!C102 -> 43197 | D102: =+IF($C102=[1]Résultats!$C$3,VLOOKUP(D$5,Sheet1!$B$15:$AG$104,8,FALSE),0) -> 0 | E102: =+IF($C102=[1]Résultats!$C$3,VLOOKUP(E$5,Sheet1!$B$15:$AG$104,8,FALSE),0) -> 0 | F102: =+IF($C102=[1]Résultats!$C$3,VLOOKUP(F$5,Sheet1!$B$15:$AG$104,8,FALSE),0) -> 0 | G102: =+IF($C102=[1]Résultats!$C$3,VLOOKUP(G$5,Sheet1!$B$15:$AG$104,8,FALSE),0) -> 0 | H102: =+IF($C102=[1]Résultats!$C$3,VLOOKUP(H$5,Sheet1!$B$15:$AG$104,8,FALSE),0) -> 0 | I102: =+IF($C102=[1]Résultats!$C$3,VLOOKUP(I$5,Sheet1!$B$15:$AG$104,8,FALSE),0) -> 0 | J102: =+IF($C102=[1]Résultats!$C$3,VLOOKUP(J$5,Sheet1!$B$15:$AG$104,8,FALSE),0) -> 0 | K102: =+IF($C102=[1]Résultats!$C$3,VLOOKUP(K$5,Sheet1!$B$15:$AG$104,8,FALSE),0) -> 0 | ... BZ102: =+IF($C102=[1]Résultats!$C$3,VLOOKUP(BZ$5,Sheet1!$B$15:$AG$104,8,FALSE),0) -> 0
A103: =IF(MONTH(C103)=MONTH(TODAY()),1,0) -> 1 | B103: =IF(C103<TODAY(),MONTH($C103),0) -> 4 | C103: =Hébergement!C103 -> 43198 | D103: =+IF($C103=[1]Résultats!$C$3,VLOOKUP(D$5,Sheet1!$B$15:$AG$104,8,FALSE),0) -> 0 | E103: =+IF($C103=[1]Résultats!$C$3,VLOOKUP(E$5,Sheet1!$B$15:$AG$104,8,FALSE),0) -> 0 | F103: =+IF($C103=[1]Résultats!$C$3,VLOOKUP(F$5,Sheet1!$B$15:$AG$104,8,FALSE),0) -> 208.61 | G103: =+IF($C103=[1]Résultats!$C$3,VLOOKUP(G$5,Sheet1!$B$15:$AG$104,8,FALSE),0) -> 305.46 | H103: =+IF($C103=[1]Résultats!$C$3,VLOOKUP(H$5,Sheet1!$B$15:$AG$104,8,FALSE),0) -> 514.07 | I103: =+IF($C103=[1]Résultats!$C$3,VLOOKUP(I$5,Sheet1!$B$15:$AG$104,8,FALSE),0) -> 514.07 | J103: =+IF($C103=[1]Résultats!$C$3,VLOOKUP(J$5,Sheet1!$B$15:$AG$104,8,FALSE),0) -> 0 | K103: =+IF($C103=[1]Résultats!$C$3,VLOOKUP(K$5,Sheet1!$B$15:$AG$104,8,FALSE),0) -> 0 | ... BZ103: =+IF($C103=[1]Résultats!$C$3,VLOOKUP(BZ$5,Sheet1!$B$15:$AG$104,8,FALSE),0) -> 4876.36
A104: =IF(MONTH(C104)=MONTH(TODAY()),1,0) -> 1 | B104: =IF(C104<TODAY(),MONTH($C104),0) -> 0 | C104: =Hébergement!C104 -> 43199 | D104: =+IF($C104=[1]Résultats!$C$3,VLOOKUP(D$5,Sheet1!$B$15:$AG$104,8,FALSE),0) -> 0 | E104: =+IF($C104=[1]Résultats!$C$3,VLOOKUP(E$5,Sheet1!$B$15:$AG$104,8,FALSE),0) -> 0 | F104: =+IF($C104=[1]Résultats!$C$3,VLOOKUP(F$5,Sheet1!$B$15:$AG$104,8,FALSE),0) -> 0 | G104: =+IF($C104=[1]Résultats!$C$3,VLOOKUP(G$5,Sheet1!$B$15:$AG$104,8,FALSE),0) -> 0 | H104: =+IF($C104=[1]Résultats!$C$3,VLOOKUP(H$5,Sheet1!$B$15:$AG$104,8,FALSE),0) -> 0 | I104: =+IF($C104=[1]Résultats!$C$3,VLOOKUP(I$5,Sheet1!$B$15:$AG$104,8,FALSE),0) -> 0 | J104: =+IF($C104=[1]Résultats!$C$3,VLOOKUP(J$5,Sheet1!$B$15:$AG$104,8,FALSE),0) -> 0 | K104: =+IF($C104=[1]Résultats!$C$3,VLOOKUP(K$5,Sheet1!$B$15:$AG$104,8,FALSE),0) -> 0 | ... BZ104: =+IF($C104=[1]Résultats!$C$3,VLOOKUP(BZ$5,Sheet1!$B$15:$AG$104,8,FALSE),0) -> 0
A105: =IF(MONTH(C105)=MONTH(TODAY()),1,0) -> 1 | B105: =IF(C105<TODAY(),MONTH($C105),0) -> 0 | C105: =Hébergement!C105 -> 43200 | D105: =+IF($C105=[1]Résultats!$C$3,VLOOKUP(D$5,Sheet1!$B$15:$AG$104,8,FALSE),0) -> 0 | E105: =+IF($C105=[1]Résultats!$C$3,VLOOKUP(E$5,Sheet1!$B$15:$AG$104,8,FALSE),0) -> 0 | F105: =+IF($C105=[1]Résultats!$C$3,VLOOKUP(F$5,Sheet1!$B$15:$AG$104,8,FALSE),0) -> 0 | G105: =+IF($C105=[1]Résultats!$C$3,VLOOKUP(G$5,Sheet1!$B$15:$AG$104,8,FALSE),0) -> 0 | H105: =+IF($C105=[1]Résultats!$C$3,VLOOKUP(H$5,Sheet1!$B$15:$AG$104,8,FALSE),0) -> 0 | I105: =+IF($C105=[1]Résultats!$C$3,VLOOKUP(I$5,Sheet1!$B$15:$AG$104,8,FALSE),0) -> 0 | J105: =+IF($C105=[1]Résultats!$C$3,VLOOKUP(J$5,Sheet1!$B$15:$AG$104,8,FALSE),0) -> 0 | K105: =+IF($C105=[1]Résultats!$C$3,VLOOKUP(K$5,Sheet1!$B$15:$AG$104,8,FALSE),0) -> 0 | ... BZ105: =+IF($C105=[1]Résultats!$C$3,VLOOKUP(BZ$5,Sheet1!$B$15:$AG$104,8,FALSE),0) -> 0
A106: =IF(MONTH(C106)=MONTH(TODAY()),1,0) -> 1 | B106: =IF(C106<TODAY(),MONTH($C106),0) -> 0 | C106: =Hébergement!C106 -> 43201 | D106: =+IF($C106=[1]Résultats!$C$3,VLOOKUP(D$5,Sheet1!$B$15:$AG$104,8,FALSE),0) -> 0 | E106: =+IF($C106=[1]Résultats!$C$3,VLOOKUP(E$5,Sheet1!$B$15:$AG$104,8,FALSE),0) -> 0 | F106: =+IF($C106=[1]Résultats!$C$3,VLOOKUP(F$5,Sheet1!$B$15:$AG$104,8,FALSE),0) -> 0 | G106: =+IF($C106=[1]Résultats!$C$3,VLOOKUP(G$5,Sheet1!$B$15:$AG$104,8,FALSE),0) -> 0 | H106: =+IF($C106=[1]Résultats!$C$3,VLOOKUP(H$5,Sheet1!$B$15:$AG$104,8,FALSE),0) -> 0 | I106: =+IF($C106=[1]Résultats!$C$3,VLOOKUP(I$5,Sheet1!$B$15:$AG$104,8,FALSE),0) -> 0 | J106: =+IF($C106=[1]Résultats!$C$3,VLOOKUP(J$5,Sheet1!$B$15:$AG$104,8,FALSE),0) -> 0 | K106: =+IF($C106=[1]Résultats!$C$3,VLOOKUP(K$5,Sheet1!$B$15:$AG$104,8,FALSE),0) -> 0 | ... BZ106: =+IF($C106=[1]Résultats!$C$3,VLOOKUP(BZ$5,Sheet1!$B$15:$AG$104,8,FALSE),0) -> 0
A107: =IF(MONTH(C107)=MONTH(TODAY()),1,0) -> 1 | B107: =IF(C107<TODAY(),MONTH($C107),0) -> 0 | C107: =Hébergement!C107 -> 43202 | D107: =+IF($C107=[1]Résultats!$C$3,VLOOKUP(D$5,Sheet1!$B$15:$AG$104,8,FALSE),0) -> 0 | E107: =+IF($C107=[1]Résultats!$C$3,VLOOKUP(E$5,Sheet1!$B$15:$AG$104,8,FALSE),0) -> 0 | F107: =+IF($C107=[1]Résultats!$C$3,VLOOKUP(F$5,Sheet1!$B$15:$AG$104,8,FALSE),0) -> 0 | G107: =+IF($C107=[1]Résultats!$C$3,VLOOKUP(G$5,Sheet1!$B$15:$AG$104,8,FALSE),0) -> 0 | H107: =+IF($C107=[1]Résultats!$C$3,VLOOKUP(H$5,Sheet1!$B$15:$AG$104,8,FALSE),0) -> 0 | I107: =+IF($C107=[1]Résultats!$C$3,VLOOKUP(I$5,Sheet1!$B$15:$AG$104,8,FALSE),0) -> 0 | J107: =+IF($C107=[1]Résultats!$C$3,VLOOKUP(J$5,Sheet1!$B$15:$AG$104,8,FALSE),0) -> 0 | K107: =+IF($C107=[1]Résultats!$C$3,VLOOKUP(K$5,Sheet1!$B$15:$AG$104,8,FALSE),0) -> 0 | ... BZ107: =+IF($C107=[1]Résultats!$C$3,VLOOKUP(BZ$5,Sheet1!$B$15:$AG$104,8,FALSE),0) -> 0
... A370: =IF(MONTH(C370)=MONTH(TODAY()),1,0) -> 0 | B370: =IF(C370<TODAY(),MONTH($C370),0) -> 0 | C370: =Hébergement!C370 -> 43465 | D370: =+IF($C370=[1]Résultats!$C$3,VLOOKUP(D$5,Sheet1!$B$15:$AG$104,8,FALSE),0) -> 0 | E370: =+IF($C370=[1]Résultats!$C$3,VLOOKUP(E$5,Sheet1!$B$15:$AG$104,8,FALSE),0) -> 0 | F370: =+IF($C370=[1]Résultats!$C$3,VLOOKUP(F$5,Sheet1!$B$15:$AG$104,8,FALSE),0) -> 0 | G370: =+IF($C370=[1]Résultats!$C$3,VLOOKUP(G$5,Sheet1!$B$15:$AG$104,8,FALSE),0) -> 0 | H370: =+IF($C370=[1]Résultats!$C$3,VLOOKUP(H$5,Sheet1!$B$15:$AG$104,8,FALSE),0) -> 0 | I370: =+IF($C370=[1]Résultats!$C$3,VLOOKUP(I$5,Sheet1!$B$15:$AG$104,8,FALSE),0) -> 0 | J370: =+IF($C370=[1]Résultats!$C$3,VLOOKUP(J$5,Sheet1!$B$15:$AG$104,8,FALSE),0) -> 0 | K370: =+IF($C370=[1]Résultats!$C$3,VLOOKUP(K$5,Sheet1!$B$15:$AG$104,8,FALSE),0) -> 0 | ... BZ370: =+IF($C370=[1]Résultats!$C$3,VLOOKUP(BZ$5,Sheet1!$B$15:$AG$104,8,FALSE),0) -> 0
D371: =+IF($C371=[1]Résultats!$C$3,VLOOKUP(D$5,Sheet1!$B$15:$AG$104,8,FALSE),0) -> 0 | E371: =+IF($C371=[1]Résultats!$C$3,VLOOKUP(E$5,Sheet1!$B$15:$AG$104,8,FALSE),0) -> 0 | F371: =+IF($C371=[1]Résultats!$C$3,VLOOKUP(F$5,Sheet1!$B$15:$AG$104,8,FALSE),0) -> 0 | G371: =+IF($C371=[1]Résultats!$C$3,VLOOKUP(G$5,Sheet1!$B$15:$AG$104,8,FALSE),0) -> 0 | H371: =+IF($C371=[1]Résultats!$C$3,VLOOKUP(H$5,Sheet1!$B$15:$AG$104,8,FALSE),0) -> 0 | I371: =+IF($C371=[1]Résultats!$C$3,VLOOKUP(I$5,Sheet1!$B$15:$AG$104,8,FALSE),0) -> 0 | J371: =+IF($C371=[1]Résultats!$C$3,VLOOKUP(J$5,Sheet1!$B$15:$AG$104,8,FALSE),0) -> 0 | K371: =+IF($C371=[1]Résultats!$C$3,VLOOKUP(K$5,Sheet1!$B$15:$AG$104,8,FALSE),0) -> 0 | ... BZ371: =+IF($C371=[1]Résultats!$C$3,VLOOKUP(BZ$5,Sheet1!$B$15:$AG$104,8,FALSE),0) -> 0
D372: =+IF($C372=[1]Résultats!$C$3,VLOOKUP(D$5,Sheet1!$B$15:$AG$104,8,FALSE),0) -> 0 | E372: =+IF($C372=[1]Résultats!$C$3,VLOOKUP(E$5,Sheet1!$B$15:$AG$104,8,FALSE),0) -> 0 | F372: =+IF($C372=[1]Résultats!$C$3,VLOOKUP(F$5,Sheet1!$B$15:$AG$104,8,FALSE),0) -> 0 | G372: =+IF($C372=[1]Résultats!$C$3,VLOOKUP(G$5,Sheet1!$B$15:$AG$104,8,FALSE),0) -> 0 | H372: =+IF($C372=[1]Résultats!$C$3,VLOOKUP(H$5,Sheet1!$B$15:$AG$104,8,FALSE),0) -> 0 | I372: =+IF($C372=[1]Résultats!$C$3,VLOOKUP(I$5,Sheet1!$B$15:$AG$104,8,FALSE),0) -> 0 | J372: =+IF($C372=[1]Résultats!$C$3,VLOOKUP(J$5,Sheet1!$B$15:$AG$104,8,FALSE),0) -> 0 | K372: =+IF($C372=[1]Résultats!$C$3,VLOOKUP(K$5,Sheet1!$B$15:$AG$104,8,FALSE),0) -> 0 | ... BZ372: =+IF($C372=[1]Résultats!$C$3,VLOOKUP(BZ$5,Sheet1!$B$15:$AG$104,8,FALSE),0) -> 0
D373: =+IF($C373=[1]Résultats!$C$3,VLOOKUP(D$5,Sheet1!$B$15:$AG$104,8,FALSE),0) -> 0 | E373: =+IF($C373=[1]Résultats!$C$3,VLOOKUP(E$5,Sheet1!$B$15:$AG$104,8,FALSE),0) -> 0 | F373: =+IF($C373=[1]Résultats!$C$3,VLOOKUP(F$5,Sheet1!$B$15:$AG$104,8,FALSE),0) -> 0 | G373: =+IF($C373=[1]Résultats!$C$3,VLOOKUP(G$5,Sheet1!$B$15:$AG$104,8,FALSE),0) -> 0 | H373: =+IF($C373=[1]Résultats!$C$3,VLOOKUP(H$5,Sheet1!$B$15:$AG$104,8,FALSE),0) -> 0 | I373: =+IF($C373=[1]Résultats!$C$3,VLOOKUP(I$5,Sheet1!$B$15:$AG$104,8,FALSE),0) -> 0 | J373: =+IF($C373=[1]Résultats!$C$3,VLOOKUP(J$5,Sheet1!$B$15:$AG$104,8,FALSE),0) -> 0 | K373: =+IF($C373=[1]Résultats!$C$3,VLOOKUP(K$5,Sheet1!$B$15:$AG$104,8,FALSE),0) -> 0 | ... BZ373: =+IF($C373=[1]Résultats!$C$3,VLOOKUP(BZ$5,Sheet1!$B$15:$AG$104,8,FALSE),0) -> 0
D374: =+IF($C374=[1]Résultats!$C$3,VLOOKUP(D$5,Sheet1!$B$15:$AG$104,8,FALSE),0) -> 0 | E374: =+IF($C374=[1]Résultats!$C$3,VLOOKUP(E$5,Sheet1!$B$15:$AG$104,8,FALSE),0) -> 0 | F374: =+IF($C374=[1]Résultats!$C$3,VLOOKUP(F$5,Sheet1!$B$15:$AG$104,8,FALSE),0) -> 0 | G374: =+IF($C374=[1]Résultats!$C$3,VLOOKUP(G$5,Sheet1!$B$15:$AG$104,8,FALSE),0) -> 0 | H374: =+IF($C374=[1]Résultats!$C$3,VLOOKUP(H$5,Sheet1!$B$15:$AG$104,8,FALSE),0) -> 0 | I374: =+IF($C374=[1]Résultats!$C$3,VLOOKUP(I$5,Sheet1!$B$15:$AG$104,8,FALSE),0) -> 0 | J374: =+IF($C374=[1]Résultats!$C$3,VLOOKUP(J$5,Sheet1!$B$15:$AG$104,8,FALSE),0) -> 0 | K374: =+IF($C374=[1]Résultats!$C$3,VLOOKUP(K$5,Sheet1!$B$15:$AG$104,8,FALSE),0) -> 0 | ... BZ374: =+IF($C374=[1]Résultats!$C$3,VLOOKUP(BZ$5,Sheet1!$B$15:$AG$104,8,FALSE),0) -> 0
D375: =+IF($C375=[1]Résultats!$C$3,VLOOKUP(D$5,Sheet1!$B$15:$AG$104,8,FALSE),0) -> 0 | E375: =+IF($C375=[1]Résultats!$C$3,VLOOKUP(E$5,Sheet1!$B$15:$AG$104,8,FALSE),0) -> 0 | F375: =+IF($C375=[1]Résultats!$C$3,VLOOKUP(F$5,Sheet1!$B$15:$AG$104,8,FALSE),0) -> 0 | G375: =+IF($C375=[1]Résultats!$C$3,VLOOKUP(G$5,Sheet1!$B$15:$AG$104,8,FALSE),0) -> 0 | H375: =+IF($C375=[1]Résultats!$C$3,VLOOKUP(H$5,Sheet1!$B$15:$AG$104,8,FALSE),0) -> 0 | I375: =+IF($C375=[1]Résultats!$C$3,VLOOKUP(I$5,Sheet1!$B$15:$AG$104,8,FALSE),0) -> 0 | J375: =+IF($C375=[1]Résultats!$C$3,VLOOKUP(J$5,Sheet1!$B$15:$AG$104,8,FALSE),0) -> 0 | K375: =+IF($C375=[1]Résultats!$C$3,VLOOKUP(K$5,Sheet1!$B$15:$AG$104,8,FALSE),0) -> 0 | ... BZ375: =+IF($C375=[1]Résultats!$C$3,VLOOKUP(BZ$5,Sheet1!$B$15:$AG$104,8,FALSE),0) -> 0
D376: =+IF($C376=[1]Résultats!$C$3,VLOOKUP(D$5,Sheet1!$B$15:$AG$104,8,FALSE),0) -> 0 | E376: =+IF($C376=[1]Résultats!$C$3,VLOOKUP(E$5,Sheet1!$B$15:$AG$104,8,FALSE),0) -> 0 | F376: =+IF($C376=[1]Résultats!$C$3,VLOOKUP(F$5,Sheet1!$B$15:$AG$104,8,FALSE),0) -> 0 | G376: =+IF($C376=[1]Résultats!$C$3,VLOOKUP(G$5,Sheet1!$B$15:$AG$104,8,FALSE),0) -> 0 | H376: =+IF($C376=[1]Résultats!$C$3,VLOOKUP(H$5,Sheet1!$B$15:$AG$104,8,FALSE),0) -> 0 | I376: =+IF($C376=[1]Résultats!$C$3,VLOOKUP(I$5,Sheet1!$B$15:$AG$104,8,FALSE),0) -> 0 | J376: =+IF($C376=[1]Résultats!$C$3,VLOOKUP(J$5,Sheet1!$B$15:$AG$104,8,FALSE),0) -> 0 | K376: =+IF($C376=[1]Résultats!$C$3,VLOOKUP(K$5,Sheet1!$B$15:$AG$104,8,FALSE),0) -> 0 | ... BZ376: =+IF($C376=[1]Résultats!$C$3,VLOOKUP(BZ$5,Sheet1!$B$15:$AG$104,8,FALSE),0) -> 0
D377: =+IF($C377=[1]Résultats!$C$3,VLOOKUP(D$5,Sheet1!$B$15:$AG$104,8,FALSE),0) -> 0 | E377: =+IF($C377=[1]Résultats!$C$3,VLOOKUP(E$5,Sheet1!$B$15:$AG$104,8,FALSE),0) -> 0 | F377: =+IF($C377=[1]Résultats!$C$3,VLOOKUP(F$5,Sheet1!$B$15:$AG$104,8,FALSE),0) -> 0 | G377: =+IF($C377=[1]Résultats!$C$3,VLOOKUP(G$5,Sheet1!$B$15:$AG$104,8,FALSE),0) -> 0 | H377: =+IF($C377=[1]Résultats!$C$3,VLOOKUP(H$5,Sheet1!$B$15:$AG$104,8,FALSE),0) -> 0 | I377: =+IF($C377=[1]Résultats!$C$3,VLOOKUP(I$5,Sheet1!$B$15:$AG$104,8,FALSE),0) -> 0 | J377: =+IF($C377=[1]Résultats!$C$3,VLOOKUP(J$5,Sheet1!$B$15:$AG$104,8,FALSE),0) -> 0 | K377: =+IF($C377=[1]Résultats!$C$3,VLOOKUP(K$5,Sheet1!$B$15:$AG$104,8,FALSE),0) -> 0 | ... BZ377: =+IF($C377=[1]Résultats!$C$3,VLOOKUP(BZ$5,Sheet1!$B$15:$AG$104,8,FALSE),0) -> 0
D378: =+IF($C378=[1]Résultats!$C$3,VLOOKUP(D$5,Sheet1!$B$15:$AG$104,8,FALSE),0) -> 0 | E378: =+IF($C378=[1]Résultats!$C$3,VLOOKUP(E$5,Sheet1!$B$15:$AG$104,8,FALSE),0) -> 0 | F378: =+IF($C378=[1]Résultats!$C$3,VLOOKUP(F$5,Sheet1!$B$15:$AG$104,8,FALSE),0) -> 0 | G378: =+IF($C378=[1]Résultats!$C$3,VLOOKUP(G$5,Sheet1!$B$15:$AG$104,8,FALSE),0) -> 0 | H378: =+IF($C378=[1]Résultats!$C$3,VLOOKUP(H$5,Sheet1!$B$15:$AG$104,8,FALSE),0) -> 0 | I378: =+IF($C378=[1]Résultats!$C$3,VLOOKUP(I$5,Sheet1!$B$15:$AG$104,8,FALSE),0) -> 0 | J378: =+IF($C378=[1]Résultats!$C$3,VLOOKUP(J$5,Sheet1!$B$15:$AG$104,8,FALSE),0) -> 0 | K378: =+IF($C378=[1]Résultats!$C$3,VLOOKUP(K$5,Sheet1!$B$15:$AG$104,8,FALSE),0) -> 0 | ... BZ378: =+IF($C378=[1]Résultats!$C$3,VLOOKUP(BZ$5,Sheet1!$B$15:$AG$104,8,FALSE),0) -> 0

Sheet Hébergement (2)
A1: =+Hébergement!A1 -> 0 | B1: =+Hébergement!B1 -> 0 | C1: =+Hébergement!C1 -> 0 | D1: =+Hébergement!D1 -> 0 | E1: =+Hébergement!E1 -> 0 | F1: =+Hébergement!F1 -> 0 | G1: =+Hébergement!G1 -> 0 | H1: =+Hébergement!H1 -> MANAGER FLASH | ... U1: =+Hébergement!U1 -> 0
A2: =+Hébergement!A2 -> 0 | B2: =+Hébergement!B2 -> 0 | C2: =+Hébergement!C2 -> 0 | D2: =+Hébergement!D2 -> BUDGET | E2: =+Hébergement!E2 -> 0 | F2: =+Hébergement!F2 -> 0 | G2: =+Hébergement!G2 -> 0 | H2: =+Hébergement!H2 -> REEL | ... U2: =+Hébergement!U2 -> 0
A3: =+Hébergement!A3 -> 0 | B3: =+Hébergement!B3 -> 0 | C3: =+Hébergement!C3 -> 0 | D3: =+Hébergement!D3 -> 0 | E3: =+Hébergement!E3 -> 0 | F3: =+Hébergement!F3 -> 0 | G3: =+Hébergement!G3 -> 0 | H3: =+Hébergement!H3 -> 0 | ... U3: =+Hébergement!U3 -> 0
A4: =+Hébergement!A4 -> 0 | B4: =+Hébergement!B4 -> 0 | C4: =+Hébergement!C4 -> Date | D4: =+Hébergement!D4 -> PM TTC | E4: =+Hébergement!E4 -> PM HT | F4: =+Hébergement!F4 -> TO | G4: =+Hébergement!G4 -> Nombre de chambre louées | H4: =+Hébergement!H4 -> CA TOTAL HEBERGEMENT TTC | ... U4: =+Hébergement!U4 -> CA Heb HT Cumul
A5: =+Hébergement!A5 -> 0 | B5: =+Hébergement!B5 -> 0 | C5: =+Hébergement!C5 -> 0 | D5: =+Hébergement!D5 -> 0 | E5: =+Hébergement!E5 -> 0 | F5: =+Hébergement!F5 -> 0 | G5: =+Hébergement!G5 -> 0 | H5: =+Hébergement!H5 -> 0 | ... U5: =+Hébergement!U5 -> 0
A6: =+Hébergement!A6 -> 0 | B6: =+Hébergement!B6 -> 0 | C6: =+Hébergement!C6 -> 43101 | D6: =+Hébergement!D6 -> 0 | E6: =+Hébergement!E6 -> 0 | F6: =+Hébergement!F6 -> 0 | G6: =+Hébergement!G6 -> 0 | H6: =+Hébergement!H6 -> 0 | ... U6: =+Hébergement!U6 -> 0
A7: =+Hébergement!A7 -> 0 | B7: =+Hébergement!B7 -> 0 | C7: =+Hébergement!C7 -> 43102 | D7: =+Hébergement!D7 -> 0 | E7: =+Hébergement!E7 -> 0 | F7: =+Hébergement!F7 -> 0 | G7: =+Hébergement!G7 -> 0 | H7: =+Hébergement!H7 -> 0 | ... U7: =+Hébergement!U7 -> 0
A8: =+Hébergement!A8 -> 0 | B8: =+Hébergement!B8 -> 0 | C8: =+Hébergement!C8 -> 43103 | D8: =+Hébergement!D8 -> 0 | E8: =+Hébergement!E8 -> 0 | F8: =+Hébergement!F8 -> 0 | G8: =+Hébergement!G8 -> 0 | H8: =+Hébergement!H8 -> 0 | ... U8: =+Hébergement!U8 -> 0
A9: =+Hébergement!A9 -> 0 | B9: =+Hébergement!B9 -> 0 | C9: =+Hébergement!C9 -> 43104 | D9: =+Hébergement!D9 -> 0 | E9: =+Hébergement!E9 -> 0 | F9: =+Hébergement!F9 -> 0 | G9: =+Hébergement!G9 -> 0 | H9: =+Hébergement!H9 -> 0 | ... U9: =+Hébergement!U9 -> 0
A10: =+Hébergement!A10 -> 0 | B10: =+Hébergement!B10 -> 0 | C10: =+Hébergement!C10 -> 43105 | D10: =+Hébergement!D10 -> 0 | E10: =+Hébergement!E10 -> 0 | F10: =+Hébergement!F10 -> 0 | G10: =+Hébergement!G10 -> 0 | H10: =+Hébergement!H10 -> 0 | ... U10: =+Hébergement!U10 -> 0
A11: =+Hébergement!A11 -> 0 | B11: =+Hébergement!B11 -> 0 | C11: =+Hébergement!C11 -> 43106 | D11: =+Hébergement!D11 -> 0 | E11: =+Hébergement!E11 -> 0 | F11: =+Hébergement!F11 -> 0 | G11: =+Hébergement!G11 -> 0 | H11: =+Hébergement!H11 -> 0 | ... U11: =+Hébergement!U11 -> 0
A12: =+Hébergement!A12 -> 0 | B12: =+Hébergement!B12 -> 0 | C12: =+Hébergement!C12 -> 43107 | D12: =+Hébergement!D12 -> 0 | E12: =+Hébergement!E12 -> 0 | F12: =+Hébergement!F12 -> 0 | G12: =+Hébergement!G12 -> 0 | H12: =+Hébergement!H12 -> 0 | ... U12: =+Hébergement!U12 -> 0
... A95: =+Hébergement!A95 -> 0 | B95: =+Hébergement!B95 -> 3 | C95: =+Hébergement!C95 -> 43190 | D95: =+Hébergement!D95 -> 0 | E95: =+Hébergement!E95 -> 0 | F95: =+Hébergement!F95 -> 0 | G95: =+Hébergement!G95 -> 0 | H95: =+Hébergement!H95 -> 0 | ... U95: =+Hébergement!U95 -> 0
A96: =+Hébergement!A96 -> 1 | B96: =+Hébergement!B96 -> 4 | C96: =+Hébergement!C96 -> 43191 | D96: =+Hébergement!D96 -> 58.588 | E96: =+Hébergement!E96 -> 53.261818 | F96: =+Hébergement!F96 -> 0.3 | G96: =+Hébergement!G96 -> 43.2 | H96: 449.65 | I96: 408.77273 | J96: 98.923 | K96: 0.034722222 | L96: 89.93 | M96: 5 | N96: 0 | O96: 0 | P96: 0 | Q96: 0 | R96: 0 | S96: 0 | T96: 0 | U96: =+Hébergement!U96 -> 449.65
A97: =+Hébergement!A97 -> 1 | B97: =+Hébergement!B97 -> 4 | C97: =+Hébergement!C97 -> 43192 | D97: =+Hébergement!D97 -> 58.588 | E97: =+Hébergement!E97 -> 53.261818 | F97: =+Hébergement!F97 -> 0.3 | G97: =+Hébergement!G97 -> 43.2 | H97: 521.76 | I97: 474.32727 | J97: 63.767 | K97: 0.0625 | L97: 57.97 | M97: 9 | N97: 0 | O97: 0 | P97: 0 | Q97: 0 | R97: 0 | S97: 0 | T97: 0 | U97: =+Hébergement!U97 -> 971.41
A98: =+Hébergement!A98 -> 1 | B98: =+Hébergement!B98 -> 4 | C98: =+Hébergement!C98 -> 43193 | D98: =+Hébergement!D98 -> 58.588 | E98: =+Hébergement!E98 -> 53.261818 | F98: =+Hébergement!F98 -> 0.3 | G98: =+Hébergement!G98 -> 43.2 | H98: 3827.9 | I98: 3479.9091 | J98: 91.542 | K98: 0.31944444 | L98: 83.22 | M98: 46 | N98: 0 | O98: 0 | P98: 0 | Q98: 0 | R98: 0 | S98: 0 | T98: 0 | U98: =+Hébergement!U98 -> 4799.31
A99: =+Hébergement!A99 -> 1 | B99: =+Hébergement!B99 -> 4 | C99: =+Hébergement!C99 -> 43194 | D99: =+Hébergement!D99 -> 113.234 | E99: =+Hébergement!E99 -> 102.94 | F99: =+Hébergement!F99 -> 0.76 | G99: =+Hébergement!G99 -> 109.44 | H99: 6438.1 | I99: 5852.8182 | J99: 99.748 | K99: 0.49305556 | L99: 90.68 | M99: 71 | N99: 0 | O99: 0 | P99: 0 | Q99: 0 | R99: 0 | S99: 0 | T99: 0 | U99: =+Hébergement!U99 -> 11237.41
A100: =+Hébergement!A100 -> 1 | B100: =+Hébergement!B100 -> 4 | C100: =+Hébergement!C100 -> 43195 | D100: =+Hébergement!D100 -> 58.588 | E100: =+Hébergement!E100 -> 53.261818 | F100: =+Hébergement!F100 -> 0.3 | G100: =+Hébergement!G100 -> 43.2 | H100: 3204.72 | I100: 2913.3818 | J100: 76.637 | K100: 0.31944444 | L100: 69.67 | M100: 46 | N100: 0 | O100: 0 | P100: 0 | Q100: 0 | R100: 0 | S100: 0 | T100: 0 | U100: =+Hébergement!U100 -> 14442.13
A101: =+Hébergement!A101 -> 1 | B101: =+Hébergement!B101 -> 4 | C101: =+Hébergement!C101 -> 43196 | D101: =+Hébergement!D101 -> 58.588 | E101: =+Hébergement!E101 -> 53.261818 | F101: =+Hébergement!F101 -> 0.3 | G101: =+Hébergement!G101 -> 43.2 | H101: 0 | I101: 0 | J101: 0 | K101: 0 | L101: 0 | M101: 0 | N101: 0 | O101: 0 | P101: 0 | Q101: 0 | R101: 0 | S101: 0 | T101: 0 | U101: =+Hébergement!U101 -> 14442.13
A102: =+Hébergement!A102 -> 1 | B102: =+Hébergement!B102 -> 4 | C102: =+Hébergement!C102 -> 43197 | D102: =+Hébergement!D102 -> 58.588 | E102: =+Hébergement!E102 -> 53.261818 | F102: =+Hébergement!F102 -> 0.3 | G102: =+Hébergement!G102 -> 43.2 | H102: 0 | I102: 0 | J102: 0 | K102: 0 | L102: 0 | M102: 0 | N102: 0 | O102: 0 | P102: 0 | Q102: 0 | R102: 0 | S102: 0 | T102: 0 | U102: =+Hébergement!U102 -> 14442.13
A103: =+Hébergement!A103 -> 1 | B103: =+Hébergement!B103 -> 4 | C103: =+Hébergement!C103 -> 43198 | D103: =+Hébergement!D103 -> 58.588 | E103: =+Hébergement!E103 -> 53.261818 | F103: =+Hébergement!F103 -> 0.3 | G103: =+Hébergement!G103 -> 43.2 | H103: 0 | I103: 0 | J103: 0 | K103: 0 | L103: 0 | M103: 0 | N103: 0 | O103: 0 | P103: 0 | Q103: 0 | R103: 0 | S103: 0 | T103: 0 | U103: =+Hébergement!U103 -> 14442.13
A104: =+Hébergement!A104 -> 1 | B104: =+Hébergement!B104 -> 0 | C104: =+Hébergement!C104 -> 43199 | D104: =+Hébergement!D104 -> 102.738 | E104: =+Hébergement!E104 -> 93.398182 | F104: =+Hébergement!F104 -> 0.65 | G104: =+Hébergement!G104 -> 93.6 | H104: 0 | I104: 0 | J104: 0 | K104: 0 | L104: 0 | M104: 0 | N104: 0 | O104: 0 | P104: 0 | Q104: 0 | R104: 0 | S104: 0 | T104: 0 | U104: =+Hébergement!U104 -> 14442.13
A105: =+Hébergement!A105 -> 1 | B105: =+Hébergement!B105 -> 0 | C105: =+Hébergement!C105 -> 43200 | D105: =+Hébergement!D105 -> 113.234 | E105: =+Hébergement!E105 -> 102.94 | F105: =+Hébergement!F105 -> 0.76 | G105: =+Hébergement!G105 -> 109.44 | H105: 0 | I105: 0 | J105: 0 | K105: 0 | L105: 0 | M105: 0 | N105: 0 | O105: 0 | P105: 0 | Q105: 0 | R105: 0 | S105: 0 | T105: 0 | U105: =+Hébergement!U105 -> 14442.13
A106: =+Hébergement!A106 -> 1 | B106: =+Hébergement!B106 -> 0 | C106: =+Hébergement!C106 -> 43201 | D106: =+Hébergement!D106 -> 121.71429 | E106: =+Hébergement!E106 -> 110.64935 | F106: =+Hébergement!F106 -> 0.72916667 | G106: =+Hébergement!G106 -> 105 | H106: 0 | I106: 0 | J106: 0 | K106: 0 | L106: 0 | M106: 0 | N106: 0 | O106: 0 | P106: 0 | Q106: 0 | R106: 0 | S106: 0 | T106: 0 | U106: =+Hébergement!U106 -> 14442.13
A107: =+Hébergement!A107 -> 1 | B107: =+Hébergement!B107 -> 0 | C107: =+Hébergement!C107 -> 43202 | D107: =+Hébergement!D107 -> 121.71429 | E107: =+Hébergement!E107 -> 110.64935 | F107: =+Hébergement!F107 -> 0.72916667 | G107: =+Hébergement!G107 -> 105 | H107: 0 | I107: 0 | J107: 0 | K107: 0 | L107: 0 | M107: 0 | N107: 0 | O107: 0 | P107: 0 | Q107: 0 | R107: 0 | S107: 0 | T107: 0 | U107: =+Hébergement!U107 -> 14442.13
... A443: =+Hébergement!A443 -> 0 | B443: =+Hébergement!B443 -> 0 | C443: =+Hébergement!C443 -> 0 | D443: =+Hébergement!D443 -> 0 | E443: =+Hébergement!E443 -> 0 | F443: =+Hébergement!F443 -> 0 | G443: =+Hébergement!G443 -> 0 | H443: 0 | I443: 0 | J443: 0 | K443: 0 | L443: 0 | M443: 0 | N443: 0 | O443: 0 | P443: 0 | Q443: 0 | R443: 0 | S443: 0 | T443: 0 | U443: =+Hébergement!U443 -> 0

Sheet Autre revenus (2)
C5: Date | D5: Petits Déjeuners | E5: PDJ Restaurant 1 | F5: PDJ - Petit Déjeuner | G5: PDG - Petit Déjeuner Groupe | H5: Total PDJ Restaurant 1 | I5: Total Petits Déjeuners | J5: Restaurants et Banquets | K5: Restaurant 1 Midi | L5: RMX - Restaurant Midi [N] | M5: RMXA - Restaurant Midi [BA] | N5: RMXB - Restaurant Midi [BS] | O5: Total Restaurant 1 Midi | P5: Restaurant 1 Soir | Q5: RSH - Restaurant Soir [N] | R5: RS1 - Restaurant Soir | S5: RSHA - Restaurant Soir [BA] | T5: RSHB - Restaurant Soir [BS] | U5: Total Restaurant 1 Soir | V5: Room Service Midi | W5: ROSE - Room Service [N] | X5: ROSB - Room Service [BS] | Y5: ROSA - Room Service [BA] | Z5: Total Room Service Midi | AA5: Banquet Midi | AB5: RJE - Journée Etude [N] | AC5: RJEA - Journée Etude [BA] | AD5: RJEB - Journée Etude [BS] | AE5: RSU - Sur Mersure [N] | AF5: RSUA - Sur Mersure [BA] | AG5: RSUB - Sur Mersure [BS] | AH5: Total Banquet Midi | AI5: Banquet Soir | AJ5: RLC - Cocktail [N] | AK5: RLCA - Cocktail [BA] | AL5: RLCB - Cocktail [BS] | AM5: RSS - Séminaire Résidentiel [N] | AN5: RSSB - Séminaire Résidentiel [BS] | AO5: RSSA - Séminaire Résidentiel [BA] | AP5: GTS - Groupe Loisir [N] | AQ5: GTSA - Groupe Loisir [BA] | AR5: GTSB - Groupe Loisir [BS] | AS5: Total Banquet Soir | AT5: Banquet Cocktail | AU5: RPA - Pause [N] | AV5: Total Banquet Cocktail | AW5: Total Restaurants et Banquets | AX5: Bar | AY5: Bar 1 Soir | AZ5: BS - Bar Soir [N] | BA5: BSOA - Bar Soir [BA] | BB5: BSOB - Bar Soir [BS] | BC5: Total Bar 1 Soir | BD5: Total Bar | BE5: Location de Salle | BF5: Location de Salle | BG5: LOS - Location salle | BH5: Total Location de Salle | BI5: Total Location de Salle | BJ5: Ventes Diverses | BK5: Divers Autres | BL5: AFF - Affranchissement | BM5: BAG - Bagages | BN5: Total Divers Autres | BO5: Boutique | BP5: BOU - Boutique [20%] | BQ5: BOUR - Boutique [10%] | BR5: Total Boutique | BS5: Total Ventes Diverses | BT5: Hors C.A. | BU5: Taxes | BV5: TXS - Taxe de Séjour | BW5: TPT - Taxe Départementale | BX5: Total Taxes | BY5: Total Hors C.A. | BZ5: Total
A6: =IF(MONTH(C6)=MONTH(TODAY()),1,0) -> 0 | B6: =IF(A6=0,0,IF(C6<TODAY(),MONTH($C6),0)) -> 0 | C6: =Hébergement!C6 -> 43101
A7: =IF(MONTH(C7)=MONTH(TODAY()),1,0) -> 0 | B7: =IF(A7=0,0,IF(C7<TODAY(),MONTH($C7),0)) -> 0 | C7: =Hébergement!C7 -> 43102
A8: =IF(MONTH(C8)=MONTH(TODAY()),1,0) -> 0 | B8: =IF(A8=0,0,IF(C8<TODAY(),MONTH($C8),0)) -> 0 | C8: =Hébergement!C8 -> 43103
A9: =IF(MONTH(C9)=MONTH(TODAY()),1,0) -> 0 | B9: =IF(A9=0,0,IF(C9<TODAY(),MONTH($C9),0)) -> 0 | C9: =Hébergement!C9 -> 43104
A10: =IF(MONTH(C10)=MONTH(TODAY()),1,0) -> 0 | B10: =IF(A10=0,0,IF(C10<TODAY(),MONTH($C10),0)) -> 0 | C10: =Hébergement!C10 -> 43105
A11: =IF(MONTH(C11)=MONTH(TODAY()),1,0) -> 0 | B11: =IF(A11=0,0,IF(C11<TODAY(),MONTH($C11),0)) -> 0 | C11: =Hébergement!C11 -> 43106
A12: =IF(MONTH(C12)=MONTH(TODAY()),1,0) -> 0 | B12: =IF(A12=0,0,IF(C12<TODAY(),MONTH($C12),0)) -> 0 | C12: =Hébergement!C12 -> 43107 | AE12: =AA12/[1]Données!$K$11 -> 0 | AF12: =Y12/[1]Données!$K$10 -> 0 | AG12: =AA12 -> 0 | AH12: =Y12+AB12 -> 0
A13: =IF(MONTH(C13)=MONTH(TODAY()),1,0) -> 0 | B13: =IF(A13=0,0,IF(C13<TODAY(),MONTH($C13),0)) -> 0 | C13: =Hébergement!C13 -> 43108 | AE13: =AA13/[1]Données!$K$11 -> 0 | AF13: =Y13/[1]Données!$K$10 -> 0 | AG13: =AA13 -> 0 | AH13: =Y13+AB13 -> 0
A14: =IF(MONTH(C14)=MONTH(TODAY()),1,0) -> 0 | B14: =IF(A14=0,0,IF(C14<TODAY(),MONTH($C14),0)) -> 0 | C14: =Hébergement!C14 -> 43109 | AE14: =AA14/[1]Données!$K$11 -> 0 | AF14: =Y14/[1]Données!$K$10 -> 0 | AG14: =AA14 -> 0 | AH14: =Y14+AB14 -> 0
A15: =IF(MONTH(C15)=MONTH(TODAY()),1,0) -> 0 | B15: =IF(A15=0,0,IF(C15<TODAY(),MONTH($C15),0)) -> 0 | C15: =Hébergement!C15 -> 43110 | AE15: =AA15/[1]Données!$K$11 -> 0 | AF15: =Y15/[1]Données!$K$10 -> 0 | AG15: =AA15 -> 0 | AH15: =Y15+AB15 -> 0
A16: =IF(MONTH(C16)=MONTH(TODAY()),1,0) -> 0 | B16: =IF(A16=0,0,IF(C16<TODAY(),MONTH($C16),0)) -> 0 | C16: =Hébergement!C16 -> 43111 | AE16: =AA16/[1]Données!$K$11 -> 0 | AF16: =Y16/[1]Données!$K$10 -> 0 | AG16: =AA16 -> 0 | AH16: =Y16+AB16 -> 0
A17: =IF(MONTH(C17)=MONTH(TODAY()),1,0) -> 0 | B17: =IF(A17=0,0,IF(C17<TODAY(),MONTH($C17),0)) -> 0 | C17: =Hébergement!C17 -> 43112 | AE17: =AA17/[1]Données!$K$11 -> 0 | AF17: =Y17/[1]Données!$K$10 -> 0 | AG17: =AA17 -> 0 | AH17: =Y17+AB17 -> 0
A18: =IF(MONTH(C18)=MONTH(TODAY()),1,0) -> 0 | B18: =IF(A18=0,0,IF(C18<TODAY(),MONTH($C18),0)) -> 0 | C18: =Hébergement!C18 -> 43113 | AE18: =AA18/[1]Données!$K$11 -> 0 | AF18: =Y18/[1]Données!$K$10 -> 0 | AG18: =AA18 -> 0 | AH18: =Y18+AB18 -> 0
A19: =IF(MONTH(C19)=MONTH(TODAY()),1,0) -> 0 | B19: =IF(A19=0,0,IF(C19<TODAY(),MONTH($C19),0)) -> 0 | C19: =Hébergement!C19 -> 43114 | AE19: =AA19/[1]Données!$K$11 -> 0 | AF19: =Y19/[1]Données!$K$10 -> 0 | AG19: =AA19 -> 0 | AH19: =Y19+AB19 -> 0
A20: =IF(MONTH(C20)=MONTH(TODAY()),1,0) -> 0 | B20: =IF(A20=0,0,IF(C20<TODAY(),MONTH($C20),0)) -> 0 | C20: =Hébergement!C20 -> 43115 | AE20: =AA20/[1]Données!$K$11 -> 0 | AF20: =Y20/[1]Données!$K$10 -> 0 | AG20: =AA20 -> 0 | AH20: =Y20+AB20 -> 0
A21: =IF(MONTH(C21)=MONTH(TODAY()),1,0) -> 0 | B21: =IF(A21=0,0,IF(C21<TODAY(),MONTH($C21),0)) -> 0 | C21: =Hébergement!C21 -> 43116 | AE21: =AA21/[1]Données!$K$11 -> 0 | AF21: =Y21/[1]Données!$K$10 -> 0 | AG21: =AA21 -> 0 | AH21: =Y21+AB21 -> 0
A22: =IF(MONTH(C22)=MONTH(TODAY()),1,0) -> 0 | B22: =IF(A22=0,0,IF(C22<TODAY(),MONTH($C22),0)) -> 0 | C22: =Hébergement!C22 -> 43117 | AE22: =AA22/[1]Données!$K$11 -> 0 | AF22: =Y22/[1]Données!$K$10 -> 0 | AG22: =AA22 -> 0 | AH22: =Y22+AB22 -> 0
A23: =IF(MONTH(C23)=MONTH(TODAY()),1,0) -> 0 | B23: =IF(A23=0,0,IF(C23<TODAY(),MONTH($C23),0)) -> 0 | C23: =Hébergement!C23 -> 43118 | AE23: =AA23/[1]Données!$K$11 -> 0 | AF23: =Y23/[1]Données!$K$10 -> 0 | AG23: =AA23 -> 0 | AH23: =Y23+AB23 -> 0
... A36: =IF(MONTH(C36)=MONTH(TODAY()),1,0) -> 0 | B36: =IF(A36=0,0,IF(C36<TODAY(),MONTH($C36),0)) -> 0 | C36: =Hébergement!C36 -> 43131 | AE36: =AA36/[1]Données!$K$11 -> 0 | AF36: =Y36/[1]Données!$K$10 -> 0 | AG36: =AA36 -> 0 | AH36: =Y36+AB36 -> 0
A37: =IF(MONTH(C37)=MONTH(TODAY()),1,0) -> 0 | B37: =IF(A37=0,IF(C37<TODAY(),MONTH($C37),0),0) -> 2 | C37: =Hébergement!C37 -> 43132 | AE37: =AA37/[1]Données!$K$11 -> 0 | AF37: =Y37/[1]Données!$K$10 -> 0 | AG37: =AA37 -> 0 | AH37: =Y37+AB37 -> 0
A38: =IF(MONTH(C38)=MONTH(TODAY()),1,0) -> 0 | B38: =IF(A38=0,IF(C38<TODAY(),MONTH($C38),0),0) -> 2 | C38: =Hébergement!C38 -> 43133 | AE38: =AA38/[1]Données!$K$11 -> 0 | AF38: =Y38/[1]Données!$K$10 -> 0 | AG38: =AA38 -> 0 | AH38: =Y38+AB38 -> 0
A39: =IF(MONTH(C39)=MONTH(TODAY()),1,0) -> 0 | B39: =IF(A39=0,IF(C39<TODAY(),MONTH($C39),0),0) -> 2 | C39: =Hébergement!C39 -> 43134 | AE39: =AA39/[1]Données!$K$11 -> 0 | AF39: =Y39/[1]Données!$K$10 -> 0 | AG39: =AA39 -> 0 | AH39: =Y39+AB39 -> 0
A40: =IF(MONTH(C40)=MONTH(TODAY()),1,0) -> 0 | B40: =IF(A40=0,IF(C40<TODAY(),MONTH($C40),0),0) -> 2 | C40: =Hébergement!C40 -> 43135 | AE40: =AA40/[1]Données!$K$11 -> 0 | AF40: =Y40/[1]Données!$K$10 -> 0 | AG40: =AA40 -> 0 | AH40: =Y40+AB40 -> 0
A41: =IF(MONTH(C41)=MONTH(TODAY()),1,0) -> 0 | B41: =IF(A41=0,IF(C41<TODAY(),MONTH($C41),0),0) -> 2 | C41: =Hébergement!C41 -> 43136 | AE41: =AA41/[1]Données!$K$11 -> 0 | AF41: =Y41/[1]Données!$K$10 -> 0 | AG41: =AA41 -> 0 | AH41: =Y41+AB41 -> 0
A42: =IF(MONTH(C42)=MONTH(TODAY()),1,0) -> 0 | B42: =IF(A42=0,IF(C42<TODAY(),MONTH($C42),0),0) -> 2 | C42: =Hébergement!C42 -> 43137 | AE42: =AA42/[1]Données!$K$11 -> 0 | AF42: =Y42/[1]Données!$K$10 -> 0 | AG42: =AA42 -> 0 | AH42: =Y42+AB42 -> 0
A43: =IF(MONTH(C43)=MONTH(TODAY()),1,0) -> 0 | B43: =IF(A43=0,IF(C43<TODAY(),MONTH($C43),0),0) -> 2 | C43: =Hébergement!C43 -> 43138 | AE43: =AA43/[1]Données!$K$11 -> 0 | AF43: =Y43/[1]Données!$K$10 -> 0 | AG43: =AA43 -> 0 | AH43: =Y43+AB43 -> 0
A44: =IF(MONTH(C44)=MONTH(TODAY()),1,0) -> 0 | B44: =IF(A44=0,IF(C44<TODAY(),MONTH($C44),0),0) -> 2 | C44: =Hébergement!C44 -> 43139 | AE44: =AA44/[1]Données!$K$11 -> 0 | AF44: =Y44/[1]Données!$K$10 -> 0 | AG44: =AA44 -> 0 | AH44: =Y44+AB44 -> 0
A45: =IF(MONTH(C45)=MONTH(TODAY()),1,0) -> 0 | B45: =IF(A45=0,IF(C45<TODAY(),MONTH($C45),0),0) -> 2 | C45: =Hébergement!C45 -> 43140 | AE45: =AA45/[1]Données!$K$11 -> 0 | AF45: =Y45/[1]Données!$K$10 -> 0 | AG45: =AA45 -> 0 | AH45: =Y45+AB45 -> 0
A46: =IF(MONTH(C46)=MONTH(TODAY()),1,0) -> 0 | B46: =IF(A46=0,IF(C46<TODAY(),MONTH($C46),0),0) -> 2 | C46: =Hébergement!C46 -> 43141 | AE46: =AA46/[1]Données!$K$11 -> 0 | AF46: =Y46/[1]Données!$K$10 -> 0 | AG46: =AA46 -> 0 | AH46: =Y46+AB46 -> 0
A47: =IF(MONTH(C47)=MONTH(TODAY()),1,0) -> 0 | B47: =IF(A47=0,IF(C47<TODAY(),MONTH($C47),0),0) -> 2 | C47: =Hébergement!C47 -> 43142 | AE47: =AA47/[1]Données!$K$11 -> 0 | AF47: =Y47/[1]Données!$K$10 -> 0 | AG47: =AA47 -> 0 | AH47: =Y47+AB47 -> 0
A48: =IF(MONTH(C48)=MONTH(TODAY()),1,0) -> 0 | B48: =IF(A48=0,IF(C48<TODAY(),MONTH($C48),0),0) -> 2 | C48: =Hébergement!C48 -> 43143 | AE48: =AA48/[1]Données!$K$11 -> 0 | AF48: =Y48/[1]Données!$K$10 -> 0 | AG48: =AA48 -> 0 | AH48: =Y48+AB48 -> 0
... A64: =IF(MONTH(C64)=MONTH(TODAY()),1,0) -> 0 | B64: =IF(A64=0,IF(C64<TODAY(),MONTH($C64),0),0) -> 2 | C64: =Hébergement!C64 -> 43159 | AE64: =AA64/[1]Données!$K$11 -> 0 | AF64: =Y64/[1]Données!$K$10 -> 0 | AG64: =AA64 -> 0 | AH64: =Y64+AB64 -> 0
A65: =IF(MONTH(C65)=MONTH(TODAY()),1,0) -> 0 | B65: =IF(C65<TODAY(),MONTH($C65),0) -> 3 | C65: =Hébergement!C65 -> 43160 | AE65: =AA65/[1]Données!$K$11 -> 0 | AF65: =Y65/[1]Données!$K$10 -> 0 | AG65: =AA65 -> 0 | AH65: =Y65+AB65 -> 0
A66: =IF(MONTH(C66)=MONTH(TODAY()),1,0) -> 0 | B66: =IF(C66<TODAY(),MONTH($C66),0) -> 3 | C66: =Hébergement!C66 -> 43161 | AE66: =AA66/[1]Données!$K$11 -> 0 | AF66: =Y66/[1]Données!$K$10 -> 0 | AG66: =AA66 -> 0 | AH66: =Y66+AB66 -> 0
A67: =IF(MONTH(C67)=MONTH(TODAY()),1,0) -> 0 | B67: =IF(C67<TODAY(),MONTH($C67),0) -> 3 | C67: =Hébergement!C67 -> 43162 | AE67: =AA67/[1]Données!$K$11 -> 0 | AF67: =Y67/[1]Données!$K$10 -> 0 | AG67: =AA67 -> 0 | AH67: =Y67+AB67 -> 0
A68: =IF(MONTH(C68)=MONTH(TODAY()),1,0) -> 0 | B68: =IF(C68<TODAY(),MONTH($C68),0) -> 3 | C68: =Hébergement!C68 -> 43163 | AE68: =AA68/[1]Données!$K$11 -> 0 | AF68: =Y68/[1]Données!$K$10 -> 0 | AG68: =AA68 -> 0 | AH68: =Y68+AB68 -> 0
A69: =IF(MONTH(C69)=MONTH(TODAY()),1,0) -> 0 | B69: =IF(C69<TODAY(),MONTH($C69),0) -> 3 | C69: =Hébergement!C69 -> 43164 | AE69: =AA69/[1]Données!$K$11 -> 0 | AF69: =Y69/[1]Données!$K$10 -> 0 | AG69: =AA69 -> 0 | AH69: =Y69+AB69 -> 0
A70: =IF(MONTH(C70)=MONTH(TODAY()),1,0) -> 0 | B70: =IF(C70<TODAY(),MONTH($C70),0) -> 3 | C70: =Hébergement!C70 -> 43165 | AE70: =AA70/[1]Données!$K$11 -> 0 | AF70: =Y70/[1]Données!$K$10 -> 0 | AG70: =AA70 -> 0 | AH70: =Y70+AB70 -> 0
A71: =IF(MONTH(C71)=MONTH(TODAY()),1,0) -> 0 | B71: =IF(C71<TODAY(),MONTH($C71),0) -> 3 | C71: =Hébergement!C71 -> 43166 | AE71: =AA71/[1]Données!$K$11 -> 0 | AF71: =Y71/[1]Données!$K$10 -> 0 | AG71: =AA71 -> 0 | AH71: =Y71+AB71 -> 0
A72: =IF(MONTH(C72)=MONTH(TODAY()),1,0) -> 0 | B72: =IF(C72<TODAY(),MONTH($C72),0) -> 3 | C72: =Hébergement!C72 -> 43167 | AE72: =AA72/[1]Données!$K$11 -> 0 | AF72: =Y72/[1]Données!$K$10 -> 0 | AG72: =AA72 -> 0 | AH72: =Y72+AB72 -> 0
A73: =IF(MONTH(C73)=MONTH(TODAY()),1,0) -> 0 | B73: =IF(C73<TODAY(),MONTH($C73),0) -> 3 | C73: =Hébergement!C73 -> 43168 | AE73: =AA73/[1]Données!$K$11 -> 0 | AF73: =Y73/[1]Données!$K$10 -> 0 | AG73: =AA73 -> 0 | AH73: =Y73+AB73 -> 0
A74: =IF(MONTH(C74)=MONTH(TODAY()),1,0) -> 0 | B74: =IF(C74<TODAY(),MONTH($C74),0) -> 3 | C74: =Hébergement!C74 -> 43169 | AE74: =AA74/[1]Données!$K$11 -> 0 | AF74: =Y74/[1]Données!$K$10 -> 0 | AG74: =AA74 -> 0 | AH74: =Y74+AB74 -> 0
A75: =IF(MONTH(C75)=MONTH(TODAY()),1,0) -> 0 | B75: =IF(C75<TODAY(),MONTH($C75),0) -> 3 | C75: =Hébergement!C75 -> 43170 | AE75: =AA75/[1]Données!$K$11 -> 0 | AF75: =Y75/[1]Données!$K$10 -> 0 | AG75: =AA75 -> 0 | AH75: =Y75+AB75 -> 0
A76: =IF(MONTH(C76)=MONTH(TODAY()),1,0) -> 0 | B76: =IF(C76<TODAY(),MONTH($C76),0) -> 3 | C76: =Hébergement!C76 -> 43171 | AE76: =AA76/[1]Données!$K$11 -> 0 | AF76: =Y76/[1]Données!$K$10 -> 0 | AG76: =AA76 -> 0 | AH76: =Y76+AB76 -> 0
... A95: =IF(MONTH(C95)=MONTH(TODAY()),1,0) -> 0 | B95: =IF(C95<TODAY(),MONTH($C95),0) -> 3 | C95: =Hébergement!C95 -> 43190 | AE95: =AA95/[1]Données!$K$11 -> 0 | AF95: =Y95/[1]Données!$K$10 -> 0 | AG95: =AA95 -> 0 | AH95: =Y95+AB95 -> 0
A96: =IF(MONTH(C96)=MONTH(TODAY()),1,0) -> 1 | B96: =IF(C96<TODAY(),MONTH($C96),0) -> 4 | C96: =Hébergement!C96 -> 43191 | D96: 0 | E96: 0 | F96: 0 | G96: 0 | H96: 0 | I96: 0 | J96: 0 | K96: 0 | L96: 0 | M96: 0 | N96: 0 | O96: 0 | P96: 0 | Q96: 0 | R96: 0 | S96: 0 | T96: 0 | U96: 0 | V96: 0 | W96: 0 | X96: 0 | Y96: 0 | Z96: 0 | AA96: 0 | AB96: 0 | AC96: 0 | AD96: 0 | AE96: 0 | AF96: 0 | AG96: 0 | AH96: 0 | AI96: 0 | AJ96: 0 | AK96: 0 | AL96: 0 | AM96: 0 | AN96: 0 | AO96: 0 | AP96: 0 | AQ96: 0 | AR96: 0 | AS96: 0 | AT96: 0 | AU96: 0 | AV96: 0 | AW96: 0 | AX96: 0 | AY96: 0 | AZ96: 0 | BA96: 0 | BB96: 0 | BC96: 0 | BD96: 0 | BE96: 0 | BF96: 0 | BG96: 0 | BH96: 0 | BI96: 0 | BJ96: 0 | BK96: 0 | BL96: 0 | BM96: 0 | BN96: 0 | BO96: 0 | BP96: 0 | BQ96: 0 | BR96: 0 | BS96: 0 | BT96: 0 | BU96: 0 | BV96: 0 | BW96: 0 | BX96: 0 | BY96: 0 | BZ96: 0
A97: =IF(MONTH(C97)=MONTH(TODAY()),1,0) -> 1 | B97: =IF(C97<TODAY(),MONTH($C97),0) -> 4 | C97: =Hébergement!C97 -> 43192 | D97: 0 | E97: 0 | F97: 0 | G97: 0 | H97: 0 | I97: 0 | J97: 0 | K97: 0 | L97: 0 | M97: 0 | N97: 0 | O97: 0 | P97: 0 | Q97: 0 | R97: 0 | S97: 0 | T97: 0 | U97: 0 | V97: 0 | W97: 0 | X97: 0 | Y97: 0 | Z97: 0 | AA97: 0 | AB97: 0 | AC97: 0 | AD97: 0 | AE97: 0 | AF97: 0 | AG97: 0 | AH97: 0 | AI97: 0 | AJ97: 0 | AK97: 0 | AL97: 0 | AM97: 0 | AN97: 0 | AO97: 0 | AP97: 0 | AQ97: 0 | AR97: 0 | AS97: 0 | AT97: 0 | AU97: 0 | AV97: 0 | AW97: 0 | AX97: 0 | AY97: 0 | AZ97: 0 | BA97: 0 | BB97: 0 | BC97: 0 | BD97: 0 | BE97: 0 | BF97: 0 | BG97: 0 | BH97: 0 | BI97: 0 | BJ97: 0 | BK97: 0 | BL97: 0 | BM97: 0 | BN97: 0 | BO97: 0 | BP97: 0 | BQ97: 0 | BR97: 0 | BS97: 0 | BT97: 0 | BU97: 0 | BV97: 0 | BW97: 0 | BX97: 0 | BY97: 0 | BZ97: 0
A98: =IF(MONTH(C98)=MONTH(TODAY()),1,0) -> 1 | B98: =IF(C98<TODAY(),MONTH($C98),0) -> 4 | C98: =Hébergement!C98 -> 43193 | D98: 0 | E98: 0 | F98: 0 | G98: 0 | H98: 0 | I98: 0 | J98: 0 | K98: 0 | L98: 0 | M98: 0 | N98: 0 | O98: 0 | P98: 0 | Q98: 0 | R98: 0 | S98: 0 | T98: 0 | U98: 0 | V98: 0 | W98: 0 | X98: 0 | Y98: 0 | Z98: 0 | AA98: 0 | AB98: 0 | AC98: 0 | AD98: 0 | AE98: 0 | AF98: 0 | AG98: 0 | AH98: 0 | AI98: 0 | AJ98: 0 | AK98: 0 | AL98: 0 | AM98: 0 | AN98: 0 | AO98: 0 | AP98: 0 | AQ98: 0 | AR98: 0 | AS98: 0 | AT98: 0 | AU98: 0 | AV98: 0 | AW98: 0 | AX98: 0 | AY98: 0 | AZ98: 0 | BA98: 0 | BB98: 0 | BC98: 0 | BD98: 0 | BE98: 0 | BF98: 0 | BG98: 0 | BH98: 0 | BI98: 0 | BJ98: 0 | BK98: 0 | BL98: 0 | BM98: 0 | BN98: 0 | BO98: 0 | BP98: 0 | BQ98: 0 | BR98: 0 | BS98: 0 | BT98: 0 | BU98: 0 | BV98: 0 | BW98: 0 | BX98: 0 | BY98: 0 | BZ98: 0
A99: =IF(MONTH(C99)=MONTH(TODAY()),1,0) -> 1 | B99: =+IF(A99<[1]Résultats!$C$3,'Autre revenus'!B99,0) -> 4 | C99: =Hébergement!C99 -> 43194 | D99: 0 | E99: 0 | F99: 0 | G99: 0 | H99: 0 | I99: 0 | J99: 0 | K99: 0 | L99: 0 | M99: 0 | N99: 0 | O99: 0 | P99: 0 | Q99: 0 | R99: 0 | S99: 0 | T99: 0 | U99: 0 | V99: 0 | W99: 0 | X99: 0 | Y99: 0 | Z99: 0 | AA99: 0 | AB99: 0 | AC99: 0 | AD99: 0 | AE99: 0 | AF99: 0 | AG99: 0 | AH99: 0 | AI99: 0 | AJ99: 0 | AK99: 0 | AL99: 0 | AM99: 0 | AN99: 0 | AO99: 0 | AP99: 0 | AQ99: 0 | AR99: 0 | AS99: 0 | AT99: 0 | AU99: 0 | AV99: 0 | AW99: 0 | AX99: 0 | AY99: 0 | AZ99: 0 | BA99: 0 | BB99: 0 | BC99: 0 | BD99: 0 | BE99: 0 | BF99: 0 | BG99: 0 | BH99: 0 | BI99: 0 | BJ99: 0 | BK99: 0 | BL99: 0 | BM99: 0 | BN99: 0 | BO99: 0 | BP99: 0 | BQ99: 0 | BR99: 0 | BS99: 0 | BT99: 0 | BU99: 0 | BV99: 0 | BW99: 0 | BX99: 0 | BY99: 0 | BZ99: 0
A100: =IF(MONTH(C100)=MONTH(TODAY()),1,0) -> 1 | B100: =IF(C100<TODAY(),MONTH($C100),0) -> 4 | C100: =Hébergement!C100 -> 43195 | D100: 0 | E100: 0 | F100: 0 | G100: 0 | H100: 0 | I100: 0 | J100: 0 | K100: 0 | L100: 0 | M100: 0 | N100: 0 | O100: 0 | P100: 0 | Q100: 0 | R100: 0 | S100: 0 | T100: 0 | U100: 0 | V100: 0 | W100: 0 | X100: 0 | Y100: 0 | Z100: 0 | AA100: 0 | AB100: 0 | AC100: 0 | AD100: 0 | AE100: 0 | AF100: 0 | AG100: 0 | AH100: 0 | AI100: 0 | AJ100: 0 | AK100: 0 | AL100: 0 | AM100: 0 | AN100: 0 | AO100: 0 | AP100: 0 | AQ100: 0 | AR100: 0 | AS100: 0 | AT100: 0 | AU100: 0 | AV100: 0 | AW100: 0 | AX100: 0 | AY100: 0 | AZ100: 0 | BA100: 0 | BB100: 0 | BC100: 0 | BD100: 0 | BE100: 0 | BF100: 0 | BG100: 0 | BH100: 0 | BI100: 0 | BJ100: 0 | BK100: 0 | BL100: 0 | BM100: 0 | BN100: 0 | BO100: 0 | BP100: 0 | BQ100: 0 | BR100: 0 | BS100: 0 | BT100: 0 | BU100: 0 | BV100: 0 | BW100: 0 | BX100: 0 | BY100: 0 | BZ100: 0
A101: =IF(MONTH(C101)=MONTH(TODAY()),1,0) -> 1 | B101: =IF(C101<TODAY(),MONTH($C101),0) -> 4 | C101: =Hébergement!C101 -> 43196 | D101: 0 | E101: 0 | F101: 0 | G101: 0 | H101: 0 | I101: 0 | J101: 0 | K101: 0 | L101: 0 | M101: 0 | N101: 0 | O101: 0 | P101: 0 | Q101: 0 | R101: 0 | S101: 0 | T101: 0 | U101: 0 | V101: 0 | W101: 0 | X101: 0 | Y101: 0 | Z101: 0 | AA101: 0 | AB101: 0 | AC101: 0 | AD101: 0 | AE101: 0 | AF101: 0 | AG101: 0 | AH101: 0 | AI101: 0 | AJ101: 0 | AK101: 0 | AL101: 0 | AM101: 0 | AN101: 0 | AO101: 0 | AP101: 0 | AQ101: 0 | AR101: 0 | AS101: 0 | AT101: 0 | AU101: 0 | AV101: 0 | AW101: 0 | AX101: 0 | AY101: 0 | AZ101: 0 | BA101: 0 | BB101: 0 | BC101: 0 | BD101: 0 | BE101: 0 | BF101: 0 | BG101: 0 | BH101: 0 | BI101: 0 | BJ101: 0 | BK101: 0 | BL101: 0 | BM101: 0 | BN101: 0 | BO101: 0 | BP101: 0 | BQ101: 0 | BR101: 0 | BS101: 0 | BT101: 0 | BU101: 0 | BV101: 0 | BW101: 0 | BX101: 0 | BY101: 0 | BZ101: 0
A102: =IF(MONTH(C102)=MONTH(TODAY()),1,0) -> 1 | B102: =IF(C102<TODAY(),MONTH($C102),0) -> 4 | C102: =Hébergement!C102 -> 43197 | D102: 0 | E102: 0 | F102: 0 | G102: 0 | H102: 0 | I102: 0 | J102: 0 | K102: 0 | L102: 0 | M102: 0 | N102: 0 | O102: 0 | P102: 0 | Q102: 0 | R102: 0 | S102: 0 | T102: 0 | U102: 0 | V102: 0 | W102: 0 | X102: 0 | Y102: 0 | Z102: 0 | AA102: 0 | AB102: 0 | AC102: 0 | AD102: 0 | AE102: 0 | AF102: 0 | AG102: 0 | AH102: 0 | AI102: 0 | AJ102: 0 | AK102: 0 | AL102: 0 | AM102: 0 | AN102: 0 | AO102: 0 | AP102: 0 | AQ102: 0 | AR102: 0 | AS102: 0 | AT102: 0 | AU102: 0 | AV102: 0 | AW102: 0 | AX102: 0 | AY102: 0 | AZ102: 0 | BA102: 0 | BB102: 0 | BC102: 0 | BD102: 0 | BE102: 0 | BF102: 0 | BG102: 0 | BH102: 0 | BI102: 0 | BJ102: 0 | BK102: 0 | BL102: 0 | BM102: 0 | BN102: 0 | BO102: 0 | BP102: 0 | BQ102: 0 | BR102: 0 | BS102: 0 | BT102: 0 | BU102: 0 | BV102: 0 | BW102: 0 | BX102: 0 | BY102: 0 | BZ102: 0
A103: =IF(MONTH(C103)=MONTH(TODAY()),1,0) -> 1 | B103: =IF(C103<TODAY(),MONTH($C103),0) -> 4 | C103: =Hébergement!C103 -> 43198 | D103: 0 | E103: 0 | F103: 0 | G103: 0 | H103: 0 | I103: 0 | J103: 0 | K103: 0 | L103: 0 | M103: 0 | N103: 0 | O103: 0 | P103: 0 | Q103: 0 | R103: 0 | S103: 0 | T103: 0 | U103: 0 | V103: 0 | W103: 0 | X103: 0 | Y103: 0 | Z103: 0 | AA103: 0 | AB103: 0 | AC103: 0 | AD103: 0 | AE103: 0 | AF103: 0 | AG103: 0 | AH103: 0 | AI103: 0 | AJ103: 0 | AK103: 0 | AL103: 0 | AM103: 0 | AN103: 0 | AO103: 0 | AP103: 0 | AQ103: 0 | AR103: 0 | AS103: 0 | AT103: 0 | AU103: 0 | AV103: 0 | AW103: 0 | AX103: 0 | AY103: 0 | AZ103: 0 | BA103: 0 | BB103: 0 | BC103: 0 | BD103: 0 | BE103: 0 | BF103: 0 | BG103: 0 | BH103: 0 | BI103: 0 | BJ103: 0 | BK103: 0 | BL103: 0 | BM103: 0 | BN103: 0 | BO103: 0 | BP103: 0 | BQ103: 0 | BR103: 0 | BS103: 0 | BT103: 0 | BU103: 0 | BV103: 0 | BW103: 0 | BX103: 0 | BY103: 0 | BZ103: 0
A104: =IF(MONTH(C104)=MONTH(TODAY()),1,0) -> 1 | B104: =IF(C104<TODAY(),MONTH($C104),0) -> 0 | C104: =Hébergement!C104 -> 43199 | D104: 0 | E104: 0 | F104: 0 | G104: 0 | H104: 0 | I104: 0 | J104: 0 | K104: 0 | L104: 0 | M104: 0 | N104: 0 | O104: 0 | P104: 0 | Q104: 0 | R104: 0 | S104: 0 | T104: 0 | U104: 0 | V104: 0 | W104: 0 | X104: 0 | Y104: 0 | Z104: 0 | AA104: 0 | AB104: 0 | AC104: 0 | AD104: 0 | AE104: 0 | AF104: 0 | AG104: 0 | AH104: 0 | AI104: 0 | AJ104: 0 | AK104: 0 | AL104: 0 | AM104: 0 | AN104: 0 | AO104: 0 | AP104: 0 | AQ104: 0 | AR104: 0 | AS104: 0 | AT104: 0 | AU104: 0 | AV104: 0 | AW104: 0 | AX104: 0 | AY104: 0 | AZ104: 0 | BA104: 0 | BB104: 0 | BC104: 0 | BD104: 0 | BE104: 0 | BF104: 0 | BG104: 0 | BH104: 0 | BI104: 0 | BJ104: 0 | BK104: 0 | BL104: 0 | BM104: 0 | BN104: 0 | BO104: 0 | BP104: 0 | BQ104: 0 | BR104: 0 | BS104: 0 | BT104: 0 | BU104: 0 | BV104: 0 | BW104: 0 | BX104: 0 | BY104: 0 | BZ104: 0
A105: =IF(MONTH(C105)=MONTH(TODAY()),1,0) -> 1 | B105: =IF(C105<TODAY(),MONTH($C105),0) -> 0 | C105: =Hébergement!C105 -> 43200 | D105: 0 | E105: 0 | F105: 0 | G105: 0 | H105: 0 | I105: 0 | J105: 0 | K105: 0 | L105: 0 | M105: 0 | N105: 0 | O105: 0 | P105: 0 | Q105: 0 | R105: 0 | S105: 0 | T105: 0 | U105: 0 | V105: 0 | W105: 0 | X105: 0 | Y105: 0 | Z105: 0 | AA105: 0 | AB105: 0 | AC105: 0 | AD105: 0 | AE105: 0 | AF105: 0 | AG105: 0 | AH105: 0 | AI105: 0 | AJ105: 0 | AK105: 0 | AL105: 0 | AM105: 0 | AN105: 0 | AO105: 0 | AP105: 0 | AQ105: 0 | AR105: 0 | AS105: 0 | AT105: 0 | AU105: 0 | AV105: 0 | AW105: 0 | AX105: 0 | AY105: 0 | AZ105: 0 | BA105: 0 | BB105: 0 | BC105: 0 | BD105: 0 | BE105: 0 | BF105: 0 | BG105: 0 | BH105: 0 | BI105: 0 | BJ105: 0 | BK105: 0 | BL105: 0 | BM105: 0 | BN105: 0 | BO105: 0 | BP105: 0 | BQ105: 0 | BR105: 0 | BS105: 0 | BT105: 0 | BU105: 0 | BV105: 0 | BW105: 0 | BX105: 0 | BY105: 0 | BZ105: 0
A106: =IF(MONTH(C106)=MONTH(TODAY()),1,0) -> 1 | B106: =IF(C106<TODAY(),MONTH($C106),0) -> 0 | C106: =Hébergement!C106 -> 43201 | D106: 0 | E106: 0 | F106: 0 | G106: 0 | H106: 0 | I106: 0 | J106: 0 | K106: 0 | L106: 0 | M106: 0 | N106: 0 | O106: 0 | P106: 0 | Q106: 0 | R106: 0 | S106: 0 | T106: 0 | U106: 0 | V106: 0 | W106: 0 | X106: 0 | Y106: 0 | Z106: 0 | AA106: 0 | AB106: 0 | AC106: 0 | AD106: 0 | AE106: 0 | AF106: 0 | AG106: 0 | AH106: 0 | AI106: 0 | AJ106: 0 | AK106: 0 | AL106: 0 | AM106: 0 | AN106: 0 | AO106: 0 | AP106: 0 | AQ106: 0 | AR106: 0 | AS106: 0 | AT106: 0 | AU106: 0 | AV106: 0 | AW106: 0 | AX106: 0 | AY106: 0 | AZ106: 0 | BA106: 0 | BB106: 0 | BC106: 0 | BD106: 0 | BE106: 0 | BF106: 0 | BG106: 0 | BH106: 0 | BI106: 0 | BJ106: 0 | BK106: 0 | BL106: 0 | BM106: 0 | BN106: 0 | BO106: 0 | BP106: 0 | BQ106: 0 | BR106: 0 | BS106: 0 | BT106: 0 | BU106: 0 | BV106: 0 | BW106: 0 | BX106: 0 | BY106: 0 | BZ106: 0
A107: =IF(MONTH(C107)=MONTH(TODAY()),1,0) -> 1 | B107: =IF(C107<TODAY(),MONTH($C107),0) -> 0 | C107: =Hébergement!C107 -> 43202 | D107: 0 | E107: 0 | F107: 0 | G107: 0 | H107: 0 | I107: 0 | J107: 0 | K107: 0 | L107: 0 | M107: 0 | N107: 0 | O107: 0 | P107: 0 | Q107: 0 | R107: 0 | S107: 0 | T107: 0 | U107: 0 | V107: 0 | W107: 0 | X107: 0 | Y107: 0 | Z107: 0 | AA107: 0 | AB107: 0 | AC107: 0 | AD107: 0 | AE107: 0 | AF107: 0 | AG107: 0 | AH107: 0 | AI107: 0 | AJ107: 0 | AK107: 0 | AL107: 0 | AM107: 0 | AN107: 0 | AO107: 0 | AP107: 0 | AQ107: 0 | AR107: 0 | AS107: 0 | AT107: 0 | AU107: 0 | AV107: 0 | AW107: 0 | AX107: 0 | AY107: 0 | AZ107: 0 | BA107: 0 | BB107: 0 | BC107: 0 | BD107: 0 | BE107: 0 | BF107: 0 | BG107: 0 | BH107: 0 | BI107: 0 | BJ107: 0 | BK107: 0 | BL107: 0 | BM107: 0 | BN107: 0 | BO107: 0 | BP107: 0 | BQ107: 0 | BR107: 0 | BS107: 0 | BT107: 0 | BU107: 0 | BV107: 0 | BW107: 0 | BX107: 0 | BY107: 0 | BZ107: 0
A108: =IF(MONTH(C108)=MONTH(TODAY()),1,0) -> 1 | B108: =IF(C108<TODAY(),MONTH($C108),0) -> 0 | C108: =Hébergement!C108 -> 43203 | D108: 0 | E108: 0 | F108: 0 | G108: 0 | H108: 0 | I108: 0 | J108: 0 | K108: 0 | L108: 0 | M108: 0 | N108: 0 | O108: 0 | P108: 0 | Q108: 0 | R108: 0 | S108: 0 | T108: 0 | U108: 0 | V108: 0 | W108: 0 | X108: 0 | Y108: 0 | Z108: 0 | AA108: 0 | AB108: 0 | AC108: 0 | AD108: 0 | AE108: 0 | AF108: 0 | AG108: 0 | AH108: 0 | AI108: 0 | AJ108: 0 | AK108: 0 | AL108: 0 | AM108: 0 | AN108: 0 | AO108: 0 | AP108: 0 | AQ108: 0 | AR108: 0 | AS108: 0 | AT108: 0 | AU108: 0 | AV108: 0 | AW108: 0 | AX108: 0 | AY108: 0 | AZ108: 0 | BA108: 0 | BB108: 0 | BC108: 0 | BD108: 0 | BE108: 0 | BF108: 0 | BG108: 0 | BH108: 0 | BI108: 0 | BJ108: 0 | BK108: 0 | BL108: 0 | BM108: 0 | BN108: 0 | BO108: 0 | BP108: 0 | BQ108: 0 | BR108: 0 | BS108: 0 | BT108: 0 | BU108: 0 | BV108: 0 | BW108: 0 | BX108: 0 | BY108: 0 | BZ108: 0
A109: =IF(MONTH(C109)=MONTH(TODAY()),1,0) -> 1 | B109: =IF(C109<TODAY(),MONTH($C109),0) -> 0 | C109: =Hébergement!C109 -> 43204 | D109: 0 | E109: 0 | F109: 0 | G109: 0 | H109: 0 | I109: 0 | J109: 0 | K109: 0 | L109: 0 | M109: 0 | N109: 0 | O109: 0 | P109: 0 | Q109: 0 | R109: 0 | S109: 0 | T109: 0 | U109: 0 | V109: 0 | W109: 0 | X109: 0 | Y109: 0 | Z109: 0 | AA109: 0 | AB109: 0 | AC109: 0 | AD109: 0 | AE109: 0 | AF109: 0 | AG109: 0 | AH109: 0 | AI109: 0 | AJ109: 0 | AK109: 0 | AL109: 0 | AM109: 0 | AN109: 0 | AO109: 0 | AP109: 0 | AQ109: 0 | AR109: 0 | AS109: 0 | AT109: 0 | AU109: 0 | AV109: 0 | AW109: 0 | AX109: 0 | AY109: 0 | AZ109: 0 | BA109: 0 | BB109: 0 | BC109: 0 | BD109: 0 | BE109: 0 | BF109: 0 | BG109: 0 | BH109: 0 | BI109: 0 | BJ109: 0 | BK109: 0 | BL109: 0 | BM109: 0 | BN109: 0 | BO109: 0 | BP109: 0 | BQ109: 0 | BR109: 0 | BS109: 0 | BT109: 0 | BU109: 0 | BV109: 0 | BW109: 0 | BX109: 0 | BY109: 0 | BZ109: 0
A110: =IF(MONTH(C110)=MONTH(TODAY()),1,0) -> 1 | B110: =IF(C110<TODAY(),MONTH($C110),0) -> 0 | C110: =Hébergement!C110 -> 43205 | D110: 0 | E110: 0 | F110: 0 | G110: 0 | H110: 0 | I110: 0 | J110: 0 | K110: 0 | L110: 0 | M110: 0 | N110: 0 | O110: 0 | P110: 0 | Q110: 0 | R110: 0 | S110: 0 | T110: 0 | U110: 0 | V110: 0 | W110: 0 | X110: 0 | Y110: 0 | Z110: 0 | AA110: 0 | AB110: 0 | AC110: 0 | AD110: 0 | AE110: 0 | AF110: 0 | AG110: 0 | AH110: 0 | AI110: 0 | AJ110: 0 | AK110: 0 | AL110: 0 | AM110: 0 | AN110: 0 | AO110: 0 | AP110: 0 | AQ110: 0 | AR110: 0 | AS110: 0 | AT110: 0 | AU110: 0 | AV110: 0 | AW110: 0 | AX110: 0 | AY110: 0 | AZ110: 0 | BA110: 0 | BB110: 0 | BC110: 0 | BD110: 0 | BE110: 0 | BF110: 0 | BG110: 0 | BH110: 0 | BI110: 0 | BJ110: 0 | BK110: 0 | BL110: 0 | BM110: 0 | BN110: 0 | BO110: 0 | BP110: 0 | BQ110: 0 | BR110: 0 | BS110: 0 | BT110: 0 | BU110: 0 | BV110: 0 | BW110: 0 | BX110: 0 | BY110: 0 | BZ110: 0
A111: =IF(MONTH(C111)=MONTH(TODAY()),1,0) -> 1 | B111: =IF(C111<TODAY(),MONTH($C111),0) -> 0 | C111: =Hébergement!C111 -> 43206 | D111: 0 | E111: 0 | F111: 0 | G111: 0 | H111: 0 | I111: 0 | J111: 0 | K111: 0 | L111: 0 | M111: 0 | N111: 0 | O111: 0 | P111: 0 | Q111: 0 | R111: 0 | S111: 0 | T111: 0 | U111: 0 | V111: 0 | W111: 0 | X111: 0 | Y111: 0 | Z111: 0 | AA111: 0 | AB111: 0 | AC111: 0 | AD111: 0 | AE111: 0 | AF111: 0 | AG111: 0 | AH111: 0 | AI111: 0 | AJ111: 0 | AK111: 0 | AL111: 0 | AM111: 0 | AN111: 0 | AO111: 0 | AP111: 0 | AQ111: 0 | AR111: 0 | AS111: 0 | AT111: 0 | AU111: 0 | AV111: 0 | AW111: 0 | AX111: 0 | AY111: 0 | AZ111: 0 | BA111: 0 | BB111: 0 | BC111: 0 | BD111: 0 | BE111: 0 | BF111: 0 | BG111: 0 | BH111: 0 | BI111: 0 | BJ111: 0 | BK111: 0 | BL111: 0 | BM111: 0 | BN111: 0 | BO111: 0 | BP111: 0 | BQ111: 0 | BR111: 0 | BS111: 0 | BT111: 0 | BU111: 0 | BV111: 0 | BW111: 0 | BX111: 0 | BY111: 0 | BZ111: 0
... A370: =IF(MONTH(C370)=MONTH(TODAY()),1,0) -> 0 | B370: =IF(C370<TODAY(),MONTH($C370),0) -> 0 | C370: =Hébergement!C370 -> 43465 | D370: 0 | E370: 0 | F370: 0 | G370: 0 | H370: 0 | I370: 0 | J370: 0 | K370: 0 | L370: 0 | M370: 0 | N370: 0 | O370: 0 | P370: 0 | Q370: 0 | R370: 0 | S370: 0 | T370: 0 | U370: 0 | V370: 0 | W370: 0 | X370: 0 | Y370: 0 | Z370: 0 | AA370: 0 | AB370: 0 | AC370: 0 | AD370: 0 | AE370: 0 | AF370: 0 | AG370: 0 | AH370: 0 | AI370: 0 | AJ370: 0 | AK370: 0 | AL370: 0 | AM370: 0 | AN370: 0 | AO370: 0 | AP370: 0 | AQ370: 0 | AR370: 0 | AS370: 0 | AT370: 0 | AU370: 0 | AV370: 0 | AW370: 0 | AX370: 0 | AY370: 0 | AZ370: 0 | BA370: 0 | BB370: 0 | BC370: 0 | BD370: 0 | BE370: 0 | BF370: 0 | BG370: 0 | BH370: 0 | BI370: 0 | BJ370: 0 | BK370: 0 | BL370: 0 | BM370: 0 | BN370: 0 | BO370: 0 | BP370: 0 | BQ370: 0 | BR370: 0 | BS370: 0 | BT370: 0 | BU370: 0 | BV370: 0 | BW370: 0 | BX370: 0 | BY370: 0 | BZ370: 0
D371: 0 | E371: 0 | F371: 0 | G371: 0 | H371: 0 | I371: 0 | J371: 0 | K371: 0 | L371: 0 | M371: 0 | N371: 0 | O371: 0 | P371: 0 | Q371: 0 | R371: 0 | S371: 0 | T371: 0 | U371: 0 | V371: 0 | W371: 0 | X371: 0 | Y371: 0 | Z371: 0 | AA371: 0 | AB371: 0 | AC371: 0 | AD371: 0 | AE371: 0 | AF371: 0 | AG371: 0 | AH371: 0 | AI371: 0 | AJ371: 0 | AK371: 0 | AL371: 0 | AM371: 0 | AN371: 0 | AO371: 0 | AP371: 0 | AQ371: 0 | AR371: 0 | AS371: 0 | AT371: 0 | AU371: 0 | AV371: 0 | AW371: 0 | AX371: 0 | AY371: 0 | AZ371: 0 | BA371: 0 | BB371: 0 | BC371: 0 | BD371: 0 | BE371: 0 | BF371: 0 | BG371: 0 | BH371: 0 | BI371: 0 | BJ371: 0 | BK371: 0 | BL371: 0 | BM371: 0 | BN371: 0 | BO371: 0 | BP371: 0 | BQ371: 0 | BR371: 0 | BS371: 0 | BT371: 0 | BU371: 0 | BV371: 0 | BW371: 0 | BX371: 0 | BY371: 0 | BZ371: 0
D372: 0 | E372: 0 | F372: 0 | G372: 0 | H372: 0 | I372: 0 | J372: 0 | K372: 0 | L372: 0 | M372: 0 | N372: 0 | O372: 0 | P372: 0 | Q372: 0 | R372: 0 | S372: 0 | T372: 0 | U372: 0 | V372: 0 | W372: 0 | X372: 0 | Y372: 0 | Z372: 0 | AA372: 0 | AB372: 0 | AC372: 0 | AD372: 0 | AE372: 0 | AF372: 0 | AG372: 0 | AH372: 0 | AI372: 0 | AJ372: 0 | AK372: 0 | AL372: 0 | AM372: 0 | AN372: 0 | AO372: 0 | AP372: 0 | AQ372: 0 | AR372: 0 | AS372: 0 | AT372: 0 | AU372: 0 | AV372: 0 | AW372: 0 | AX372: 0 | AY372: 0 | AZ372: 0 | BA372: 0 | BB372: 0 | BC372: 0 | BD372: 0 | BE372: 0 | BF372: 0 | BG372: 0 | BH372: 0 | BI372: 0 | BJ372: 0 | BK372: 0 | BL372: 0 | BM372: 0 | BN372: 0 | BO372: 0 | BP372: 0 | BQ372: 0 | BR372: 0 | BS372: 0 | BT372: 0 | BU372: 0 | BV372: 0 | BW372: 0 | BX372: 0 | BY372: 0 | BZ372: 0
D373: 0 | E373: 0 | F373: 0 | G373: 0 | H373: 0 | I373: 0 | J373: 0 | K373: 0 | L373: 0 | M373: 0 | N373: 0 | O373: 0 | P373: 0 | Q373: 0 | R373: 0 | S373: 0 | T373: 0 | U373: 0 | V373: 0 | W373: 0 | X373: 0 | Y373: 0 | Z373: 0 | AA373: 0 | AB373: 0 | AC373: 0 | AD373: 0 | AE373: 0 | AF373: 0 | AG373: 0 | AH373: 0 | AI373: 0 | AJ373: 0 | AK373: 0 | AL373: 0 | AM373: 0 | AN373: 0 | AO373: 0 | AP373: 0 | AQ373: 0 | AR373: 0 | AS373: 0 | AT373: 0 | AU373: 0 | AV373: 0 | AW373: 0 | AX373: 0 | AY373: 0 | AZ373: 0 | BA373: 0 | BB373: 0 | BC373: 0 | BD373: 0 | BE373: 0 | BF373: 0 | BG373: 0 | BH373: 0 | BI373: 0 | BJ373: 0 | BK373: 0 | BL373: 0 | BM373: 0 | BN373: 0 | BO373: 0 | BP373: 0 | BQ373: 0 | BR373: 0 | BS373: 0 | BT373: 0 | BU373: 0 | BV373: 0 | BW373: 0 | BX373: 0 | BY373: 0 | BZ373: 0
D374: 0 | E374: 0 | F374: 0 | G374: 0 | H374: 0 | I374: 0 | J374: 0 | K374: 0 | L374: 0 | M374: 0 | N374: 0 | O374: 0 | P374: 0 | Q374: 0 | R374: 0 | S374: 0 | T374: 0 | U374: 0 | V374: 0 | W374: 0 | X374: 0 | Y374: 0 | Z374: 0 | AA374: 0 | AB374: 0 | AC374: 0 | AD374: 0 | AE374: 0 | AF374: 0 | AG374: 0 | AH374: 0 | AI374: 0 | AJ374: 0 | AK374: 0 | AL374: 0 | AM374: 0 | AN374: 0 | AO374: 0 | AP374: 0 | AQ374: 0 | AR374: 0 | AS374: 0 | AT374: 0 | AU374: 0 | AV374: 0 | AW374: 0 | AX374: 0 | AY374: 0 | AZ374: 0 | BA374: 0 | BB374: 0 | BC374: 0 | BD374: 0 | BE374: 0 | BF374: 0 | BG374: 0 | BH374: 0 | BI374: 0 | BJ374: 0 | BK374: 0 | BL374: 0 | BM374: 0 | BN374: 0 | BO374: 0 | BP374: 0 | BQ374: 0 | BR374: 0 | BS374: 0 | BT374: 0 | BU374: 0 | BV374: 0 | BW374: 0 | BX374: 0 | BY374: 0 | BZ374: 0
D375: 0 | E375: 0 | F375: 0 | G375: 0 | H375: 0 | I375: 0 | J375: 0 | K375: 0 | L375: 0 | M375: 0 | N375: 0 | O375: 0 | P375: 0 | Q375: 0 | R375: 0 | S375: 0 | T375: 0 | U375: 0 | V375: 0 | W375: 0 | X375: 0 | Y375: 0 | Z375: 0 | AA375: 0 | AB375: 0 | AC375: 0 | AD375: 0 | AE375: 0 | AF375: 0 | AG375: 0 | AH375: 0 | AI375: 0 | AJ375: 0 | AK375: 0 | AL375: 0 | AM375: 0 | AN375: 0 | AO375: 0 | AP375: 0 | AQ375: 0 | AR375: 0 | AS375: 0 | AT375: 0 | AU375: 0 | AV375: 0 | AW375: 0 | AX375: 0 | AY375: 0 | AZ375: 0 | BA375: 0 | BB375: 0 | BC375: 0 | BD375: 0 | BE375: 0 | BF375: 0 | BG375: 0 | BH375: 0 | BI375: 0 | BJ375: 0 | BK375: 0 | BL375: 0 | BM375: 0 | BN375: 0 | BO375: 0 | BP375: 0 | BQ375: 0 | BR375: 0 | BS375: 0 | BT375: 0 | BU375: 0 | BV375: 0 | BW375: 0 | BX375: 0 | BY375: 0 | BZ375: 0
D376: 0 | E376: 0 | F376: 0 | G376: 0 | H376: 0 | I376: 0 | J376: 0 | K376: 0 | L376: 0 | M376: 0 | N376: 0 | O376: 0 | P376: 0 | Q376: 0 | R376: 0 | S376: 0 | T376: 0 | U376: 0 | V376: 0 | W376: 0 | X376: 0 | Y376: 0 | Z376: 0 | AA376: 0 | AB376: 0 | AC376: 0 | AD376: 0 | AE376: 0 | AF376: 0 | AG376: 0 | AH376: 0 | AI376: 0 | AJ376: 0 | AK376: 0 | AL376: 0 | AM376: 0 | AN376: 0 | AO376: 0 | AP376: 0 | AQ376: 0 | AR376: 0 | AS376: 0 | AT376: 0 | AU376: 0 | AV376: 0 | AW376: 0 | AX376: 0 | AY376: 0 | AZ376: 0 | BA376: 0 | BB376: 0 | BC376: 0 | BD376: 0 | BE376: 0 | BF376: 0 | BG376: 0 | BH376: 0 | BI376: 0 | BJ376: 0 | BK376: 0 | BL376: 0 | BM376: 0 | BN376: 0 | BO376: 0 | BP376: 0 | BQ376: 0 | BR376: 0 | BS376: 0 | BT376: 0 | BU376: 0 | BV376: 0 | BW376: 0 | BX376: 0 | BY376: 0 | BZ376: 0
D377: 0 | E377: 0 | F377: 0 | G377: 0 | H377: 0 | I377: 0 | J377: 0 | K377: 0 | L377: 0 | M377: 0 | N377: 0 | O377: 0 | P377: 0 | Q377: 0 | R377: 0 | S377: 0 | T377: 0 | U377: 0 | V377: 0 | W377: 0 | X377: 0 | Y377: 0 | Z377: 0 | AA377: 0 | AB377: 0 | AC377: 0 | AD377: 0 | AE377: 0 | AF377: 0 | AG377: 0 | AH377: 0 | AI377: 0 | AJ377: 0 | AK377: 0 | AL377: 0 | AM377: 0 | AN377: 0 | AO377: 0 | AP377: 0 | AQ377: 0 | AR377: 0 | AS377: 0 | AT377: 0 | AU377: 0 | AV377: 0 | AW377: 0 | AX377: 0 | AY377: 0 | AZ377: 0 | BA377: 0 | BB377: 0 | BC377: 0 | BD377: 0 | BE377: 0 | BF377: 0 | BG377: 0 | BH377: 0 | BI377: 0 | BJ377: 0 | BK377: 0 | BL377: 0 | BM377: 0 | BN377: 0 | BO377: 0 | BP377: 0 | BQ377: 0 | BR377: 0 | BS377: 0 | BT377: 0 | BU377: 0 | BV377: 0 | BW377: 0 | BX377: 0 | BY377: 0 | BZ377: 0
D378: 0 | E378: 0 | F378: 0 | G378: 0 | H378: 0 | I378: 0 | J378: 0 | K378: 0 | L378: 0 | M378: 0 | N378: 0 | O378: 0 | P378: 0 | Q378: 0 | R378: 0 | S378: 0 | T378: 0 | U378: 0 | V378: 0 | W378: 0 | X378: 0 | Y378: 0 | Z378: 0 | AA378: 0 | AB378: 0 | AC378: 0 | AD378: 0 | AE378: 0 | AF378: 0 | AG378: 0 | AH378: 0 | AI378: 0 | AJ378: 0 | AK378: 0 | AL378: 0 | AM378: 0 | AN378: 0 | AO378: 0 | AP378: 0 | AQ378: 0 | AR378: 0 | AS378: 0 | AT378: 0 | AU378: 0 | AV378: 0 | AW378: 0 | AX378: 0 | AY378: 0 | AZ378: 0 | BA378: 0 | BB378: 0 | BC378: 0 | BD378: 0 | BE378: 0 | BF378: 0 | BG378: 0 | BH378: 0 | BI378: 0 | BJ378: 0 | BK378: 0 | BL378: 0 | BM378: 0 | BN378: 0 | BO378: 0 | BP378: 0 | BQ378: 0 | BR378: 0 | BS378: 0 | BT378: 0 | BU378: 0 | BV378: 0 | BW378: 0 | BX378: 0 | BY378: 0 | BZ378: 0
D379: 0 | E379: 0 | F379: 0 | G379: 0 | H379: 0 | I379: 0 | J379: 0 | K379: 0 | L379: 0 | M379: 0 | N379: 0 | O379: 0 | P379: 0 | Q379: 0 | R379: 0 | S379: 0 | T379: 0 | U379: 0 | V379: 0 | W379: 0 | X379: 0 | Y379: 0 | Z379: 0 | AA379: 0 | AB379: 0 | AC379: 0 | AD379: 0 | AE379: 0 | AF379: 0 | AG379: 0 | AH379: 0 | AI379: 0 | AJ379: 0 | AK379: 0 | AL379: 0 | AM379: 0 | AN379: 0 | AO379: 0 | AP379: 0 | AQ379: 0 | AR379: 0 | AS379: 0 | AT379: 0 | AU379: 0 | AV379: 0 | AW379: 0 | AX379: 0 | AY379: 0 | AZ379: 0 | BA379: 0 | BB379: 0 | BC379: 0 | BD379: 0 | BE379: 0 | BF379: 0 | BG379: 0 | BH379: 0 | BI379: 0 | BJ379: 0 | BK379: 0 | BL379: 0 | BM379: 0 | BN379: 0 | BO379: 0 | BP379: 0 | BQ379: 0 | BR379: 0 | BS379: 0 | BT379: 0 | BU379: 0 | BV379: 0 | BW379: 0 | BX379: 0 | BY379: 0 | BZ379: 0
D380: 0 | E380: 0 | F380: 0 | G380: 0 | H380: 0 | I380: 0 | J380: 0 | K380: 0 | L380: 0 | M380: 0 | N380: 0 | O380: 0 | P380: 0 | Q380: 0 | R380: 0 | S380: 0 | T380: 0 | U380: 0 | V380: 0 | W380: 0 | X380: 0 | Y380: 0 | Z380: 0 | AA380: 0 | AB380: 0 | AC380: 0 | AD380: 0 | AE380: 0 | AF380: 0 | AG380: 0 | AH380: 0 | AI380: 0 | AJ380: 0 | AK380: 0 | AL380: 0 | AM380: 0 | AN380: 0 | AO380: 0 | AP380: 0 | AQ380: 0 | AR380: 0 | AS380: 0 | AT380: 0 | AU380: 0 | AV380: 0 | AW380: 0 | AX380: 0 | AY380: 0 | AZ380: 0 | BA380: 0 | BB380: 0 | BC380: 0 | BD380: 0 | BE380: 0 | BF380: 0 | BG380: 0 | BH380: 0 | BI380: 0 | BJ380: 0 | BK380: 0 | BL380: 0 | BM380: 0 | BN380: 0 | BO380: 0 | BP380: 0 | BQ380: 0 | BR380: 0 | BS380: 0 | BT380: 0 | BU380: 0 | BV380: 0 | BW380: 0 | BX380: 0 | BY380: 0 | BZ380: 0
D381: 0 | E381: 0 | F381: 0 | G381: 0 | H381: 0 | I381: 0 | J381: 0 | K381: 0 | L381: 0 | M381: 0 | N381: 0 | O381: 0 | P381: 0 | Q381: 0 | R381: 0 | S381: 0 | T381: 0 | U381: 0 | V381: 0 | W381: 0 | X381: 0 | Y381: 0 | Z381: 0 | AA381: 0 | AB381: 0 | AC381: 0 | AD381: 0 | AE381: 0 | AF381: 0 | AG381: 0 | AH381: 0 | AI381: 0 | AJ381: 0 | AK381: 0 | AL381: 0 | AM381: 0 | AN381: 0 | AO381: 0 | AP381: 0 | AQ381: 0 | AR381: 0 | AS381: 0 | AT381: 0 | AU381: 0 | AV381: 0 | AW381: 0 | AX381: 0 | AY381: 0 | AZ381: 0 | BA381: 0 | BB381: 0 | BC381: 0 | BD381: 0 | BE381: 0 | BF381: 0 | BG381: 0 | BH381: 0 | BI381: 0 | BJ381: 0 | BK381: 0 | BL381: 0 | BM381: 0 | BN381: 0 | BO381: 0 | BP381: 0 | BQ381: 0 | BR381: 0 | BS381: 0 | BT381: 0 | BU381: 0 | BV381: 0 | BW381: 0 | BX381: 0 | BY381: 0 | BZ381: 0
D382: 0 | E382: 0 | F382: 0 | G382: 0 | H382: 0 | I382: 0 | J382: 0 | K382: 0 | L382: 0 | M382: 0 | N382: 0 | O382: 0 | P382: 0 | Q382: 0 | R382: 0 | S382: 0 | T382: 0 | U382: 0 | V382: 0 | W382: 0 | X382: 0 | Y382: 0 | Z382: 0 | AA382: 0 | AB382: 0 | AC382: 0 | AD382: 0 | AE382: 0 | AF382: 0 | AG382: 0 | AH382: 0 | AI382: 0 | AJ382: 0 | AK382: 0 | AL382: 0 | AM382: 0 | AN382: 0 | AO382: 0 | AP382: 0 | AQ382: 0 | AR382: 0 | AS382: 0 | AT382: 0 | AU382: 0 | AV382: 0 | AW382: 0 | AX382: 0 | AY382: 0 | AZ382: 0 | BA382: 0 | BB382: 0 | BC382: 0 | BD382: 0 | BE382: 0 | BF382: 0 | BG382: 0 | BH382: 0 | BI382: 0 | BJ382: 0 | BK382: 0 | BL382: 0 | BM382: 0 | BN382: 0 | BO382: 0 | BP382: 0 | BQ382: 0 | BR382: 0 | BS382: 0 | BT382: 0 | BU382: 0 | BV382: 0 | BW382: 0 | BX382: 0 | BY382: 0 | BZ382: 0
... D443: 0 | E443: 0 | F443: 0 | G443: 0 | H443: 0 | I443: 0 | J443: 0 | K443: 0 | L443: 0 | M443: 0 | N443: 0 | O443: 0 | P443: 0 | Q443: 0 | R443: 0 | S443: 0 | T443: 0 | U443: 0 | V443: 0 | W443: 0 | X443: 0 | Y443: 0 | Z443: 0 | AA443: 0 | AB443: 0 | AC443: 0 | AD443: 0 | AE443: 0 | AF443: 0 | AG443: 0 | AH443: 0 | AI443: 0 | AJ443: 0 | AK443: 0 | AL443: 0 | AM443: 0 | AN443: 0 | AO443: 0 | AP443: 0 | AQ443: 0 | AR443: 0 | AS443: 0 | AT443: 0 | AU443: 0 | AV443: 0 | AW443: 0 | AX443: 0 | AY443: 0 | AZ443: 0 | BA443: 0 | BB443: 0 | BC443: 0 | BD443: 0 | BE443: 0 | BF443: 0 | BG443: 0 | BH443: 0 | BI443: 0 | BJ443: 0 | BK443: 0 | BL443: 0 | BM443: 0 | BN443: 0 | BO443: 0 | BP443: 0 | BQ443: 0 | BR443: 0 | BS443: 0 | BT443: 0 | BU443: 0 | BV443: 0 | BW443: 0 | BX443: 0 | BY443: 0 | BZ443: 0
